Workbook

Sheet Retail Media Investment Case
B2: RETAIL MEDIA INVESTMENT CASE
B8: DATA ASSET VALUATION | F8: RETAIL MEDIA INVENTORY: IMPRESSIONS | O8: RETAIL MEDIA INVENTORY VALUE | U8: RETAIL MEDIA PROJECTED SALES | AB8: OPERATING PROFIT FROM RETAIL MEDIA | AI8: BALANCE PROJECTION
G9: =IFERROR(VLOOKUP(2025, $E:$E, 1, FALSE), "") | H9: =IFERROR(VLOOKUP(2026, $E:$E, 1, FALSE), "") -> 2026 | I9: =IFERROR(VLOOKUP(2027, $E:$E, 1, FALSE), "") -> 2027 | J9: =IFERROR(VLOOKUP(2028, $E:$E, 1, FALSE), "") -> 2028 | K9: =IFERROR(VLOOKUP(2029, $E:$E, 1, FALSE), "") | O9: =G9 | P9: =H9 -> 2026 | Q9: =I9 -> 2027 | R9: =J9 -> 2028 | S9: =K9 | U9: =G9 | V9: =H9 -> 2026 | W9: =I9 -> 2027 | X9: =J9 -> 2028 | Y9: =K9 | AB9: =G9 | AC9: =H9 -> 2026 | AD9: =I9 -> 2027 | AE9: =J9 -> 2028 | AF9: =K9 | AI9: =G9 | AK9: =H9 -> 2026 | AM9: =I9 -> 2027 | AO9: =J9 -> 2028 | AP9: =K9
B10: =Variables!B3*AE10 -> 688977.87 | G10: =IF(LEN(G9)=0, "", SUMIFS($L$15:$L$1048576, $E$15:$E$1048576, G9)) | H10: =IF(LEN(H9)=0, "", SUMIFS($L$15:$L$1048576, $E$15:$E$1048576, H9)) -> 27650928 | I10: =IF(LEN(I9)=0, "", SUMIFS($L$15:$L$1048576, $E$15:$E$1048576, I9)) -> 29356377 | J10: =IF(LEN(J9)=0, "", SUMIFS($L$15:$L$1048576, $E$15:$E$1048576, J9)) -> 31167014 | K10: =IF(LEN(K9)=0, "", SUMIFS($L$15:$L$1048576, $E$15:$E$1048576, K9)) | O10: =IF(LEN(O9)=0, "", SUMIFS($R$15:$R$1048576, $E$15:$E$1048576, O9)) | P10: =IF(LEN(P9)=0, "", SUMIFS($R$15:$R$1048576, $E$15:$E$1048576, P9)) -> 299461.76 | Q10: =IF(LEN(Q9)=0, "", SUMIFS($R$15:$R$1048576, $E$15:$E$1048576, Q9)) -> 317931.91 | R10: =IF(LEN(R9)=0, "", SUMIFS($R$15:$R$1048576, $E$15:$E$1048576, R9)) -> 337541.25 | S10: =IF(LEN(S9)=0, "", SUMIFS($R$15:$R$1048576, $E$15:$E$1048576, S9)) | U10: =IF(LEN(U9)=0, "", SUMIFS($Y$15:$Y$1048576, $E$15:$E$1048576, U9)) | V10: =IF(LEN(V9)=0, "", SUMIFS($Y$15:$Y$1048576, $E$15:$E$1048576, V9)) -> 31621.459 | W10: =IF(LEN(W9)=0, "", SUMIFS($Y$15:$Y$1048576, $E$15:$E$1048576, W9)) -> 71723.631 | X10: =IF(LEN(X9)=0, "", SUMIFS($Y$15:$Y$1048576, $E$15:$E$1048576, X9)) -> 116652.34 | Y10: =IF(LEN(Y9)=0, "", SUMIFS($Y$15:$Y$1048576, $E$15:$E$1048576, Y9)) | AB10: =IF(LEN(AB9)=0, "", SUMIFS($AF$15:$AF$1048576, $E$15:$E$1048576, AB9)) | AC10: =IF(LEN(AC9)=0, "", SUMIFS($AF$15:$AF$1048576, $E$15:$E$1048576, AC9)) -> 17787.071 | AD10: =IF(LEN(AD9)=0, "", SUMIFS($AF$15:$AF$1048576, $E$15:$E$1048576, AD9)) -> 40344.542 | AE10: =IF(LEN(AE9)=0, "", SUMIFS($AF$15:$AF$1048576, $E$15:$E$1048576, AE9)) -> 65616.94 | AF10: =IF(LEN(AF9)=0, "", SUMIFS($AF$15:$AF$1048576, $E$15:$E$1048576, AF9)) | AI10: =IF(LEN(AI9)=0, "", SUMIFS($AO$15:$AO$1048576, $E$15:$E$1048576, AI9)) | AK10: =IF(LEN(AK9)=0, "", SUMIFS($AO$15:$AO$1048576, $E$15:$E$1048576, AK9)) -> -38717.833 | AM10: =IF(LEN(AM9)=0, "", SUMIFS($AO$15:$AO$1048576, $E$15:$E$1048576, AM9)) -> -14816.874 | AO10: =IF(LEN(AO9)=0, "", SUMIFS($AO$15:$AO$1048576, $E$15:$E$1048576, AO9)) -> -17735.747 | AP10: =IF(LEN(AP9)=0, "", SUMIFS($AO$15:$AO$1048576, $E$15:$E$1048576, AP9))
B12: Year / Month | F12: MONTHY REACH UNIQUE | I12: POTENTIAL IMPRESSIONS: IN-STORE | J12: POTENTIAL IMPRESSIONS: ON-SITE | K12: POTENTIAL IMPRESSIONS: OFF-SITE | L12: TOTAL POTENTIAL IMPRESSIONS | M12: Evolution | O12: POTENTIAL MEDIA VALUE | R12: TOTAL POTENTIAL VALUE | S12: Evolution | U12: Velocity | V12: Sales/Month IN-STORE | W12: Sales/Month ON-SITE | X12: Sales / Month OFF-SITE | Y12: TOTAL PROJECTED SALES | Z12: Evolution | AB12: Commisions to Media Agency: 20% - applied to approx. 50% of total revenues | AC12: Cost of Sales: 10% off Gross Sales after Commisions (5% if Lead Gen by Commercial Dep) | AD12: Cost of Campaign Management: 5% off Gross Sales excl. Rebates | AE12: Cost of Platform: 25% off Gross Sales excl. Rebates | AF12: OPERATING PROFIT | AG12: Evolution | AI12: SOFTWARE SETUP & INTEGRATIONS | AJ12: CLOUD & PROCESSING COSTS | AK12: FTE CONSUMPTION: COMMERCIAL | AL12: FTE CONSUMPTION: MARKETING | AM12: FTE CONSUMPTION: IT & DIGITAL | AN12: MEDIA INFRASTRUCTURE INVESTMENT | AO12: BALANCE | AP12: Evolution
F13: IN-STORE: Digital Screens, In-Store Radio | G13: ON-SITE: Website, Mobile App | H13: OFF-SITE: Social Media, Direct Comms | O13: =F13 -> IN-STORE: Digital Screens, In-Store Radio | P13: =G13 -> ON-SITE: Website, Mobile App | Q13: =H13 -> OFF-SITE: Social Media, Direct Comms
O14: =Variables!B11 -> 16 | P14: =Variables!B12 -> 12 | Q14: =Variables!B13 -> 8 | V14: % Total Potential Sales
C15: =DATE(YEAR(Variables!B31),MONTH(Variables!B31),DAY(Variables!B31)) -> 46023 | D15: =IFERROR(IF(ISNUMBER(E15),0,1),"") -> 0 | E15: =IFERROR(YEAR(C15),"") -> 2026 | F15: =Variables!B4 -> 263196 | G15: =Variables!B5 -> 3387 | H15: =Variables!B6 -> 144520 | I15: =IFERROR((F15*Variables!$B$8),"") -> 789588 | J15: =IFERROR((G15*Variables!$B$9),"") -> 6774 | K15: =IFERROR((H15*Variables!$B$10),"") -> 1445200 | L15: =IFERROR(SUM(I15:K15),"") -> 2241562 | O15: =IFERROR(I15/1000*$O$14,"") -> 12633.408 | P15: =IFERROR(J15/1000*$P$14,"") -> 81.288 | Q15: =IFERROR(K15/1000*$Q$14,"") -> 11561.6 | R15: =SUM(O15:Q15) -> 24276.296 | U15: =IFERROR(Variables!B14,"") -> 0.05 | V15: =IFERROR(O15*U15,"") -> 631.6704 | W15: =IFERROR(P15*U15,"") -> 4.0644 | X15: =IFERROR(Q15*U15,"") -> 578.08 | Y15: =SUM(V15:X15) -> 1213.8148 | AB15: =-Y15*Variables!$B$16 -> -121.38148 | AC15: =-SUM(Y15,AB15)*Variables!$B$17 -> -81.932499 | AD15: =-SUM(Y15,AB15)*Variables!$B$18 -> -54.621666 | AE15: =-SUM(Y15,AB15)*0.25 -> -273.10833 | AF15: =Y15+SUM(AB15:AE15) -> 682.77083 | AI15: =-Variables!B20 -> -20000 | AJ15: =-Variables!B21 -> -2500 | AK15: =Variables!B23 -> 0 | AL15: =Variables!B25 -> 0 | AM15: =Variables!B27 -> 0 | AN15: =Variables!B29 -> 0 | AO15: =IFERROR(AF15+(SUM(AI15:AN15)),0) -> -21817.229
C16: =IF(C15<EDATE(Variables!B$31,Variables!B$32-1),EDATE(C15,1),"") -> 46054 | D16: =IFERROR(IF(ISNUMBER(E16),0,1),"") -> 0 | E16: =IFERROR(YEAR(C16),"") -> 2026 | F16: =IF(D16=0,F15*Variables!$B$7,"") -> 264511.98 | G16: =IF(D16=0,G15*Variables!$B$7,"") -> 3403.935 | H16: =IF(D16=0,H15*Variables!$B$7,"") -> 145242.6 | I16: =IFERROR((F16*Variables!$B$8),"") -> 793535.94 | J16: =IFERROR((G16*Variables!$B$9),"") -> 6807.87 | K16: =IFERROR((H16*Variables!$B$10),"") -> 1452426 | L16: =IFERROR(SUM(I16:K16),"") -> 2252769.8 | O16: =IFERROR(I16/1000*$O$14,"") -> 12696.575 | P16: =IFERROR(J16/1000*$P$14,"") -> 81.69444 | Q16: =IFERROR(K16/1000*$Q$14,"") -> 11619.408 | R16: =SUM(O16:Q16) -> 24397.677 | U16: =IFERROR(U15+Variables!$B$15,"") -> 0.06 | V16: =IFERROR(O16*U16,"") -> 761.7945 | W16: =IFERROR(P16*U16,"") -> 4.9016664 | X16: =IFERROR(Q16*U16,"") -> 697.16448 | Y16: =SUM(V16:X16) -> 1463.8606 | AB16: =-Y16*Variables!$B$16 -> -146.38606 | AC16: =-SUM(Y16,AB16)*Variables!$B$17 -> -98.810594 | AD16: =-SUM(Y16,AB16)*Variables!$B$18 -> -65.873729 | AE16: =-SUM(Y16,AB16)*0.25 -> -329.36865 | AF16: =Y16+SUM(AB16:AE16) -> 823.42161 | AI16: 0 | AJ16: =IF(D16=0,AJ15*Variables!$B$22,"") -> -2587.5 | AK16: =IF(D16=0,AK15*Variables!$B$24,"") -> 0 | AL16: =IF(D16=0,AL15*Variables!$B$26,"") -> 0 | AM16: =IF(D16=0,AM15*Variables!$B$28,"") -> 0 | AN16: =IF(D16=0,AN15+Variables!$B$30,"") -> 0 | AO16: =IFERROR(AF16+(SUM(AI16:AN16)),0) -> -1764.0784
C17: =IF(C16<EDATE(Variables!B$31,Variables!B$32-1),EDATE(C16,1),"") -> 46082 | D17: =IFERROR(IF(ISNUMBER(E17),0,1),"") -> 0 | E17: =IFERROR(YEAR(C17),"") -> 2026 | F17: =IF(D17=0,F16*Variables!$B$7,"") -> 265834.54 | G17: =IF(D17=0,G16*Variables!$B$7,"") -> 3420.9547 | H17: =IF(D17=0,H16*Variables!$B$7,"") -> 145968.81 | I17: =IFERROR((F17*Variables!$B$8),"") -> 797503.62 | J17: =IFERROR((G17*Variables!$B$9),"") -> 6841.9093 | K17: =IFERROR((H17*Variables!$B$10),"") -> 1459688.1 | L17: =IFERROR(SUM(I17:K17),"") -> 2264033.7 | O17: =IFERROR(I17/1000*$O$14,"") -> 12760.058 | P17: =IFERROR(J17/1000*$P$14,"") -> 82.102912 | Q17: =IFERROR(K17/1000*$Q$14,"") -> 11677.505 | R17: =SUM(O17:Q17) -> 24519.666 | U17: =IFERROR(U16+Variables!$B$15,"") -> 0.07 | V17: =IFERROR(O17*U17,"") -> 893.20405 | W17: =IFERROR(P17*U17,"") -> 5.7472039 | X17: =IFERROR(Q17*U17,"") -> 817.42535 | Y17: =SUM(V17:X17) -> 1716.3766 | AB17: =-Y17*Variables!$B$16 -> -171.63766 | AC17: =-SUM(Y17,AB17)*Variables!$B$17 -> -115.85542 | AD17: =-SUM(Y17,AB17)*Variables!$B$18 -> -77.236947 | AE17: =-SUM(Y17,AB17)*0.25 -> -386.18474 | AF17: =Y17+SUM(AB17:AE17) -> 965.46184 | AI17: 0 | AJ17: =IF(D17=0,AJ16*Variables!$B$22,"") -> -2678.0625 | AK17: =IF(D17=0,AK16*Variables!$B$24,"") -> 0 | AL17: =IF(D17=0,AL16*Variables!$B$26,"") -> 0 | AM17: =IF(D17=0,AM16*Variables!$B$28,"") -> 0 | AN17: =IF(D17=0,AN16+Variables!$B$30,"") -> 0 | AO17: =IFERROR(AF17+(SUM(AI17:AN17)),0) -> -1712.6007
C18: =IF(C17<EDATE(Variables!B$31,Variables!B$32-1),EDATE(C17,1),"") -> 46113 | D18: =IFERROR(IF(ISNUMBER(E18),0,1),"") -> 0 | E18: =IFERROR(YEAR(C18),"") -> 2026 | F18: =IF(D18=0,F17*Variables!$B$7,"") -> 267163.71 | G18: =IF(D18=0,G17*Variables!$B$7,"") -> 3438.0594 | H18: =IF(D18=0,H17*Variables!$B$7,"") -> 146698.66 | I18: =IFERROR((F18*Variables!$B$8),"") -> 801491.14 | J18: =IFERROR((G18*Variables!$B$9),"") -> 6876.1189 | K18: =IFERROR((H18*Variables!$B$10),"") -> 1466986.6 | L18: =IFERROR(SUM(I18:K18),"") -> 2275353.8 | O18: =IFERROR(I18/1000*$O$14,"") -> 12823.858 | P18: =IFERROR(J18/1000*$P$14,"") -> 82.513427 | Q18: =IFERROR(K18/1000*$Q$14,"") -> 11735.893 | R18: =SUM(O18:Q18) -> 24642.264 | U18: =IFERROR(U17+Variables!$B$15,"") -> 0.08 | V18: =IFERROR(O18*U18,"") -> 1025.9087 | W18: =IFERROR(P18*U18,"") -> 6.6010741 | X18: =IFERROR(Q18*U18,"") -> 938.87141 | Y18: =SUM(V18:X18) -> 1971.3811 | AB18: =-Y18*Variables!$B$16 -> -197.13811 | AC18: =-SUM(Y18,AB18)*Variables!$B$17 -> -133.06823 | AD18: =-SUM(Y18,AB18)*Variables!$B$18 -> -88.712151 | AE18: =-SUM(Y18,AB18)*0.25 -> -443.56076 | AF18: =Y18+SUM(AB18:AE18) -> 1108.9019 | AI18: 0 | AJ18: =IF(D18=0,AJ17*Variables!$B$22,"") -> -2771.7947 | AK18: =IF(D18=0,AK17*Variables!$B$24,"") -> 0 | AL18: =IF(D18=0,AL17*Variables!$B$26,"") -> 0 | AM18: =IF(D18=0,AM17*Variables!$B$28,"") -> 0 | AN18: =IF(D18=0,AN17+Variables!$B$30,"") -> 0 | AO18: =IFERROR(AF18+(SUM(AI18:AN18)),0) -> -1662.8928
C19: =IF(C18<EDATE(Variables!B$31,Variables!B$32-1),EDATE(C18,1),"") -> 46143 | D19: =IFERROR(IF(ISNUMBER(E19),0,1),"") -> 0 | E19: =IFERROR(YEAR(C19),"") -> 2026 | F19: =IF(D19=0,F18*Variables!$B$7,"") -> 268499.53 | G19: =IF(D19=0,G18*Variables!$B$7,"") -> 3455.2497 | H19: =IF(D19=0,H18*Variables!$B$7,"") -> 147432.15 | I19: =IFERROR((F19*Variables!$B$8),"") -> 805498.59 | J19: =IFERROR((G19*Variables!$B$9),"") -> 6910.4995 | K19: =IFERROR((H19*Variables!$B$10),"") -> 1474321.5 | L19: =IFERROR(SUM(I19:K19),"") -> 2286730.6 | O19: =IFERROR(I19/1000*$O$14,"") -> 12887.977 | P19: =IFERROR(J19/1000*$P$14,"") -> 82.925994 | Q19: =IFERROR(K19/1000*$Q$14,"") -> 11794.572 | R19: =SUM(O19:Q19) -> 24765.476 | U19: =IFERROR(U18+Variables!$B$15,"") -> 0.09 | V19: =IFERROR(O19*U19,"") -> 1159.918 | W19: =IFERROR(P19*U19,"") -> 7.4633395 | X19: =IFERROR(Q19*U19,"") -> 1061.5115 | Y19: =SUM(V19:X19) -> 2228.8928 | AB19: =-Y19*Variables!$B$16 -> -222.88928 | AC19: =-SUM(Y19,AB19)*Variables!$B$17 -> -150.45026 | AD19: =-SUM(Y19,AB19)*Variables!$B$18 -> -100.30018 | AE19: =-SUM(Y19,AB19)*0.25 -> -501.50088 | AF19: =Y19+SUM(AB19:AE19) -> 1253.7522 | AI19: 0 | AJ19: =IF(D19=0,AJ18*Variables!$B$22,"") -> -2868.8075 | AK19: =IF(D19=0,AK18*Variables!$B$24,"") -> 0 | AL19: =IF(D19=0,AL18*Variables!$B$26,"") -> 0 | AM19: =IF(D19=0,AM18*Variables!$B$28,"") -> 0 | AN19: =IF(D19=0,AN18+Variables!$B$30,"") -> 0 | AO19: =IFERROR(AF19+(SUM(AI19:AN19)),0) -> -1615.0553
C20: =IF(C19<EDATE(Variables!B$31,Variables!B$32-1),EDATE(C19,1),"") -> 46174 | D20: =IFERROR(IF(ISNUMBER(E20),0,1),"") -> 0 | E20: =IFERROR(YEAR(C20),"") -> 2026 | F20: =IF(D20=0,F19*Variables!$B$7,"") -> 269842.03 | G20: =IF(D20=0,G19*Variables!$B$7,"") -> 3472.526 | H20: =IF(D20=0,H19*Variables!$B$7,"") -> 148169.31 | I20: =IFERROR((F20*Variables!$B$8),"") -> 809526.09 | J20: =IFERROR((G20*Variables!$B$9),"") -> 6945.052 | K20: =IFERROR((H20*Variables!$B$10),"") -> 1481693.1 | L20: =IFERROR(SUM(I20:K20),"") -> 2298164.2 | O20: =IFERROR(I20/1000*$O$14,"") -> 12952.417 | P20: =IFERROR(J20/1000*$P$14,"") -> 83.340624 | Q20: =IFERROR(K20/1000*$Q$14,"") -> 11853.545 | R20: =SUM(O20:Q20) -> 24889.303 | U20: =IFERROR(U19+Variables!$B$15,"") -> 0.1 | V20: =IFERROR(O20*U20,"") -> 1295.2417 | W20: =IFERROR(P20*U20,"") -> 8.3340624 | X20: =IFERROR(Q20*U20,"") -> 1185.3545 | Y20: =SUM(V20:X20) -> 2488.9303 | AB20: =-Y20*Variables!$B$16 -> -248.89303 | AC20: =-SUM(Y20,AB20)*Variables!$B$17 -> -168.00279 | AD20: =-SUM(Y20,AB20)*Variables!$B$18 -> -112.00186 | AE20: =-SUM(Y20,AB20)*0.25 -> -560.00932 | AF20: =Y20+SUM(AB20:AE20) -> 1400.0233 | AI20: 0 | AJ20: =IF(D20=0,AJ19*Variables!$B$22,"") -> -2969.2158 | AK20: =IF(D20=0,AK19*Variables!$B$24,"") -> 0 | AL20: =IF(D20=0,AL19*Variables!$B$26,"") -> 0 | AM20: =IF(D20=0,AM19*Variables!$B$28,"") -> 0 | AN20: =IF(D20=0,AN19+Variables!$B$30,"") -> 0 | AO20: =IFERROR(AF20+(SUM(AI20:AN20)),0) -> -1569.1925
C21: =IF(C20<EDATE(Variables!B$31,Variables!B$32-1),EDATE(C20,1),"") -> 46204 | D21: =IFERROR(IF(ISNUMBER(E21),0,1),"") -> 0 | E21: =IFERROR(YEAR(C21),"") -> 2026 | F21: =IF(D21=0,F20*Variables!$B$7,"") -> 271191.24 | G21: =IF(D21=0,G20*Variables!$B$7,"") -> 3489.8886 | H21: =IF(D21=0,H20*Variables!$B$7,"") -> 148910.16 | I21: =IFERROR((F21*Variables!$B$8),"") -> 813573.72 | J21: =IFERROR((G21*Variables!$B$9),"") -> 6979.7772 | K21: =IFERROR((H21*Variables!$B$10),"") -> 1489101.6 | L21: =IFERROR(SUM(I21:K21),"") -> 2309655.1 | O21: =IFERROR(I21/1000*$O$14,"") -> 13017.179 | P21: =IFERROR(J21/1000*$P$14,"") -> 83.757327 | Q21: =IFERROR(K21/1000*$Q$14,"") -> 11912.813 | R21: =SUM(O21:Q21) -> 25013.749 | U21: =IFERROR(U20+Variables!$B$15,"") -> 0.11 | V21: =IFERROR(O21*U21,"") -> 1431.8897 | W21: =IFERROR(P21*U21,"") -> 9.213306 | X21: =IFERROR(Q21*U21,"") -> 1310.4094 | Y21: =SUM(V21:X21) -> 2751.5124 | AB21: =-Y21*Variables!$B$16 -> -275.15124 | AC21: =-SUM(Y21,AB21)*Variables!$B$17 -> -185.72709 | AD21: =-SUM(Y21,AB21)*Variables!$B$18 -> -123.81806 | AE21: =-SUM(Y21,AB21)*0.25 -> -619.0903 | AF21: =Y21+SUM(AB21:AE21) -> 1547.7257 | AI21: 0 | AJ21: =IF(D21=0,AJ20*Variables!$B$22,"") -> -3073.1383 | AK21: =IF(D21=0,AK20*Variables!$B$24,"") -> 0 | AL21: =IF(D21=0,AL20*Variables!$B$26,"") -> 0 | AM21: =IF(D21=0,AM20*Variables!$B$28,"") -> 0 | AN21: =IF(D21=0,AN20+Variables!$B$30,"") -> 0 | AO21: =IFERROR(AF21+(SUM(AI21:AN21)),0) -> -1525.4126
C22: =IF(C21<EDATE(Variables!B$31,Variables!B$32-1),EDATE(C21,1),"") -> 46235 | D22: =IFERROR(IF(ISNUMBER(E22),0,1),"") -> 0 | E22: =IFERROR(YEAR(C22),"") -> 2026 | F22: =IF(D22=0,F21*Variables!$B$7,"") -> 272547.2 | G22: =IF(D22=0,G21*Variables!$B$7,"") -> 3507.3381 | H22: =IF(D22=0,H21*Variables!$B$7,"") -> 149654.71 | I22: =IFERROR((F22*Variables!$B$8),"") -> 817641.59 | J22: =IFERROR((G22*Variables!$B$9),"") -> 7014.6761 | K22: =IFERROR((H22*Variables!$B$10),"") -> 1496547.1 | L22: =IFERROR(SUM(I22:K22),"") -> 2321203.3 | O22: =IFERROR(I22/1000*$O$14,"") -> 13082.265 | P22: =IFERROR(J22/1000*$P$14,"") -> 84.176114 | Q22: =IFERROR(K22/1000*$Q$14,"") -> 11972.377 | R22: =SUM(O22:Q22) -> 25138.818 | U22: =IFERROR(U21+Variables!$B$15,"") -> 0.12 | V22: =IFERROR(O22*U22,"") -> 1569.8718 | W22: =IFERROR(P22*U22,"") -> 10.101134 | X22: =IFERROR(Q22*U22,"") -> 1436.6852 | Y22: =SUM(V22:X22) -> 3016.6582 | AB22: =-Y22*Variables!$B$16 -> -301.66582 | AC22: =-SUM(Y22,AB22)*Variables!$B$17 -> -203.62443 | AD22: =-SUM(Y22,AB22)*Variables!$B$18 -> -135.74962 | AE22: =-SUM(Y22,AB22)*0.25 -> -678.74809 | AF22: =Y22+SUM(AB22:AE22) -> 1696.8702 | AI22: 0 | AJ22: =IF(D22=0,AJ21*Variables!$B$22,"") -> -3180.6982 | AK22: =IF(D22=0,AK21*Variables!$B$24,"") -> 0 | AL22: =IF(D22=0,AL21*Variables!$B$26,"") -> 0 | AM22: =IF(D22=0,AM21*Variables!$B$28,"") -> 0 | AN22: =IF(D22=0,AN21+Variables!$B$30,"") -> 0 | AO22: =IFERROR(AF22+(SUM(AI22:AN22)),0) -> -1483.8279
C23: =IF(C22<EDATE(Variables!B$31,Variables!B$32-1),EDATE(C22,1),"") -> 46266 | D23: =IFERROR(IF(ISNUMBER(E23),0,1),"") -> 0 | E23: =IFERROR(YEAR(C23),"") -> 2026 | F23: =IF(D23=0,F22*Variables!$B$7,"") -> 273909.93 | G23: =IF(D23=0,G22*Variables!$B$7,"") -> 3524.8748 | H23: =IF(D23=0,H22*Variables!$B$7,"") -> 150402.98 | I23: =IFERROR((F23*Variables!$B$8),"") -> 821729.79 | J23: =IFERROR((G23*Variables!$B$9),"") -> 7049.7495 | K23: =IFERROR((H23*Variables!$B$10),"") -> 1504029.8 | L23: =IFERROR(SUM(I23:K23),"") -> 2332809.4 | O23: =IFERROR(I23/1000*$O$14,"") -> 13147.677 | P23: =IFERROR(J23/1000*$P$14,"") -> 84.596994 | Q23: =IFERROR(K23/1000*$Q$14,"") -> 12032.239 | R23: =SUM(O23:Q23) -> 25264.512 | U23: =IFERROR(U22+Variables!$B$15,"") -> 0.13 | V23: =IFERROR(O23*U23,"") -> 1709.198 | W23: =IFERROR(P23*U23,"") -> 10.997609 | X23: =IFERROR(Q23*U23,"") -> 1564.191 | Y23: =SUM(V23:X23) -> 3284.3866 | AB23: =-Y23*Variables!$B$16 -> -328.43866 | AC23: =-SUM(Y23,AB23)*Variables!$B$17 -> -221.69609 | AD23: =-SUM(Y23,AB23)*Variables!$B$18 -> -147.7974 | AE23: =-SUM(Y23,AB23)*0.25 -> -738.98698 | AF23: =Y23+SUM(AB23:AE23) -> 1847.4675 | AI23: 0 | AJ23: =IF(D23=0,AJ22*Variables!$B$22,"") -> -3292.0226 | AK23: =IF(D23=0,AK22*Variables!$B$24,"") -> 0 | AL23: =IF(D23=0,AL22*Variables!$B$26,"") -> 0 | AM23: =IF(D23=0,AM22*Variables!$B$28,"") -> 0 | AN23: =IF(D23=0,AN22+Variables!$B$30,"") -> 0 | AO23: =IFERROR(AF23+(SUM(AI23:AN23)),0) -> -1444.5551
C24: =IF(C23<EDATE(Variables!B$31,Variables!B$32-1),EDATE(C23,1),"") -> 46296 | D24: =IFERROR(IF(ISNUMBER(E24),0,1),"") -> 0 | E24: =IFERROR(YEAR(C24),"") -> 2026 | F24: =IF(D24=0,F23*Variables!$B$7,"") -> 275279.48 | G24: =IF(D24=0,G23*Variables!$B$7,"") -> 3542.4991 | H24: =IF(D24=0,H23*Variables!$B$7,"") -> 151155 | I24: =IFERROR((F24*Variables!$B$8),"") -> 825838.44 | J24: =IFERROR((G24*Variables!$B$9),"") -> 7084.9983 | K24: =IFERROR((H24*Variables!$B$10),"") -> 1511550 | L24: =IFERROR(SUM(I24:K24),"") -> 2344473.4 | O24: =IFERROR(I24/1000*$O$14,"") -> 13213.415 | P24: =IFERROR(J24/1000*$P$14,"") -> 85.019979 | Q24: =IFERROR(K24/1000*$Q$14,"") -> 12092.4 | R24: =SUM(O24:Q24) -> 25390.835 | U24: =IFERROR(U23+Variables!$B$15,"") -> 0.14 | V24: =IFERROR(O24*U24,"") -> 1849.8781 | W24: =IFERROR(P24*U24,"") -> 11.902797 | X24: =IFERROR(Q24*U24,"") -> 1692.936 | Y24: =SUM(V24:X24) -> 3554.7169 | AB24: =-Y24*Variables!$B$16 -> -355.47169 | AC24: =-SUM(Y24,AB24)*Variables!$B$17 -> -239.94339 | AD24: =-SUM(Y24,AB24)*Variables!$B$18 -> -159.96226 | AE24: =-SUM(Y24,AB24)*0.25 -> -799.8113 | AF24: =Y24+SUM(AB24:AE24) -> 1999.5282 | AI24: 0 | AJ24: =IF(D24=0,AJ23*Variables!$B$22,"") -> -3407.2434 | AK24: =IF(D24=0,AK23*Variables!$B$24,"") -> 0 | AL24: =IF(D24=0,AL23*Variables!$B$26,"") -> 0 | AM24: =IF(D24=0,AM23*Variables!$B$28,"") -> 0 | AN24: =IF(D24=0,AN23+Variables!$B$30,"") -> 0 | AO24: =IFERROR(AF24+(SUM(AI24:AN24)),0) -> -1407.7151
C25: =IF(C24<EDATE(Variables!B$31,Variables!B$32-1),EDATE(C24,1),"") -> 46327 | D25: =IFERROR(IF(ISNUMBER(E25),0,1),"") -> 0 | E25: =IFERROR(YEAR(C25),"") -> 2026 | F25: =IF(D25=0,F24*Variables!$B$7,"") -> 276655.88 | G25: =IF(D25=0,G24*Variables!$B$7,"") -> 3560.2116 | H25: =IF(D25=0,H24*Variables!$B$7,"") -> 151910.77 | I25: =IFERROR((F25*Variables!$B$8),"") -> 829967.63 | J25: =IFERROR((G25*Variables!$B$9),"") -> 7120.4233 | K25: =IFERROR((H25*Variables!$B$10),"") -> 1519107.7 | L25: =IFERROR(SUM(I25:K25),"") -> 2356195.8 | O25: =IFERROR(I25/1000*$O$14,"") -> 13279.482 | P25: =IFERROR(J25/1000*$P$14,"") -> 85.445079 | Q25: =IFERROR(K25/1000*$Q$14,"") -> 12152.862 | R25: =SUM(O25:Q25) -> 25517.789 | U25: =IFERROR(U24+Variables!$B$15,"") -> 0.15 | V25: =IFERROR(O25*U25,"") -> 1991.9223 | W25: =IFERROR(P25*U25,"") -> 12.816762 | X25: =IFERROR(Q25*U25,"") -> 1822.9293 | Y25: =SUM(V25:X25) -> 3827.6683 | AB25: =-Y25*Variables!$B$16 -> -382.76683 | AC25: =-SUM(Y25,AB25)*Variables!$B$17 -> -258.36761 | AD25: =-SUM(Y25,AB25)*Variables!$B$18 -> -172.24508 | AE25: =-SUM(Y25,AB25)*0.25 -> -861.22538 | AF25: =Y25+SUM(AB25:AE25) -> 2153.0634 | AI25: 0 | AJ25: =IF(D25=0,AJ24*Variables!$B$22,"") -> -3526.4969 | AK25: =IF(D25=0,AK24*Variables!$B$24,"") -> 0 | AL25: =IF(D25=0,AL24*Variables!$B$26,"") -> 0 | AM25: =IF(D25=0,AM24*Variables!$B$28,"") -> 0 | AN25: =IF(D25=0,AN24+Variables!$B$30,"") -> 0 | AO25: =IFERROR(AF25+(SUM(AI25:AN25)),0) -> -1373.4335
C26: =IF(C25<EDATE(Variables!B$31,Variables!B$32-1),EDATE(C25,1),"") -> 46357 | D26: =IFERROR(IF(ISNUMBER(E26),0,1),"") -> 0 | E26: =IFERROR(YEAR(C26),"") -> 2026 | F26: =IF(D26=0,F25*Variables!$B$7,"") -> 278039.16 | G26: =IF(D26=0,G25*Variables!$B$7,"") -> 3578.0127 | H26: =IF(D26=0,H25*Variables!$B$7,"") -> 152670.33 | I26: =IFERROR((F26*Variables!$B$8),"") -> 834117.47 | J26: =IFERROR((G26*Variables!$B$9),"") -> 7156.0254 | K26: =IFERROR((H26*Variables!$B$10),"") -> 1526703.3 | L26: =IFERROR(SUM(I26:K26),"") -> 2367976.8 | O26: =IFERROR(I26/1000*$O$14,"") -> 13345.88 | P26: =IFERROR(J26/1000*$P$14,"") -> 85.872304 | Q26: =IFERROR(K26/1000*$Q$14,"") -> 12213.626 | R26: =SUM(O26:Q26) -> 25645.378 | U26: =IFERROR(U25+Variables!$B$15,"") -> 0.16 | V26: =IFERROR(O26*U26,"") -> 2135.3407 | W26: =IFERROR(P26*U26,"") -> 13.739569 | X26: =IFERROR(Q26*U26,"") -> 1954.1802 | Y26: =SUM(V26:X26) -> 4103.2605 | AB26: =-Y26*Variables!$B$16 -> -410.32605 | AC26: =-SUM(Y26,AB26)*Variables!$B$17 -> -276.97008 | AD26: =-SUM(Y26,AB26)*Variables!$B$18 -> -184.64672 | AE26: =-SUM(Y26,AB26)*0.25 -> -923.23361 | AF26: =Y26+SUM(AB26:AE26) -> 2308.084 | AI26: 0 | AJ26: =IF(D26=0,AJ25*Variables!$B$22,"") -> -3649.9243 | AK26: =IF(D26=0,AK25*Variables!$B$24,"") -> 0 | AL26: =IF(D26=0,AL25*Variables!$B$26,"") -> 0 | AM26: =IF(D26=0,AM25*Variables!$B$28,"") -> 0 | AN26: =IF(D26=0,AN25+Variables!$B$30,"") -> 0 | AO26: =IFERROR(AF26+(SUM(AI26:AN26)),0) -> -1341.8403
C27: =IF(C26<EDATE(Variables!B$31,Variables!B$32-1),EDATE(C26,1),"") -> 46388 | D27: =IFERROR(IF(ISNUMBER(E27),0,1),"") -> 0 | E27: =IFERROR(YEAR(C27),"") -> 2027 | F27: =IF(D27=0,F26*Variables!$B$7,"") -> 279429.35 | G27: =IF(D27=0,G26*Variables!$B$7,"") -> 3595.9027 | H27: =IF(D27=0,H26*Variables!$B$7,"") -> 153433.68 | I27: =IFERROR((F27*Variables!$B$8),"") -> 838288.06 | J27: =IFERROR((G27*Variables!$B$9),"") -> 7191.8055 | K27: =IFERROR((H27*Variables!$B$10),"") -> 1534336.8 | L27: =IFERROR(SUM(I27:K27),"") -> 2379816.6 | O27: =IFERROR(I27/1000*$O$14,"") -> 13412.609 | P27: =IFERROR(J27/1000*$P$14,"") -> 86.301666 | Q27: =IFERROR(K27/1000*$Q$14,"") -> 12274.694 | R27: =SUM(O27:Q27) -> 25773.605 | U27: =IFERROR(U26+Variables!$B$15,"") -> 0.17 | V27: =IFERROR(O27*U27,"") -> 2280.1435 | W27: =IFERROR(P27*U27,"") -> 14.671283 | X27: =IFERROR(Q27*U27,"") -> 2086.698 | Y27: =SUM(V27:X27) -> 4381.5128 | AB27: =-Y27*Variables!$B$16 -> -438.15128 | AC27: =-SUM(Y27,AB27)*Variables!$B$17 -> -295.75212 | AD27: =-SUM(Y27,AB27)*Variables!$B$18 -> -197.16808 | AE27: =-SUM(Y27,AB27)*0.25 -> -985.84038 | AF27: =Y27+SUM(AB27:AE27) -> 2464.601 | AI27: 0 | AJ27: =IF(D27=0,AJ26*Variables!$B$22,"") -> -3777.6716 | AK27: =IF(D27=0,AK26*Variables!$B$24,"") -> 0 | AL27: =IF(D27=0,AL26*Variables!$B$26,"") -> 0 | AM27: =IF(D27=0,AM26*Variables!$B$28,"") -> 0 | AN27: =IF(D27=0,AN26+Variables!$B$30,"") -> 0 | AO27: =IFERROR(AF27+(SUM(AI27:AN27)),0) -> -1313.0707
... C94: =IF(C93<EDATE(Variables!B$31,Variables!B$32-1),EDATE(C93,1),"") | D94: =IFERROR(IF(ISNUMBER(E94),0,1),"") -> 1 | E94: =IFERROR(YEAR(C94),"") | F94: =IF(D94=0,F93*Variables!$B$7,"") | G94: =IF(D94=0,G93*Variables!$B$7,"") | H94: =IF(D94=0,H93*Variables!$B$7,"") | I94: =IFERROR((F94*Variables!$B$8),"") | J94: =IFERROR((G94*Variables!$B$9),"") | K94: =IFERROR((H94*Variables!$B$10),"") | L94: =IFERROR(SUM(I94:K94),"") -> 0 | O94: =IFERROR(I94/1000*$O$14,"") | P94: =IFERROR(J94/1000*$P$14,"") | Q94: =IFERROR(K94/1000*$Q$14,"") | R94: =SUM(O94:Q94) -> 0 | U94: =IFERROR(U93+Variables!$B$15,"") -> 0.84 | V94: =IFERROR(O94*U94,"") | W94: =IFERROR(P94*U94,"") | X94: =IFERROR(Q94*U94,"") | Y94: =SUM(V94:X94) -> 0 | AB94: =-Y94*Variables!$B$16 -> 0 | AC94: =-SUM(Y94,AB94)*Variables!$B$17 -> 0 | AD94: =-SUM(Y94,AB94)*Variables!$B$18 -> 0 | AE94: =-SUM(Y94,AB94)*0.25 -> 0 | AF94: =Y94+SUM(AB94:AE94) -> 0 | AI94: 20 | AJ94: =IF(D94=0,AJ93*Variables!$B$22,"") | AK94: =IF(D94=0,AK93*Variables!$B$24,"") | AL94: =IF(D94=0,AL93*Variables!$B$26,"") | AM94: =IF(D94=0,AM93*Variables!$B$28,"") | AN94: =IF(D94=0,AN93+Variables!$B$30,"") | AO94: =IFERROR(AF94+(SUM(AI94:AN94)),0) -> 20
C95: =IF(C94<EDATE(Variables!B$31,Variables!B$32-1),EDATE(C94,1),"") | D95: =IFERROR(IF(ISNUMBER(E95),0,1),"") -> 1 | E95: =IFERROR(YEAR(C95),"") | F95: =IF(D95=0,F94*Variables!$B$7,"") | G95: =IF(D95=0,G94*Variables!$B$7,"") | H95: =IF(D95=0,H94*Variables!$B$7,"") | I95: =IFERROR((F95*Variables!$B$8),"") | J95: =IFERROR((G95*Variables!$B$9),"") | K95: =IFERROR((H95*Variables!$B$10),"") | L95: =IFERROR(SUM(I95:K95),"") -> 0 | O95: =IFERROR(I95/1000*$O$14,"") | P95: =IFERROR(J95/1000*$P$14,"") | Q95: =IFERROR(K95/1000*$Q$14,"") | R95: =SUM(O95:Q95) -> 0 | U95: =IFERROR(U94+Variables!$B$15,"") -> 0.85 | V95: =IFERROR(O95*U95,"") | W95: =IFERROR(P95*U95,"") | X95: =IFERROR(Q95*U95,"") | Y95: =SUM(V95:X95) -> 0
C96: =IF(C95<EDATE(Variables!B$31,Variables!B$32-1),EDATE(C95,1),"") | D96: =IFERROR(IF(ISNUMBER(E96),0,1),"") -> 1 | E96: =IFERROR(YEAR(C96),"") | F96: =IF(D96=0,F95*Variables!$B$7,"") | G96: =IF(D96=0,G95*Variables!$B$7,"") | H96: =IF(D96=0,H95*Variables!$B$7,"") | I96: =IFERROR((F96*Variables!$B$8),"") | J96: =IFERROR((G96*Variables!$B$9),"") | K96: =IFERROR((H96*Variables!$B$10),"") | L96: =IFERROR(SUM(I96:K96),"") -> 0 | O96: =IFERROR(I96/1000*$O$14,"") | P96: =IFERROR(J96/1000*$P$14,"") | Q96: =IFERROR(K96/1000*$Q$14,"") | U96: =IFERROR(U95+Variables!$B$15,"") -> 0.86 | V96: =IFERROR(O96*U96,"") | W96: =IFERROR(P96*U96,"") | X96: =IFERROR(Q96*U96,"") | Y96: =SUM(V96:X96) -> 0
C97: =IF(C96<EDATE(Variables!B$31,Variables!B$32-1),EDATE(C96,1),"") | D97: =IFERROR(IF(ISNUMBER(E97),0,1),"") -> 1 | E97: =IFERROR(YEAR(C97),"") | F97: =IF(D97=0,F96*Variables!$B$7,"") | G97: =IF(D97=0,G96*Variables!$B$7,"") | H97: =IF(D97=0,H96*Variables!$B$7,"") | I97: =IFERROR((F97*Variables!$B$8),"") | J97: =IFERROR((G97*Variables!$B$9),"") | K97: =IFERROR((H97*Variables!$B$10),"") | L97: =IFERROR(SUM(I97:K97),"") -> 0 | O97: =IFERROR(I97/1000*$O$14,"") | P97: =IFERROR(J97/1000*$P$14,"") | Q97: =IFERROR(K97/1000*$Q$14,"") | U97: =IFERROR(U96+Variables!$B$15,"") -> 0.87 | V97: =IFERROR(O97*U97,"") | W97: =IFERROR(P97*U97,"") | X97: =IFERROR(Q97*U97,"") | Y97: =SUM(V97:X97) -> 0
C98: =IF(C97<EDATE(Variables!B$31,Variables!B$32-1),EDATE(C97,1),"") | D98: =IFERROR(IF(ISNUMBER(E98),0,1),"") -> 1 | E98: =IFERROR(YEAR(C98),"") | F98: =IF(D98=0,F97*Variables!$B$7,"") | G98: =IF(D98=0,G97*Variables!$B$7,"") | H98: =IF(D98=0,H97*Variables!$B$7,"") | I98: =IFERROR((F98*Variables!$B$8),"") | J98: =IFERROR((G98*Variables!$B$9),"") | K98: =IFERROR((H98*Variables!$B$10),"") | L98: =IFERROR(SUM(I98:K98),"") -> 0 | O98: =IFERROR(I98/1000*$O$14,"") | P98: =IFERROR(J98/1000*$P$14,"") | Q98: =IFERROR(K98/1000*$Q$14,"") | U98: =IFERROR(U97+Variables!$B$15,"") -> 0.88 | V98: =IFERROR(O98*U98,"") | W98: =IFERROR(P98*U98,"") | X98: =IFERROR(Q98*U98,"") | Y98: =SUM(V98:X98) -> 0
C99: =IF(C98<EDATE(Variables!B$31,Variables!B$32-1),EDATE(C98,1),"") | D99: =IFERROR(IF(ISNUMBER(E99),0,1),"") -> 1 | E99: =IFERROR(YEAR(C99),"") | F99: =IF(D99=0,F98*Variables!$B$7,"") | G99: =IF(D99=0,G98*Variables!$B$7,"") | H99: =IF(D99=0,H98*Variables!$B$7,"") | I99: =IFERROR((F99*Variables!$B$8),"") | J99: =IFERROR((G99*Variables!$B$9),"") | K99: =IFERROR((H99*Variables!$B$10),"") | L99: =IFERROR(SUM(I99:K99),"") -> 0 | O99: =IFERROR(I99/1000*$O$14,"") | P99: =IFERROR(J99/1000*$P$14,"") | Q99: =IFERROR(K99/1000*$Q$14,"") | U99: =IFERROR(U98+Variables!$B$15,"") -> 0.89 | V99: =IFERROR(O99*U99,"") | W99: =IFERROR(P99*U99,"") | X99: =IFERROR(Q99*U99,"") | Y99: =SUM(V99:X99) -> 0
C100: =IF(C99<EDATE(Variables!B$31,Variables!B$32-1),EDATE(C99,1),"") | D100: =IFERROR(IF(ISNUMBER(E100),0,1),"") -> 1 | E100: =IFERROR(YEAR(C100),"") | F100: =IF(D100=0,F99*Variables!$B$7,"") | G100: =IF(D100=0,G99*Variables!$B$7,"") | H100: =IF(D100=0,H99*Variables!$B$7,"") | I100: =IFERROR((F100*Variables!$B$8),"") | J100: =IFERROR((G100*Variables!$B$9),"") | K100: =IFERROR((H100*Variables!$B$10),"") | L100: =IFERROR(SUM(I100:K100),"") -> 0 | O100: =IFERROR(I100/1000*$O$14,"") | P100: =IFERROR(J100/1000*$P$14,"") | Q100: =IFERROR(K100/1000*$Q$14,"") | U100: =IFERROR(U99+Variables!$B$15,"") -> 0.9 | V100: =IFERROR(O100*U100,"") | W100: =IFERROR(P100*U100,"") | X100: =IFERROR(Q100*U100,"") | Y100: =SUM(V100:X100) -> 0
C101: =IF(C100<EDATE(Variables!B$31,Variables!B$32-1),EDATE(C100,1),"") | D101: =IFERROR(IF(ISNUMBER(E101),0,1),"") -> 1 | E101: =IFERROR(YEAR(C101),"") | F101: =IF(D101=0,F100*Variables!$B$7,"") | G101: =IF(D101=0,G100*Variables!$B$7,"") | H101: =IF(D101=0,H100*Variables!$B$7,"") | I101: =IFERROR((F101*Variables!$B$8),"") | J101: =IFERROR((G101*Variables!$B$9),"") | K101: =IFERROR((H101*Variables!$B$10),"") | L101: =IFERROR(SUM(I101:K101),"") -> 0 | O101: =IFERROR(I101/1000*$O$14,"") | P101: =IFERROR(J101/1000*$P$14,"") | Q101: =IFERROR(K101/1000*$Q$14,"") | U101: =IFERROR(U100+Variables!$B$15,"") -> 0.91 | V101: =IFERROR(O101*U101,"") | W101: =IFERROR(P101*U101,"") | X101: =IFERROR(Q101*U101,"") | Y101: =SUM(V101:X101) -> 0
C102: =IF(C101<EDATE(Variables!B$31,Variables!B$32-1),EDATE(C101,1),"") | D102: =IFERROR(IF(ISNUMBER(E102),0,1),"") -> 1 | E102: =IFERROR(YEAR(C102),"") | F102: =IF(D102=0,F101*Variables!$B$7,"") | G102: =IF(D102=0,G101*Variables!$B$7,"") | H102: =IF(D102=0,H101*Variables!$B$7,"") | I102: =IFERROR((F102*Variables!$B$8),"") | J102: =IFERROR((G102*Variables!$B$9),"") | K102: =IFERROR((H102*Variables!$B$10),"") | L102: =IFERROR(SUM(I102:K102),"") -> 0 | O102: =IFERROR(I102/1000*$O$14,"") | P102: =IFERROR(J102/1000*$P$14,"") | Q102: =IFERROR(K102/1000*$Q$14,"") | U102: =IFERROR(U101+Variables!$B$15,"") -> 0.92 | V102: =IFERROR(O102*U102,"") | W102: =IFERROR(P102*U102,"") | X102: =IFERROR(Q102*U102,"") | Y102: =SUM(V102:X102) -> 0
C103: =IF(C102<EDATE(Variables!B$31,Variables!B$32-1),EDATE(C102,1),"") | D103: =IFERROR(IF(ISNUMBER(E103),0,1),"") -> 1 | E103: =IFERROR(YEAR(C103),"") | F103: =IF(D103=0,F102*Variables!$B$7,"") | G103: =IF(D103=0,G102*Variables!$B$7,"") | H103: =IF(D103=0,H102*Variables!$B$7,"") | I103: =IFERROR((F103*Variables!$B$8),"") | J103: =IFERROR((G103*Variables!$B$9),"") | K103: =IFERROR((H103*Variables!$B$10),"") | L103: =IFERROR(SUM(I103:K103),"") -> 0 | O103: =IFERROR(I103/1000*$O$14,"") | P103: =IFERROR(J103/1000*$P$14,"") | Q103: =IFERROR(K103/1000*$Q$14,"") | U103: =IFERROR(U102+Variables!$B$15,"") -> 0.93 | V103: =IFERROR(O103*U103,"") | W103: =IFERROR(P103*U103,"") | X103: =IFERROR(Q103*U103,"") | Y103: =SUM(V103:X103) -> 0
C104: =IF(C103<EDATE(Variables!B$31,Variables!B$32-1),EDATE(C103,1),"") | D104: =IFERROR(IF(ISNUMBER(E104),0,1),"") -> 1 | E104: =IFERROR(YEAR(C104),"") | F104: =IF(D104=0,F103*Variables!$B$7,"") | G104: =IF(D104=0,G103*Variables!$B$7,"") | H104: =IF(D104=0,H103*Variables!$B$7,"") | I104: =IFERROR((F104*Variables!$B$8),"") | J104: =IFERROR((G104*Variables!$B$9),"") | K104: =IFERROR((H104*Variables!$B$10),"") | L104: =IFERROR(SUM(I104:K104),"") -> 0 | O104: =IFERROR(I104/1000*$O$14,"") | P104: =IFERROR(J104/1000*$P$14,"") | Q104: =IFERROR(K104/1000*$Q$14,"") | U104: =IFERROR(U103+Variables!$B$15,"") -> 0.94 | V104: =IFERROR(O104*U104,"") | W104: =IFERROR(P104*U104,"") | X104: =IFERROR(Q104*U104,"") | Y104: =SUM(V104:X104) -> 0
C105: =IF(C104<EDATE(Variables!B$31,Variables!B$32-1),EDATE(C104,1),"") | D105: =IFERROR(IF(ISNUMBER(E105),0,1),"") -> 1 | E105: =IFERROR(YEAR(C105),"") | F105: =IF(D105=0,F104*Variables!$B$7,"") | G105: =IF(D105=0,G104*Variables!$B$7,"") | H105: =IF(D105=0,H104*Variables!$B$7,"") | I105: =IFERROR((F105*Variables!$B$8),"") | J105: =IFERROR((G105*Variables!$B$9),"") | K105: =IFERROR((H105*Variables!$B$10),"") | L105: =IFERROR(SUM(I105:K105),"") -> 0 | O105: =IFERROR(I105/1000*$O$14,"") | P105: =IFERROR(J105/1000*$P$14,"") | Q105: =IFERROR(K105/1000*$Q$14,"") | U105: =IFERROR(U104+Variables!$B$15,"") -> 0.95 | V105: =IFERROR(O105*U105,"") | W105: =IFERROR(P105*U105,"") | X105: =IFERROR(Q105*U105,"") | Y105: =SUM(V105:X105) -> 0
C106: =IF(C105<EDATE(Variables!B$31,Variables!B$32-1),EDATE(C105,1),"") | D106: =IFERROR(IF(ISNUMBER(E106),0,1),"") -> 1 | E106: =IFERROR(YEAR(C106),"") | F106: =IF(D106=0,F105*Variables!$B$7,"") | G106: =IF(D106=0,G105*Variables!$B$7,"") | H106: =IF(D106=0,H105*Variables!$B$7,"") | I106: =IFERROR((F106*Variables!$B$8),"") | J106: =IFERROR((G106*Variables!$B$9),"") | K106: =IFERROR((H106*Variables!$B$10),"") | L106: =IFERROR(SUM(I106:K106),"") -> 0 | O106: =IFERROR(I106/1000*$O$14,"") | P106: =IFERROR(J106/1000*$P$14,"") | Q106: =IFERROR(K106/1000*$Q$14,"") | U106: =IFERROR(U105+Variables!$B$15,"") -> 0.96 | V106: =IFERROR(O106*U106,"") | W106: =IFERROR(P106*U106,"") | X106: =IFERROR(Q106*U106,"") | Y106: =SUM(V106:X106) -> 0
C107: =IF(C106<EDATE(Variables!B$31,Variables!B$32-1),EDATE(C106,1),"") | D107: =IFERROR(IF(ISNUMBER(E107),0,1),"") -> 1 | E107: =IFERROR(YEAR(C107),"") | F107: =IF(D107=0,F106*Variables!$B$7,"") | G107: =IF(D107=0,G106*Variables!$B$7,"") | H107: =IF(D107=0,H106*Variables!$B$7,"") | I107: =IFERROR((F107*Variables!$B$8),"") | J107: =IFERROR((G107*Variables!$B$9),"") | K107: =IFERROR((H107*Variables!$B$10),"") | L107: =IFERROR(SUM(I107:K107),"") -> 0 | O107: =IFERROR(I107/1000*$O$14,"") | P107: =IFERROR(J107/1000*$P$14,"") | Q107: =IFERROR(K107/1000*$Q$14,"") | U107: =IFERROR(U106+Variables!$B$15,"") -> 0.97 | V107: =IFERROR(O107*U107,"") | W107: =IFERROR(P107*U107,"") | X107: =IFERROR(Q107*U107,"") | Y107: =SUM(V107:X107) -> 0
... C146: =IF(C145<EDATE(Variables!B$31,Variables!B$32-1),EDATE(C145,1),"") | D146: =IFERROR(IF(ISNUMBER(E146),0,1),"") -> 1 | E146: =IFERROR(YEAR(C146),"") | F146: =IF(D146=0,F145*Variables!$B$7,"") | G146: =IF(D146=0,G145*Variables!$B$7,"") | H146: =IF(D146=0,H145*Variables!$B$7,"") | I146: =IFERROR((F146*Variables!$B$8),"") | J146: =IFERROR((G146*Variables!$B$9),"") | K146: =IFERROR((H146*Variables!$B$10),"") | L146: =IFERROR(SUM(I146:K146),"") -> 0 | O146: =IFERROR(I146/1000*$O$14,"") | P146: =IFERROR(J146/1000*$P$14,"") | Q146: =IFERROR(K146/1000*$Q$14,"") | U146: =IFERROR(U145+Variables!$B$15,"") -> 1.36 | V146: =IFERROR(O146*U146,"") | W146: =IFERROR(P146*U146,"") | X146: =IFERROR(Q146*U146,"") | Y146: =SUM(V146:X146) -> 0
C147: =IF(C146<EDATE(Variables!B$31,Variables!B$32-1),EDATE(C146,1),"") | D147: =IFERROR(IF(ISNUMBER(E147),0,1),"") -> 1 | E147: =IFERROR(YEAR(C147),"") | F147: =IF(D147=0,F146*Variables!$B$7,"") | G147: =IF(D147=0,G146*Variables!$B$7,"") | H147: =IF(D147=0,H146*Variables!$B$7,"") | I147: =IFERROR((F147*Variables!$B$8),"") | K147: =IFERROR((H147*Variables!$B$10),"") | L147: =IFERROR(SUM(I147:K147),"") -> 0 | O147: =IFERROR(I147/1000*$O$14,"") | P147: =IFERROR(J147/1000*$P$14,"") -> 0 | Q147: =IFERROR(K147/1000*$Q$14,"") | U147: =IFERROR(U146+Variables!$B$15,"") -> 1.37 | V147: =IFERROR(O147*U147,"") | W147: =IFERROR(P147*U147,"") -> 0 | X147: =IFERROR(Q147*U147,"") | Y147: =SUM(V147:X147) -> 0
C148: =IF(C147<EDATE(Variables!B$31,Variables!B$32-1),EDATE(C147,1),"") | D148: =IFERROR(IF(ISNUMBER(E148),0,1),"") -> 1 | E148: =IFERROR(YEAR(C148),"") | F148: =IF(D148=0,F147*Variables!$B$7,"") | G148: =IF(D148=0,G147*Variables!$B$7,"") | H148: =IF(D148=0,H147*Variables!$B$7,"") | I148: =IFERROR((F148*Variables!$B$8),"") | K148: =IFERROR((H148*Variables!$B$10),"") | L148: =IFERROR(SUM(I148:K148),"") -> 0 | O148: =IFERROR(I148/1000*$O$14,"") | P148: =IFERROR(J148/1000*$P$14,"") -> 0 | Q148: =IFERROR(K148/1000*$Q$14,"") | U148: =IFERROR(U147+Variables!$B$15,"") -> 1.38 | V148: =IFERROR(O148*U148,"") | W148: =IFERROR(P148*U148,"") -> 0 | X148: =IFERROR(Q148*U148,"") | Y148: =SUM(V148:X148) -> 0
C149: =IF(C148<EDATE(Variables!B$31,Variables!B$32-1),EDATE(C148,1),"") | D149: =IFERROR(IF(ISNUMBER(E149),0,1),"") -> 1 | E149: =IFERROR(YEAR(C149),"") | F149: =IF(D149=0,F148*Variables!$B$7,"") | G149: =IF(D149=0,G148*Variables!$B$7,"") | H149: =IF(D149=0,H148*Variables!$B$7,"") | I149: =IFERROR((F149*Variables!$B$8),"") | K149: =IFERROR((H149*Variables!$B$10),"") | L149: =IFERROR(SUM(I149:K149),"") -> 0 | O149: =IFERROR(I149/1000*$O$14,"") | P149: =IFERROR(J149/1000*$P$14,"") -> 0 | Q149: =IFERROR(K149/1000*$Q$14,"") | U149: =IFERROR(U148+Variables!$B$15,"") -> 1.39 | V149: =IFERROR(O149*U149,"") | W149: =IFERROR(P149*U149,"") -> 0 | X149: =IFERROR(Q149*U149,"") | Y149: =SUM(V149:X149) -> 0
C150: =IF(C149<EDATE(Variables!B$31,Variables!B$32-1),EDATE(C149,1),"") | D150: =IFERROR(IF(ISNUMBER(E150),0,1),"") -> 1 | E150: =IFERROR(YEAR(C150),"") | F150: =IF(D150=0,F149*Variables!$B$7,"") | G150: =IF(D150=0,G149*Variables!$B$7,"") | H150: =IF(D150=0,H149*Variables!$B$7,"") | I150: =IFERROR((F150*Variables!$B$8),"") | K150: =IFERROR((H150*Variables!$B$10),"") | L150: =IFERROR(SUM(I150:K150),"") -> 0 | O150: =IFERROR(I150/1000*$O$14,"") | P150: =IFERROR(J150/1000*$P$14,"") -> 0 | Q150: =IFERROR(K150/1000*$Q$14,"") | U150: =IFERROR(U149+Variables!$B$15,"") -> 1.4 | V150: =IFERROR(O150*U150,"") | W150: =IFERROR(P150*U150,"") -> 0 | X150: =IFERROR(Q150*U150,"") | Y150: =SUM(V150:X150) -> 0
C151: =IF(C150<EDATE(Variables!B$31,Variables!B$32-1),EDATE(C150,1),"") | D151: =IFERROR(IF(ISNUMBER(E151),0,1),"") -> 1 | E151: =IFERROR(YEAR(C151),"") | F151: =IF(D151=0,F150*Variables!$B$7,"") | G151: =IF(D151=0,G150*Variables!$B$7,"") | H151: =IF(D151=0,H150*Variables!$B$7,"") | I151: =IFERROR((F151*Variables!$B$8),"") | K151: =IFERROR((H151*Variables!$B$10),"") | L151: =IFERROR(SUM(I151:K151),"") -> 0 | O151: =IFERROR(I151/1000*$O$14,"") | P151: =IFERROR(J151/1000*$P$14,"") -> 0 | Q151: =IFERROR(K151/1000*$Q$14,"") | U151: =IFERROR(U150+Variables!$B$15,"") -> 1.41 | V151: =IFERROR(O151*U151,"") | X151: =IFERROR(Q151*U151,"") | Y151: =SUM(V151:X151) -> 0
C152: =IF(C151<EDATE(Variables!B$31,Variables!B$32-1),EDATE(C151,1),"") | D152: =IFERROR(IF(ISNUMBER(E152),0,1),"") -> 1 | E152: =IFERROR(YEAR(C152),"") | F152: =IF(D152=0,F151*Variables!$B$7,"") | G152: =IF(D152=0,G151*Variables!$B$7,"") | H152: =IF(D152=0,H151*Variables!$B$7,"") | I152: =IFERROR((F152*Variables!$B$8),"") | K152: =IFERROR((H152*Variables!$B$10),"") | L152: =IFERROR(SUM(I152:K152),"") -> 0 | O152: =IFERROR(I152/1000*$O$14,"") | P152: =IFERROR(J152/1000*$P$14,"") -> 0 | Q152: =IFERROR(K152/1000*$Q$14,"") | U152: =IFERROR(U151+Variables!$B$15,"") -> 1.42 | V152: =IFERROR(O152*U152,"") | X152: =IFERROR(Q152*U152,"") | Y152: =SUM(V152:X152) -> 0
C153: =IF(C152<EDATE(Variables!B$31,Variables!B$32-1),EDATE(C152,1),"") | D153: =IFERROR(IF(ISNUMBER(E153),0,1),"") -> 1 | E153: =IFERROR(YEAR(C153),"") | F153: =IF(D153=0,F152*Variables!$B$7,"") | G153: =IF(D153=0,G152*Variables!$B$7,"") | H153: =IF(D153=0,H152*Variables!$B$7,"") | I153: =IFERROR((F153*Variables!$B$8),"") | K153: =IFERROR((H153*Variables!$B$10),"") | L153: =IFERROR(SUM(I153:K153),"") -> 0 | O153: =IFERROR(I153/1000*$O$14,"") | P153: =IFERROR(J153/1000*$P$14,"") -> 0 | Q153: =IFERROR(K153/1000*$Q$14,"") | U153: =IFERROR(U152+Variables!$B$15,"") -> 1.43 | V153: =IFERROR(O153*U153,"") | X153: =IFERROR(Q153*U153,"") | Y153: =SUM(V153:X153) -> 0
C154: =IF(C153<EDATE(Variables!B$31,Variables!B$32-1),EDATE(C153,1),"") | D154: =IFERROR(IF(ISNUMBER(E154),0,1),"") -> 1 | E154: =IFERROR(YEAR(C154),"") | F154: =IF(D154=0,F153*Variables!$B$7,"") | G154: =IF(D154=0,G153*Variables!$B$7,"") | H154: =IF(D154=0,H153*Variables!$B$7,"") | I154: =IFERROR((F154*Variables!$B$8),"") | K154: =IFERROR((H154*Variables!$B$10),"") | L154: =IFERROR(SUM(I154:K154),"") -> 0 | O154: =IFERROR(I154/1000*$O$14,"") | P154: =IFERROR(J154/1000*$P$14,"") -> 0 | Q154: =IFERROR(K154/1000*$Q$14,"") | U154: =IFERROR(U153+Variables!$B$15,"") -> 1.44 | V154: =IFERROR(O154*U154,"") | X154: =IFERROR(Q154*U154,"") | Y154: =SUM(V154:X154) -> 0
C155: =IF(C154<EDATE(Variables!B$31,Variables!B$32-1),EDATE(C154,1),"") | D155: =IFERROR(IF(ISNUMBER(E155),0,1),"") -> 1 | E155: =IFERROR(YEAR(C155),"") | F155: =IF(D155=0,F154*Variables!$B$7,"") | G155: =IF(D155=0,G154*Variables!$B$7,"") | H155: =IF(D155=0,H154*Variables!$B$7,"") | I155: =IFERROR((F155*Variables!$B$8),"") | K155: =IFERROR((H155*Variables!$B$10),"") | L155: =IFERROR(SUM(I155:K155),"") -> 0 | O155: =IFERROR(I155/1000*$O$14,"") | P155: =IFERROR(J155/1000*$P$14,"") -> 0 | Q155: =IFERROR(K155/1000*$Q$14,"") | U155: =IFERROR(U154+Variables!$B$15,"") -> 1.45 | V155: =IFERROR(O155*U155,"") | X155: =IFERROR(Q155*U155,"") | Y155: =SUM(V155:X155) -> 0
C156: =IF(C155<EDATE(Variables!B$31,Variables!B$32-1),EDATE(C155,1),"") | D156: =IFERROR(IF(ISNUMBER(E156),0,1),"") -> 1 | E156: =IFERROR(YEAR(C156),"") | F156: =IF(D156=0,F155*Variables!$B$7,"") | G156: =IF(D156=0,G155*Variables!$B$7,"") | H156: =IF(D156=0,H155*Variables!$B$7,"") | I156: =IFERROR((F156*Variables!$B$8),"") | K156: =IFERROR((H156*Variables!$B$10),"") | L156: =IFERROR(SUM(I156:K156),"") -> 0 | O156: =IFERROR(I156/1000*$O$14,"") | P156: =IFERROR(J156/1000*$P$14,"") -> 0 | Q156: =IFERROR(K156/1000*$Q$14,"") | U156: =IFERROR(U155+Variables!$B$15,"") -> 1.46 | V156: =IFERROR(O156*U156,"") | X156: =IFERROR(Q156*U156,"") | Y156: =SUM(V156:X156) -> 0
C157: =IF(C156<EDATE(Variables!B$31,Variables!B$32-1),EDATE(C156,1),"") | D157: =IFERROR(IF(ISNUMBER(E157),0,1),"") -> 1 | E157: =IFERROR(YEAR(C157),"") | G157: =IF(D157=0,G156*Variables!$B$7,"") | H157: =IF(D157=0,H156*Variables!$B$7,"") | I157: =IFERROR((F157*Variables!$B$8),"") -> 0 | K157: =IFERROR((H157*Variables!$B$10),"") | L157: =IFERROR(SUM(I157:K157),"") -> 0 | O157: =IFERROR(I157/1000*$O$14,"") -> 0 | P157: =IFERROR(J157/1000*$P$14,"") -> 0 | Q157: =IFERROR(K157/1000*$Q$14,"") | U157: =IFERROR(U156+Variables!$B$15,"") -> 1.47 | V157: =IFERROR(O157*U157,"") -> 0 | X157: =IFERROR(Q157*U157,"") | Y157: =SUM(V157:X157) -> 0
C158: =IF(C157<EDATE(Variables!B$31,Variables!B$32-1),EDATE(C157,1),"") | D158: =IFERROR(IF(ISNUMBER(E158),0,1),"") -> 1 | E158: =IFERROR(YEAR(C158),"") | G158: =IF(D158=0,G157*Variables!$B$7,"") | H158: =IF(D158=0,H157*Variables!$B$7,"") | I158: =IFERROR((F158*Variables!$B$8),"") -> 0 | K158: =IFERROR((H158*Variables!$B$10),"") | L158: =IFERROR(SUM(I158:K158),"") -> 0 | O158: =IFERROR(I158/1000*$O$14,"") -> 0 | P158: =IFERROR(J158/1000*$P$14,"") -> 0 | Q158: =IFERROR(K158/1000*$Q$14,"") | U158: =IFERROR(U157+Variables!$B$15,"") -> 1.48 | V158: =IFERROR(O158*U158,"") -> 0 | X158: =IFERROR(Q158*U158,"") | Y158: =SUM(V158:X158) -> 0
C159: =IF(C158<EDATE(Variables!B$31,Variables!B$32-1),EDATE(C158,1),"") | D159: =IFERROR(IF(ISNUMBER(E159),0,1),"") -> 1 | E159: =IFERROR(YEAR(C159),"") | G159: =IF(D159=0,G158*Variables!$B$7,"") | H159: =IF(D159=0,H158*Variables!$B$7,"") | I159: =IFERROR((F159*Variables!$B$8),"") -> 0 | K159: =IFERROR((H159*Variables!$B$10),"") | L159: =IFERROR(SUM(I159:K159),"") -> 0 | O159: =IFERROR(I159/1000*$O$14,"") -> 0 | P159: =IFERROR(J159/1000*$P$14,"") -> 0 | Q159: =IFERROR(K159/1000*$Q$14,"") | U159: =IFERROR(U158+Variables!$B$15,"") -> 1.49 | V159: =IFERROR(O159*U159,"") -> 0 | X159: =IFERROR(Q159*U159,"") | Y159: =SUM(V159:X159) -> 0
C160: =IF(C159<EDATE(Variables!B$31,Variables!B$32-1),EDATE(C159,1),"") | D160: =IFERROR(IF(ISNUMBER(E160),0,1),"") -> 1 | E160: =IFERROR(YEAR(C160),"") | G160: =IF(D160=0,G159*Variables!$B$7,"") | H160: =IF(D160=0,H159*Variables!$B$7,"") | I160: =IFERROR((F160*Variables!$B$8),"") -> 0 | K160: =IFERROR((H160*Variables!$B$10),"") | L160: =IFERROR(SUM(I160:K160),"") -> 0 | O160: =IFERROR(I160/1000*$O$14,"") -> 0 | P160: =IFERROR(J160/1000*$P$14,"") -> 0 | Q160: =IFERROR(K160/1000*$Q$14,"") | U160: =IFERROR(U159+Variables!$B$15,"") -> 1.5 | V160: =IFERROR(O160*U160,"") -> 0 | X160: =IFERROR(Q160*U160,"") | Y160: =SUM(V160:X160) -> 0
C161: =IF(C160<EDATE(Variables!B$31,Variables!B$32-1),EDATE(C160,1),"") | D161: =IFERROR(IF(ISNUMBER(E161),0,1),"") -> 1 | E161: =IFERROR(YEAR(C161),"") | G161: =IF(D161=0,G160*Variables!$B$7,"") | H161: =IF(D161=0,H160*Variables!$B$7,"") | I161: =IFERROR((F161*Variables!$B$8),"") -> 0 | K161: =IFERROR((H161*Variables!$B$10),"") | L161: =IFERROR(SUM(I161:K161),"") -> 0 | O161: =IFERROR(I161/1000*$O$14,"") -> 0 | P161: =IFERROR(J161/1000*$P$14,"") -> 0 | Q161: =IFERROR(K161/1000*$Q$14,"") | U161: =IFERROR(U160+Variables!$B$15,"") -> 1.51 | V161: =IFERROR(O161*U161,"") -> 0 | X161: =IFERROR(Q161*U161,"") | Y161: =SUM(V161:X161) -> 0
C162: =IF(C161<EDATE(Variables!B$31,Variables!B$32-1),EDATE(C161,1),"") | D162: =IFERROR(IF(ISNUMBER(E162),0,1),"") -> 1 | E162: =IFERROR(YEAR(C162),"") | G162: =IF(D162=0,G161*Variables!$B$7,"") | H162: =IF(D162=0,H161*Variables!$B$7,"") | I162: =IFERROR((F162*Variables!$B$8),"") -> 0 | K162: =IFERROR((H162*Variables!$B$10),"") | L162: =IFERROR(SUM(I162:K162),"") -> 0 | O162: =IFERROR(I162/1000*$O$14,"") -> 0 | P162: =IFERROR(J162/1000*$P$14,"") -> 0 | Q162: =IFERROR(K162/1000*$Q$14,"") | U162: =IFERROR(U161+Variables!$B$15,"") -> 1.52 | V162: =IFERROR(O162*U162,"") -> 0 | X162: =IFERROR(Q162*U162,"") | Y162: =SUM(V162:X162) -> 0
C163: =IF(C162<EDATE(Variables!B$31,Variables!B$32-1),EDATE(C162,1),"") | D163: =IFERROR(IF(ISNUMBER(E163),0,1),"") -> 1 | E163: =IFERROR(YEAR(C163),"") | G163: =IF(D163=0,G162*Variables!$B$7,"") | H163: =IF(D163=0,H162*Variables!$B$7,"") | I163: =IFERROR((F163*Variables!$B$8),"") -> 0 | K163: =IFERROR((H163*Variables!$B$10),"") | L163: =IFERROR(SUM(I163:K163),"") -> 0 | O163: =IFERROR(I163/1000*$O$14,"") -> 0 | P163: =IFERROR(J163/1000*$P$14,"") -> 0 | Q163: =IFERROR(K163/1000*$Q$14,"") | U163: =IFERROR(U162+Variables!$B$15,"") -> 1.53 | V163: =IFERROR(O163*U163,"") -> 0 | X163: =IFERROR(Q163*U163,"") | Y163: =SUM(V163:X163) -> 0
C164: =IF(C163<EDATE(Variables!B$31,Variables!B$32-1),EDATE(C163,1),"") | D164: =IFERROR(IF(ISNUMBER(E164),0,1),"") -> 1 | E164: =IFERROR(YEAR(C164),"") | G164: =IF(D164=0,G163*Variables!$B$7,"") | H164: =IF(D164=0,H163*Variables!$B$7,"") | I164: =IFERROR((F164*Variables!$B$8),"") -> 0 | K164: =IFERROR((H164*Variables!$B$10),"") | L164: =IFERROR(SUM(I164:K164),"") -> 0 | O164: =IFERROR(I164/1000*$O$14,"") -> 0 | P164: =IFERROR(J164/1000*$P$14,"") -> 0 | Q164: =IFERROR(K164/1000*$Q$14,"") | U164: =IFERROR(U163+Variables!$B$15,"") -> 1.54 | V164: =IFERROR(O164*U164,"") -> 0 | X164: =IFERROR(Q164*U164,"") | Y164: =SUM(V164:X164) -> 0
C165: =IF(C164<EDATE(Variables!B$31,Variables!B$32-1),EDATE(C164,1),"") | D165: =IFERROR(IF(ISNUMBER(E165),0,1),"") -> 1 | E165: =IFERROR(YEAR(C165),"") | G165: =IF(D165=0,G164*Variables!$B$7,"") | H165: =IF(D165=0,H164*Variables!$B$7,"") | I165: =IFERROR((F165*Variables!$B$8),"") -> 0 | K165: =IFERROR((H165*Variables!$B$10),"") | L165: =IFERROR(SUM(I165:K165),"") -> 0 | O165: =IFERROR(I165/1000*$O$14,"") -> 0 | P165: =IFERROR(J165/1000*$P$14,"") -> 0 | Q165: =IFERROR(K165/1000*$Q$14,"") | U165: =IFERROR(U164+Variables!$B$15,"") -> 1.55 | V165: =IFERROR(O165*U165,"") -> 0 | X165: =IFERROR(Q165*U165,"") | Y165: =SUM(V165:X165) -> 0
C166: =IF(C165<EDATE(Variables!B$31,Variables!B$32-1),EDATE(C165,1),"") | D166: =IFERROR(IF(ISNUMBER(E166),0,1),"") -> 1 | E166: =IFERROR(YEAR(C166),"") | G166: =IF(D166=0,G165*Variables!$B$7,"") | H166: =IF(D166=0,H165*Variables!$B$7,"") | I166: =IFERROR((F166*Variables!$B$8),"") -> 0 | K166: =IFERROR((H166*Variables!$B$10),"") | L166: =IFERROR(SUM(I166:K166),"") -> 0 | O166: =IFERROR(I166/1000*$O$14,"") -> 0 | P166: =IFERROR(J166/1000*$P$14,"") -> 0 | Q166: =IFERROR(K166/1000*$Q$14,"") | U166: =IFERROR(U165+Variables!$B$15,"") -> 1.56 | V166: =IFERROR(O166*U166,"") -> 0 | X166: =IFERROR(Q166*U166,"") | Y166: =SUM(V166:X166) -> 0
C167: =IF(C166<EDATE(Variables!B$31,Variables!B$32-1),EDATE(C166,1),"") | D167: =IFERROR(IF(ISNUMBER(E167),0,1),"") -> 1 | E167: =IFERROR(YEAR(C167),"") | G167: =IF(D167=0,G166*Variables!$B$7,"") | H167: =IF(D167=0,H166*Variables!$B$7,"") | I167: =IFERROR((F167*Variables!$B$8),"") -> 0 | K167: =IFERROR((H167*Variables!$B$10),"") | L167: =IFERROR(SUM(I167:K167),"") -> 0 | O167: =IFERROR(I167/1000*$O$14,"") -> 0 | P167: =IFERROR(J167/1000*$P$14,"") -> 0 | Q167: =IFERROR(K167/1000*$Q$14,"") | U167: =IFERROR(U166+Variables!$B$15,"") -> 1.57 | V167: =IFERROR(O167*U167,"") -> 0 | X167: =IFERROR(Q167*U167,"") | Y167: =SUM(V167:X167) -> 0
C168: =IF(C167<EDATE(Variables!B$31,Variables!B$32-1),EDATE(C167,1),"") | D168: =IFERROR(IF(ISNUMBER(E168),0,1),"") -> 1 | E168: =IFERROR(YEAR(C168),"") | G168: =IF(D168=0,G167*Variables!$B$7,"") | H168: =IF(D168=0,H167*Variables!$B$7,"") | I168: =IFERROR((F168*Variables!$B$8),"") -> 0 | K168: =IFERROR((H168*Variables!$B$10),"") | L168: =IFERROR(SUM(I168:K168),"") -> 0 | O168: =IFERROR(I168/1000*$O$14,"") -> 0 | P168: =IFERROR(J168/1000*$P$14,"") -> 0 | Q168: =IFERROR(K168/1000*$Q$14,"") | U168: =IFERROR(U167+Variables!$B$15,"") -> 1.58 | V168: =IFERROR(O168*U168,"") -> 0 | X168: =IFERROR(Q168*U168,"") | Y168: =SUM(V168:X168) -> 0
... C212: =IF(C211<EDATE(Variables!B$31,Variables!B$32-1),EDATE(C211,1),"") | D212: =IFERROR(IF(ISNUMBER(E212),0,1),"") -> 1 | E212: =IFERROR(YEAR(C212),"") | G212: =IF(D212=0,G211*Variables!$B$7,"") | H212: =IF(D212=0,H211*Variables!$B$7,"") | I212: =IFERROR((F212*Variables!$B$8),"") -> 0 | K212: =IFERROR((H212*Variables!$B$10),"") | L212: =IFERROR(SUM(I212:K212),"") -> 0 | O212: =IFERROR(I212/1000*$O$14,"") -> 0 | P212: =IFERROR(J212/1000*$P$14,"") -> 0 | Q212: =IFERROR(K212/1000*$Q$14,"") | U212: =IFERROR(U211+Variables!$B$15,"") -> 2.02 | V212: =IFERROR(O212*U212,"") -> 0 | X212: =IFERROR(Q212*U212,"") | Y212: =SUM(V212:X212) -> 0
C213: =IF(C212<EDATE(Variables!B$31,Variables!B$32-1),EDATE(C212,1),"") | D213: =IFERROR(IF(ISNUMBER(E213),0,1),"") -> 1 | E213: =IFERROR(YEAR(C213),"") | G213: =IF(D213=0,G212*Variables!$B$7,"") | H213: =IF(D213=0,H212*Variables!$B$7,"") | I213: =IFERROR((F213*Variables!$B$8),"") -> 0 | K213: =IFERROR((H213*Variables!$B$10),"") | L213: =IFERROR(SUM(I213:K213),"") -> 0 | O213: =IFERROR(I213/1000*$O$14,"") -> 0 | P213: =IFERROR(J213/1000*$P$14,"") -> 0 | U213: =IFERROR(U212+Variables!$B$15,"") -> 2.03 | V213: =IFERROR(O213*U213,"") -> 0 | X213: =IFERROR(Q213*U213,"") -> 0 | Y213: =SUM(V213:X213) -> 0
C214: =IF(C213<EDATE(Variables!B$31,Variables!B$32-1),EDATE(C213,1),"") | D214: =IFERROR(IF(ISNUMBER(E214),0,1),"") -> 1 | E214: =IFERROR(YEAR(C214),"") | G214: =IF(D214=0,G213*Variables!$B$7,"") | H214: =IF(D214=0,H213*Variables!$B$7,"") | I214: =IFERROR((F214*Variables!$B$8),"") -> 0 | K214: =IFERROR((H214*Variables!$B$10),"") | L214: =IFERROR(SUM(I214:K214),"") -> 0 | O214: =IFERROR(I214/1000*$O$14,"") -> 0 | P214: =IFERROR(J214/1000*$P$14,"") -> 0 | U214: =IFERROR(U213+Variables!$B$15,"") -> 2.04 | X214: =IFERROR(Q214*U214,"") -> 0 | Y214: =SUM(V214:X214) -> 0
C215: =IF(C214<EDATE(Variables!B$31,Variables!B$32-1),EDATE(C214,1),"") | D215: =IFERROR(IF(ISNUMBER(E215),0,1),"") -> 1 | E215: =IFERROR(YEAR(C215),"") | G215: =IF(D215=0,G214*Variables!$B$7,"") | H215: =IF(D215=0,H214*Variables!$B$7,"") | I215: =IFERROR((F215*Variables!$B$8),"") -> 0 | K215: =IFERROR((H215*Variables!$B$10),"") | L215: =IFERROR(SUM(I215:K215),"") -> 0 | O215: =IFERROR(I215/1000*$O$14,"") -> 0 | P215: =IFERROR(J215/1000*$P$14,"") -> 0 | U215: =IFERROR(U214+Variables!$B$15,"") -> 2.05 | X215: =IFERROR(Q215*U215,"") -> 0 | Y215: =SUM(V215:X215) -> 0
C216: =IF(C215<EDATE(Variables!B$31,Variables!B$32-1),EDATE(C215,1),"") | D216: =IFERROR(IF(ISNUMBER(E216),0,1),"") -> 1 | E216: =IFERROR(YEAR(C216),"") | G216: =IF(D216=0,G215*Variables!$B$7,"") | H216: =IF(D216=0,H215*Variables!$B$7,"") | I216: =IFERROR((F216*Variables!$B$8),"") -> 0 | K216: =IFERROR((H216*Variables!$B$10),"") | L216: =IFERROR(SUM(I216:K216),"") -> 0 | O216: =IFERROR(I216/1000*$O$14,"") -> 0 | P216: =IFERROR(J216/1000*$P$14,"") -> 0 | U216: =IFERROR(U215+Variables!$B$15,"") -> 2.06 | X216: =IFERROR(Q216*U216,"") -> 0 | Y216: =SUM(V216:X216) -> 0
C217: =IF(C216<EDATE(Variables!B$31,Variables!B$32-1),EDATE(C216,1),"") | D217: =IFERROR(IF(ISNUMBER(E217),0,1),"") -> 1 | E217: =IFERROR(YEAR(C217),"") | G217: =IF(D217=0,G216*Variables!$B$7,"") | H217: =IF(D217=0,H216*Variables!$B$7,"") | I217: =IFERROR((F217*Variables!$B$8),"") -> 0 | K217: =IFERROR((H217*Variables!$B$10),"") | L217: =IFERROR(SUM(I217:K217),"") -> 0 | O217: =IFERROR(I217/1000*$O$14,"") -> 0 | P217: =IFERROR(J217/1000*$P$14,"") -> 0 | U217: =IFERROR(U216+Variables!$B$15,"") -> 2.07 | X217: =IFERROR(Q217*U217,"") -> 0 | Y217: =SUM(V217:X217) -> 0
C218: =IF(C217<EDATE(Variables!B$31,Variables!B$32-1),EDATE(C217,1),"") | D218: =IFERROR(IF(ISNUMBER(E218),0,1),"") -> 1 | E218: =IFERROR(YEAR(C218),"") | G218: =IF(D218=0,G217*Variables!$B$7,"") | H218: =IF(D218=0,H217*Variables!$B$7,"") | I218: =IFERROR((F218*Variables!$B$8),"") -> 0 | K218: =IFERROR((H218*Variables!$B$10),"") | L218: =IFERROR(SUM(I218:K218),"") -> 0 | O218: =IFERROR(I218/1000*$O$14,"") -> 0 | P218: =IFERROR(J218/1000*$P$14,"") -> 0 | U218: =IFERROR(U217+Variables!$B$15,"") -> 2.08 | X218: =IFERROR(Q218*U218,"") -> 0 | Y218: =SUM(V218:X218) -> 0
C219: =IF(C218<EDATE(Variables!B$31,Variables!B$32-1),EDATE(C218,1),"") | D219: =IFERROR(IF(ISNUMBER(E219),0,1),"") -> 1 | E219: =IFERROR(YEAR(C219),"") | G219: =IF(D219=0,G218*Variables!$B$7,"") | H219: =IF(D219=0,H218*Variables!$B$7,"") | I219: =IFERROR((F219*Variables!$B$8),"") -> 0 | K219: =IFERROR((H219*Variables!$B$10),"") | L219: =IFERROR(SUM(I219:K219),"") -> 0 | O219: =IFERROR(I219/1000*$O$14,"") -> 0 | P219: =IFERROR(J219/1000*$P$14,"") -> 0 | U219: =IFERROR(U218+Variables!$B$15,"") -> 2.09 | X219: =IFERROR(Q219*U219,"") -> 0 | Y219: =SUM(V219:X219) -> 0
C220: =IF(C219<EDATE(Variables!B$31,Variables!B$32-1),EDATE(C219,1),"") | D220: =IFERROR(IF(ISNUMBER(E220),0,1),"") -> 1 | E220: =IFERROR(YEAR(C220),"") | G220: =IF(D220=0,G219*Variables!$B$7,"") | H220: =IF(D220=0,H219*Variables!$B$7,"") | I220: =IFERROR((F220*Variables!$B$8),"") -> 0 | K220: =IFERROR((H220*Variables!$B$10),"") | L220: =IFERROR(SUM(I220:K220),"") -> 0 | O220: =IFERROR(I220/1000*$O$14,"") -> 0 | P220: =IFERROR(J220/1000*$P$14,"") -> 0 | U220: =IFERROR(U219+Variables!$B$15,"") -> 2.1 | X220: =IFERROR(Q220*U220,"") -> 0 | Y220: =SUM(V220:X220) -> 0
C221: =IF(C220<EDATE(Variables!B$31,Variables!B$32-1),EDATE(C220,1),"") | D221: =IFERROR(IF(ISNUMBER(E221),0,1),"") -> 1 | E221: =IFERROR(YEAR(C221),"") | G221: =IF(D221=0,G220*Variables!$B$7,"") | H221: =IF(D221=0,H220*Variables!$B$7,"") | I221: =IFERROR((F221*Variables!$B$8),"") -> 0 | K221: =IFERROR((H221*Variables!$B$10),"") | L221: =IFERROR(SUM(I221:K221),"") -> 0 | O221: =IFERROR(I221/1000*$O$14,"") -> 0 | P221: =IFERROR(J221/1000*$P$14,"") -> 0 | U221: =IFERROR(U220+Variables!$B$15,"") -> 2.11 | X221: =IFERROR(Q221*U221,"") -> 0 | Y221: =SUM(V221:X221) -> 0
C222: =IF(C221<EDATE(Variables!B$31,Variables!B$32-1),EDATE(C221,1),"") | D222: =IFERROR(IF(ISNUMBER(E222),0,1),"") -> 1 | E222: =IFERROR(YEAR(C222),"") | G222: =IF(D222=0,G221*Variables!$B$7,"") | H222: =IF(D222=0,H221*Variables!$B$7,"") | I222: =IFERROR((F222*Variables!$B$8),"") -> 0 | K222: =IFERROR((H222*Variables!$B$10),"") | L222: =IFERROR(SUM(I222:K222),"") -> 0 | O222: =IFERROR(I222/1000*$O$14,"") -> 0 | P222: =IFERROR(J222/1000*$P$14,"") -> 0 | U222: =IFERROR(U221+Variables!$B$15,"") -> 2.12 | X222: =IFERROR(Q222*U222,"") -> 0 | Y222: =SUM(V222:X222) -> 0
C223: =IF(C222<EDATE(Variables!B$31,Variables!B$32-1),EDATE(C222,1),"") | D223: =IFERROR(IF(ISNUMBER(E223),0,1),"") -> 1 | E223: =IFERROR(YEAR(C223),"") | G223: =IF(D223=0,G222*Variables!$B$7,"") | H223: =IF(D223=0,H222*Variables!$B$7,"") | I223: =IFERROR((F223*Variables!$B$8),"") -> 0 | K223: =IFERROR((H223*Variables!$B$10),"") | L223: =IFERROR(SUM(I223:K223),"") -> 0 | O223: =IFERROR(I223/1000*$O$14,"") -> 0 | P223: =IFERROR(J223/1000*$P$14,"") -> 0 | U223: =IFERROR(U222+Variables!$B$15,"") -> 2.13 | X223: =IFERROR(Q223*U223,"") -> 0 | Y223: =SUM(V223:X223) -> 0
C224: =IF(C223<EDATE(Variables!B$31,Variables!B$32-1),EDATE(C223,1),"") | D224: =IFERROR(IF(ISNUMBER(E224),0,1),"") -> 1 | E224: =IFERROR(YEAR(C224),"") | G224: =IF(D224=0,G223*Variables!$B$7,"") | H224: =IF(D224=0,H223*Variables!$B$7,"") | I224: =IFERROR((F224*Variables!$B$8),"") -> 0 | K224: =IFERROR((H224*Variables!$B$10),"") | L224: =IFERROR(SUM(I224:K224),"") -> 0 | O224: =IFERROR(I224/1000*$O$14,"") -> 0 | P224: =IFERROR(J224/1000*$P$14,"") -> 0 | U224: =IFERROR(U223+Variables!$B$15,"") -> 2.14 | X224: =IFERROR(Q224*U224,"") -> 0 | Y224: =SUM(V224:X224) -> 0
C225: =IF(C224<EDATE(Variables!B$31,Variables!B$32-1),EDATE(C224,1),"") | D225: =IFERROR(IF(ISNUMBER(E225),0,1),"") -> 1 | E225: =IFERROR(YEAR(C225),"") | G225: =IF(D225=0,G224*Variables!$B$7,"") | H225: =IF(D225=0,H224*Variables!$B$7,"") | I225: =IFERROR((F225*Variables!$B$8),"") -> 0 | K225: =IFERROR((H225*Variables!$B$10),"") | L225: =IFERROR(SUM(I225:K225),"") -> 0 | O225: =IFERROR(I225/1000*$O$14,"") -> 0 | P225: =IFERROR(J225/1000*$P$14,"") -> 0 | U225: =IFERROR(U224+Variables!$B$15,"") -> 2.15 | X225: =IFERROR(Q225*U225,"") -> 0 | Y225: =SUM(V225:X225) -> 0
C226: =IF(C225<EDATE(Variables!B$31,Variables!B$32-1),EDATE(C225,1),"") | D226: =IFERROR(IF(ISNUMBER(E226),0,1),"") -> 1 | E226: =IFERROR(YEAR(C226),"") | G226: =IF(D226=0,G225*Variables!$B$7,"") | H226: =IF(D226=0,H225*Variables!$B$7,"") | I226: =IFERROR((F226*Variables!$B$8),"") -> 0 | K226: =IFERROR((H226*Variables!$B$10),"") | L226: =IFERROR(SUM(I226:K226),"") -> 0 | O226: =IFERROR(I226/1000*$O$14,"") -> 0 | P226: =IFERROR(J226/1000*$P$14,"") -> 0 | U226: =IFERROR(U225+Variables!$B$15,"") -> 2.16 | X226: =IFERROR(Q226*U226,"") -> 0 | Y226: =SUM(V226:X226) -> 0
C227: =IF(C226<EDATE(Variables!B$31,Variables!B$32-1),EDATE(C226,1),"") | D227: =IFERROR(IF(ISNUMBER(E227),0,1),"") -> 1 | E227: =IFERROR(YEAR(C227),"") | G227: =IF(D227=0,G226*Variables!$B$7,"") | H227: =IF(D227=0,H226*Variables!$B$7,"") | K227: =IFERROR((H227*Variables!$B$10),"") | L227: =IFERROR(SUM(I227:K227),"") -> 0 | O227: =IFERROR(I227/1000*$O$14,"") -> 0 | P227: =IFERROR(J227/1000*$P$14,"") -> 0 | U227: =IFERROR(U226+Variables!$B$15,"") -> 2.17 | X227: =IFERROR(Q227*U227,"") -> 0 | Y227: =SUM(V227:X227) -> 0
C228: =IF(C227<EDATE(Variables!B$31,Variables!B$32-1),EDATE(C227,1),"") | D228: =IFERROR(IF(ISNUMBER(E228),0,1),"") -> 1 | E228: =IFERROR(YEAR(C228),"") | G228: =IF(D228=0,G227*Variables!$B$7,"") | H228: =IF(D228=0,H227*Variables!$B$7,"") | K228: =IFERROR((H228*Variables!$B$10),"") | L228: =IFERROR(SUM(I228:K228),"") -> 0 | O228: =IFERROR(I228/1000*$O$14,"") -> 0 | P228: =IFERROR(J228/1000*$P$14,"") -> 0 | U228: =IFERROR(U227+Variables!$B$15,"") -> 2.18 | X228: =IFERROR(Q228*U228,"") -> 0 | Y228: =SUM(V228:X228) -> 0
C229: =IF(C228<EDATE(Variables!B$31,Variables!B$32-1),EDATE(C228,1),"") | D229: =IFERROR(IF(ISNUMBER(E229),0,1),"") -> 1 | E229: =IFERROR(YEAR(C229),"") | G229: =IF(D229=0,G228*Variables!$B$7,"") | H229: =IF(D229=0,H228*Variables!$B$7,"") | K229: =IFERROR((H229*Variables!$B$10),"") | L229: =IFERROR(SUM(I229:K229),"") -> 0 | O229: =IFERROR(I229/1000*$O$14,"") -> 0 | P229: =IFERROR(J229/1000*$P$14,"") -> 0 | U229: =IFERROR(U228+Variables!$B$15,"") -> 2.19 | X229: =IFERROR(Q229*U229,"") -> 0 | Y229: =SUM(V229:X229) -> 0
C230: =IF(C229<EDATE(Variables!B$31,Variables!B$32-1),EDATE(C229,1),"") | D230: =IFERROR(IF(ISNUMBER(E230),0,1),"") -> 1 | E230: =IFERROR(YEAR(C230),"") | G230: =IF(D230=0,G229*Variables!$B$7,"") | H230: =IF(D230=0,H229*Variables!$B$7,"") | K230: =IFERROR((H230*Variables!$B$10),"") | L230: =IFERROR(SUM(I230:K230),"") -> 0 | O230: =IFERROR(I230/1000*$O$14,"") -> 0 | P230: =IFERROR(J230/1000*$P$14,"") -> 0 | U230: =IFERROR(U229+Variables!$B$15,"") -> 2.2 | X230: =IFERROR(Q230*U230,"") -> 0 | Y230: =SUM(V230:X230) -> 0
C231: =IF(C230<EDATE(Variables!B$31,Variables!B$32-1),EDATE(C230,1),"") | D231: =IFERROR(IF(ISNUMBER(E231),0,1),"") -> 1 | E231: =IFERROR(YEAR(C231),"") | G231: =IF(D231=0,G230*Variables!$B$7,"") | K231: =IFERROR((H231*Variables!$B$10),"") -> 0 | L231: =IFERROR(SUM(I231:K231),"") -> 0 | O231: =IFERROR(I231/1000*$O$14,"") -> 0 | P231: =IFERROR(J231/1000*$P$14,"") -> 0 | U231: =IFERROR(U230+Variables!$B$15,"") -> 2.21 | X231: =IFERROR(Q231*U231,"") -> 0 | Y231: =SUM(V231:X231) -> 0
C232: =IF(C231<EDATE(Variables!B$31,Variables!B$32-1),EDATE(C231,1),"") | D232: =IFERROR(IF(ISNUMBER(E232),0,1),"") -> 1 | E232: =IFERROR(YEAR(C232),"") | G232: =IF(D232=0,G231*Variables!$B$7,"") | K232: =IFERROR((H232*Variables!$B$10),"") -> 0 | L232: =IFERROR(SUM(I232:K232),"") -> 0 | O232: =IFERROR(I232/1000*$O$14,"") -> 0 | P232: =IFERROR(J232/1000*$P$14,"") -> 0 | U232: =IFERROR(U231+Variables!$B$15,"") -> 2.22 | X232: =IFERROR(Q232*U232,"") -> 0 | Y232: =SUM(V232:X232) -> 0
C233: =IF(C232<EDATE(Variables!B$31,Variables!B$32-1),EDATE(C232,1),"") | D233: =IFERROR(IF(ISNUMBER(E233),0,1),"") -> 1 | E233: =IFERROR(YEAR(C233),"") | G233: =IF(D233=0,G232*Variables!$B$7,"") | K233: =IFERROR((H233*Variables!$B$10),"") -> 0 | L233: =IFERROR(SUM(I233:K233),"") -> 0 | O233: =IFERROR(I233/1000*$O$14,"") -> 0 | P233: =IFERROR(J233/1000*$P$14,"") -> 0 | U233: =IFERROR(U232+Variables!$B$15,"") -> 2.23 | X233: =IFERROR(Q233*U233,"") -> 0 | Y233: =SUM(V233:X233) -> 0
C234: =IF(C233<EDATE(Variables!B$31,Variables!B$32-1),EDATE(C233,1),"") | D234: =IFERROR(IF(ISNUMBER(E234),0,1),"") -> 1 | E234: =IFERROR(YEAR(C234),"") | G234: =IF(D234=0,G233*Variables!$B$7,"") | K234: =IFERROR((H234*Variables!$B$10),"") -> 0 | L234: =IFERROR(SUM(I234:K234),"") -> 0 | O234: =IFERROR(I234/1000*$O$14,"") -> 0 | P234: =IFERROR(J234/1000*$P$14,"") -> 0 | U234: =IFERROR(U233+Variables!$B$15,"") -> 2.24 | X234: =IFERROR(Q234*U234,"") -> 0 | Y234: =SUM(V234:X234) -> 0
C235: =IF(C234<EDATE(Variables!B$31,Variables!B$32-1),EDATE(C234,1),"") | D235: =IFERROR(IF(ISNUMBER(E235),0,1),"") -> 1 | E235: =IFERROR(YEAR(C235),"") | G235: =IF(D235=0,G234*Variables!$B$7,"") | K235: =IFERROR((H235*Variables!$B$10),"") -> 0 | L235: =IFERROR(SUM(I235:K235),"") -> 0 | O235: =IFERROR(I235/1000*$O$14,"") -> 0 | P235: =IFERROR(J235/1000*$P$14,"") -> 0 | U235: =IFERROR(U234+Variables!$B$15,"") -> 2.25 | X235: =IFERROR(Q235*U235,"") -> 0 | Y235: =SUM(V235:X235) -> 0
C236: =IF(C235<EDATE(Variables!B$31,Variables!B$32-1),EDATE(C235,1),"") | D236: =IFERROR(IF(ISNUMBER(E236),0,1),"") -> 1 | E236: =IFERROR(YEAR(C236),"") | G236: =IF(D236=0,G235*Variables!$B$7,"") | K236: =IFERROR((H236*Variables!$B$10),"") -> 0 | L236: =IFERROR(SUM(I236:K236),"") -> 0 | O236: =IFERROR(I236/1000*$O$14,"") -> 0 | P236: =IFERROR(J236/1000*$P$14,"") -> 0 | U236: =IFERROR(U235+Variables!$B$15,"") -> 2.26 | X236: =IFERROR(Q236*U236,"") -> 0 | Y236: =SUM(V236:X236) -> 0
C237: =IF(C236<EDATE(Variables!B$31,Variables!B$32-1),EDATE(C236,1),"") | D237: =IFERROR(IF(ISNUMBER(E237),0,1),"") -> 1 | E237: =IFERROR(YEAR(C237),"") | G237: =IF(D237=0,G236*Variables!$B$7,"") | K237: =IFERROR((H237*Variables!$B$10),"") -> 0 | L237: =IFERROR(SUM(I237:K237),"") -> 0 | O237: =IFERROR(I237/1000*$O$14,"") -> 0 | P237: =IFERROR(J237/1000*$P$14,"") -> 0 | U237: =IFERROR(U236+Variables!$B$15,"") -> 2.27 | Y237: =SUM(V237:X237) -> 0
C238: =IF(C237<EDATE(Variables!B$31,Variables!B$32-1),EDATE(C237,1),"") | D238: =IFERROR(IF(ISNUMBER(E238),0,1),"") -> 1 | E238: =IFERROR(YEAR(C238),"") | G238: =IF(D238=0,G237*Variables!$B$7,"") | K238: =IFERROR((H238*Variables!$B$10),"") -> 0 | L238: =IFERROR(SUM(I238:K238),"") -> 0 | O238: =IFERROR(I238/1000*$O$14,"") -> 0 | P238: =IFERROR(J238/1000*$P$14,"") -> 0 | U238: =IFERROR(U237+Variables!$B$15,"") -> 2.28 | Y238: =SUM(V238:X238) -> 0
C239: =IF(C238<EDATE(Variables!B$31,Variables!B$32-1),EDATE(C238,1),"") | D239: =IFERROR(IF(ISNUMBER(E239),0,1),"") -> 1 | E239: =IFERROR(YEAR(C239),"") | G239: =IF(D239=0,G238*Variables!$B$7,"") | K239: =IFERROR((H239*Variables!$B$10),"") -> 0 | L239: =IFERROR(SUM(I239:K239),"") -> 0 | O239: =IFERROR(I239/1000*$O$14,"") -> 0 | P239: =IFERROR(J239/1000*$P$14,"") -> 0 | U239: =IFERROR(U238+Variables!$B$15,"") -> 2.29 | Y239: =SUM(V239:X239) -> 0
C240: =IF(C239<EDATE(Variables!B$31,Variables!B$32-1),EDATE(C239,1),"") | D240: =IFERROR(IF(ISNUMBER(E240),0,1),"") -> 1 | E240: =IFERROR(YEAR(C240),"") | G240: =IF(D240=0,G239*Variables!$B$7,"") | K240: =IFERROR((H240*Variables!$B$10),"") -> 0 | L240: =IFERROR(SUM(I240:K240),"") -> 0 | O240: =IFERROR(I240/1000*$O$14,"") -> 0 | P240: =IFERROR(J240/1000*$P$14,"") -> 0 | U240: =IFERROR(U239+Variables!$B$15,"") -> 2.3 | Y240: =SUM(V240:X240) -> 0
C241: =IF(C240<EDATE(Variables!B$31,Variables!B$32-1),EDATE(C240,1),"") | D241: =IFERROR(IF(ISNUMBER(E241),0,1),"") -> 1 | E241: =IFERROR(YEAR(C241),"") | G241: =IF(D241=0,G240*Variables!$B$7,"") | L241: =IFERROR(SUM(I241:K241),"") -> 0 | O241: =IFERROR(I241/1000*$O$14,"") -> 0 | P241: =IFERROR(J241/1000*$P$14,"") -> 0 | U241: =IFERROR(U240+Variables!$B$15,"") -> 2.31 | Y241: =SUM(V241:X241) -> 0
C242: =IF(C241<EDATE(Variables!B$31,Variables!B$32-1),EDATE(C241,1),"") | D242: =IFERROR(IF(ISNUMBER(E242),0,1),"") -> 1 | E242: =IFERROR(YEAR(C242),"") | G242: =IF(D242=0,G241*Variables!$B$7,"") | L242: =IFERROR(SUM(I242:K242),"") -> 0 | O242: =IFERROR(I242/1000*$O$14,"") -> 0 | P242: =IFERROR(J242/1000*$P$14,"") -> 0 | U242: =IFERROR(U241+Variables!$B$15,"") -> 2.32 | Y242: =SUM(V242:X242) -> 0
C243: =IF(C242<EDATE(Variables!B$31,Variables!B$32-1),EDATE(C242,1),"") | D243: =IFERROR(IF(ISNUMBER(E243),0,1),"") -> 1 | E243: =IFERROR(YEAR(C243),"") | G243: =IF(D243=0,G242*Variables!$B$7,"") | L243: =IFERROR(SUM(I243:K243),"") -> 0 | O243: =IFERROR(I243/1000*$O$14,"") -> 0 | P243: =IFERROR(J243/1000*$P$14,"") -> 0 | U243: =IFERROR(U242+Variables!$B$15,"") -> 2.33 | Y243: =SUM(V243:X243) -> 0
C244: =IF(C243<EDATE(Variables!B$31,Variables!B$32-1),EDATE(C243,1),"") | D244: =IFERROR(IF(ISNUMBER(E244),0,1),"") -> 1 | E244: =IFERROR(YEAR(C244),"") | G244: =IF(D244=0,G243*Variables!$B$7,"") | L244: =IFERROR(SUM(I244:K244),"") -> 0 | O244: =IFERROR(I244/1000*$O$14,"") -> 0 | P244: =IFERROR(J244/1000*$P$14,"") -> 0 | U244: =IFERROR(U243+Variables!$B$15,"") -> 2.34 | Y244: =SUM(V244:X244) -> 0
C245: =IF(C244<EDATE(Variables!B$31,Variables!B$32-1),EDATE(C244,1),"") | D245: =IFERROR(IF(ISNUMBER(E245),0,1),"") -> 1 | E245: =IFERROR(YEAR(C245),"") | G245: =IF(D245=0,G244*Variables!$B$7,"") | L245: =IFERROR(SUM(I245:K245),"") -> 0 | O245: =IFERROR(I245/1000*$O$14,"") -> 0 | P245: =IFERROR(J245/1000*$P$14,"") -> 0
C246: =IF(C245<EDATE(Variables!B$31,Variables!B$32-1),EDATE(C245,1),"") | D246: =IFERROR(IF(ISNUMBER(E246),0,1),"") -> 1 | E246: =IFERROR(YEAR(C246),"") | G246: =IF(D246=0,G245*Variables!$B$7,"") | L246: =IFERROR(SUM(I246:K246),"") -> 0 | O246: =IFERROR(I246/1000*$O$14,"") -> 0 | P246: =IFERROR(J246/1000*$P$14,"") -> 0
C247: =IF(C246<EDATE(Variables!B$31,Variables!B$32-1),EDATE(C246,1),"") | D247: =IFERROR(IF(ISNUMBER(E247),0,1),"") -> 1 | E247: =IFERROR(YEAR(C247),"") | G247: =IF(D247=0,G246*Variables!$B$7,"") | L247: =IFERROR(SUM(I247:K247),"") -> 0 | O247: =IFERROR(I247/1000*$O$14,"") -> 0 | P247: =IFERROR(J247/1000*$P$14,"") -> 0
C248: =IF(C247<EDATE(Variables!B$31,Variables!B$32-1),EDATE(C247,1),"") | D248: =IFERROR(IF(ISNUMBER(E248),0,1),"") -> 1 | E248: =IFERROR(YEAR(C248),"") | G248: =IF(D248=0,G247*Variables!$B$7,"") | L248: =IFERROR(SUM(I248:K248),"") -> 0 | O248: =IFERROR(I248/1000*$O$14,"") -> 0 | P248: =IFERROR(J248/1000*$P$14,"") -> 0
C249: =IF(C248<EDATE(Variables!B$31,Variables!B$32-1),EDATE(C248,1),"") | D249: =IFERROR(IF(ISNUMBER(E249),0,1),"") -> 1 | E249: =IFERROR(YEAR(C249),"") | G249: =IF(D249=0,G248*Variables!$B$7,"") | L249: =IFERROR(SUM(I249:K249),"") -> 0 | O249: =IFERROR(I249/1000*$O$14,"") -> 0 | P249: =IFERROR(J249/1000*$P$14,"") -> 0
C250: =IF(C249<EDATE(Variables!B$31,Variables!B$32-1),EDATE(C249,1),"") | D250: =IFERROR(IF(ISNUMBER(E250),0,1),"") -> 1 | E250: =IFERROR(YEAR(C250),"") | G250: =IF(D250=0,G249*Variables!$B$7,"") | L250: =IFERROR(SUM(I250:K250),"") -> 0 | O250: =IFERROR(I250/1000*$O$14,"") -> 0 | P250: =IFERROR(J250/1000*$P$14,"") -> 0
C251: =IF(C250<EDATE(Variables!B$31,Variables!B$32-1),EDATE(C250,1),"") | D251: =IFERROR(IF(ISNUMBER(E251),0,1),"") -> 1 | E251: =IFERROR(YEAR(C251),"") | G251: =IF(D251=0,G250*Variables!$B$7,"") | L251: =IFERROR(SUM(I251:K251),"") -> 0 | O251: =IFERROR(I251/1000*$O$14,"") -> 0 | P251: =IFERROR(J251/1000*$P$14,"") -> 0
C252: =IF(C251<EDATE(Variables!B$31,Variables!B$32-1),EDATE(C251,1),"") | D252: =IFERROR(IF(ISNUMBER(E252),0,1),"") -> 1 | E252: =IFERROR(YEAR(C252),"") | G252: =IF(D252=0,G251*Variables!$B$7,"") | L252: =IFERROR(SUM(I252:K252),"") -> 0 | O252: =IFERROR(I252/1000*$O$14,"") -> 0 | P252: =IFERROR(J252/1000*$P$14,"") -> 0
C253: =IF(C252<EDATE(Variables!B$31,Variables!B$32-1),EDATE(C252,1),"") | D253: =IFERROR(IF(ISNUMBER(E253),0,1),"") -> 1 | E253: =IFERROR(YEAR(C253),"") | G253: =IF(D253=0,G252*Variables!$B$7,"") | L253: =IFERROR(SUM(I253:K253),"") -> 0 | O253: =IFERROR(I253/1000*$O$14,"") -> 0 | P253: =IFERROR(J253/1000*$P$14,"") -> 0
C254: =IF(C253<EDATE(Variables!B$31,Variables!B$32-1),EDATE(C253,1),"") | D254: =IFERROR(IF(ISNUMBER(E254),0,1),"") -> 1 | E254: =IFERROR(YEAR(C254),"") | G254: =IF(D254=0,G253*Variables!$B$7,"") | L254: =IFERROR(SUM(I254:K254),"") -> 0 | O254: =IFERROR(I254/1000*$O$14,"") -> 0 | P254: =IFERROR(J254/1000*$P$14,"") -> 0
...

Sheet 2025 – Forecast store_name
B1: ="Retail Media Forecast " & Variables!B2 & " - 2025" -> Retail Media Forecast {store_name} - 2025
B4: Total Retail Media Impressions
B5: In-Store | C5: Digital Screens & Radio | E5: =IF(LEN('Retail Media Investment Case'!G9)=0, "", SUMIF('Retail Media Investment Case'!E$15:E$1048576, 'Retail Media Investment Case'!G9, 'Retail Media Investment Case'!I$15:I$1048576) )
B6: On-Site | C6: Website & Mobile App | E6: =IF(LEN('Retail Media Investment Case'!G9)=0, "", SUMIF('Retail Media Investment Case'!E$15:E$1048576, 'Retail Media Investment Case'!G9, 'Retail Media Investment Case'!J$15:J$1048576) )
B7: Off-Site | C7: Social Media & Direct Comms | E7: =IF(LEN('Retail Media Investment Case'!G9)=0, "", SUMIF('Retail Media Investment Case'!E$15:E$1048576, 'Retail Media Investment Case'!G9, 'Retail Media Investment Case'!K$15:K$1048576) )
B9: Forecasted Retail Media Sales
B10: In-Store | C10: =IF(LEN('Retail Media Investment Case'!G9)=0, "", SUMIF('Retail Media Investment Case'!E$15:E$1048576, 'Retail Media Investment Case'!G9, 'Retail Media Investment Case'!V$15:V$1048576) )
B11: On-Site | C11: =IF(LEN('Retail Media Investment Case'!G9)=0, "", SUMIF('Retail Media Investment Case'!E$15:E$1048576, 'Retail Media Investment Case'!G9, 'Retail Media Investment Case'!W$15:W$1048576) )
B12: Off-Site | C12: =IF(LEN('Retail Media Investment Case'!G9)=0, "", SUMIF('Retail Media Investment Case'!E$15:E$1048576, 'Retail Media Investment Case'!G9, 'Retail Media Investment Case'!X$15:X$1048576) )
B13: Total Forecasted Media Sales | D13: =SUM(C10:E12) -> 0
B15: Costs (€)
B16: Commisions to Media Agencies | D16: =IF(LEN('Retail Media Investment Case'!G9)=0, "", SUMIF('Retail Media Investment Case'!E$15:E$1048576, 'Retail Media Investment Case'!G9, 'Retail Media Investment Case'!AB$15:AB$1048576) )
B17: Cost of Sales | D17: =IF(LEN('Retail Media Investment Case'!G9)=0, "", SUMIF('Retail Media Investment Case'!E$15:E$1048576, 'Retail Media Investment Case'!G9, 'Retail Media Investment Case'!AC$15:AC$1048576) )
B18: Cost of Campaign Management | D18: =IF(LEN('Retail Media Investment Case'!G9)=0, "", SUMIF('Retail Media Investment Case'!E$15:E$1048576, 'Retail Media Investment Case'!G9, 'Retail Media Investment Case'!AD$15:AD$1048576) )
B19: Cost of Platform | D19: =IF(LEN('Retail Media Investment Case'!G9)=0, "", SUMIF('Retail Media Investment Case'!E$15:E$1048576, 'Retail Media Investment Case'!G9, 'Retail Media Investment Case'!AE$15:AE$1048576) )
B20: Total Operating Cost | D20: =SUM(D16:E19) -> 0
B21: Software Setup & Integrations | D21: =IF(LEN('Retail Media Investment Case'!G9)=0, "", SUMIF('Retail Media Investment Case'!E$15:E$1048576, 'Retail Media Investment Case'!G9, 'Retail Media Investment Case'!AI$15:AI$1048576) )
B22: Cloud & Processing Costs | D22: =IF(LEN('Retail Media Investment Case'!G9)=0, "", SUMIF('Retail Media Investment Case'!E$15:E$1048576, 'Retail Media Investment Case'!G9, 'Retail Media Investment Case'!AJ$15:AJ$1048576) )
B23: FTE Consumption: Commercial | D23: =IF(LEN('Retail Media Investment Case'!G9)=0, "", SUMIF('Retail Media Investment Case'!E$15:E$1048576, 'Retail Media Investment Case'!G9, 'Retail Media Investment Case'!AK$15:AK$1048576) )
B24: FTE Consumption: Marketing | D24: =IF(LEN('Retail Media Investment Case'!G9)=0, "", SUMIF('Retail Media Investment Case'!E$15:E$1048576, 'Retail Media Investment Case'!G9, 'Retail Media Investment Case'!AL$15:AL$1048576) )
B25: FTE Consumptions: IT & Digital | D25: =IF(LEN('Retail Media Investment Case'!G9)=0, "", SUMIF('Retail Media Investment Case'!E$15:E$1048576, 'Retail Media Investment Case'!G9, 'Retail Media Investment Case'!AM$15:AM$1048576) )
B26: CAPEX Investments | D26: =IF(LEN('Retail Media Investment Case'!G9)=0, "", SUMIF('Retail Media Investment Case'!E$15:E$1048576, 'Retail Media Investment Case'!G9, 'Retail Media Investment Case'!AN$15:AN$1048576) )
B27: Total Cost Including Setup & Cloud | D27: =SUM(D20:E26) -> 0
B29: Operating Profit - 2025 | D29: =D13+D20 -> 0

Sheet 2026 – Forecast store_name
B1: ="Retail Media Forecast " & Variables!B2 & " - 2026" -> Retail Media Forecast {store_name} - 2026
B4: Total Retail Media Impressions
B5: In-Store | C5: Digital Screens & Radio | E5: =IF(LEN('Retail Media Investment Case'!H9)=0, "", SUMIF('Retail Media Investment Case'!E$15:E$1048576, 'Retail Media Investment Case'!H9, 'Retail Media Investment Case'!I$15:I$1048576) ) -> 9740012
B6: On-Site | C6: Website & Mobile App | E6: =IF(LEN('Retail Media Investment Case'!H9)=0, "", SUMIF('Retail Media Investment Case'!E$15:E$1048576, 'Retail Media Investment Case'!H9, 'Retail Media Investment Case'!J$15:J$1048576) ) -> 83561.1
B7: Off-Site | C7: Social Media & Direct Comms | E7: =IF(LEN('Retail Media Investment Case'!H9)=0, "", SUMIF('Retail Media Investment Case'!E$15:E$1048576, 'Retail Media Investment Case'!H9, 'Retail Media Investment Case'!K$15:K$1048576) ) -> 17827355
B9: Forecasted Retail Media Sales
B10: In-Store | C10: =IF(LEN('Retail Media Investment Case'!H9)=0, "", SUMIF('Retail Media Investment Case'!E$15:E$1048576, 'Retail Media Investment Case'!H9, 'Retail Media Investment Case'!V$15:V$1048576) ) -> 16455.838
B11: On-Site | C11: =IF(LEN('Retail Media Investment Case'!H9)=0, "", SUMIF('Retail Media Investment Case'!E$15:E$1048576, 'Retail Media Investment Case'!H9, 'Retail Media Investment Case'!W$15:W$1048576) ) -> 105.88292
B12: Off-Site | C12: =IF(LEN('Retail Media Investment Case'!H9)=0, "", SUMIF('Retail Media Investment Case'!E$15:E$1048576, 'Retail Media Investment Case'!H9, 'Retail Media Investment Case'!X$15:X$1048576) ) -> 15059.738
B13: Total Forecasted Media Sales | D13: =SUM(C10:E12) -> 31621.459
B15: Costs (€)
B16: Commisions to Media Agencies | D16: =IF(LEN('Retail Media Investment Case'!H9)=0, "", SUMIF('Retail Media Investment Case'!E$15:E$1048576, 'Retail Media Investment Case'!H9, 'Retail Media Investment Case'!AB$15:AB$1048576) ) -> -3162.1459
B17: Cost of Sales | D17: =IF(LEN('Retail Media Investment Case'!H9)=0, "", SUMIF('Retail Media Investment Case'!E$15:E$1048576, 'Retail Media Investment Case'!H9, 'Retail Media Investment Case'!AC$15:AC$1048576) ) -> -2134.4485
B18: Cost of Campaign Management | D18: =IF(LEN('Retail Media Investment Case'!H9)=0, "", SUMIF('Retail Media Investment Case'!E$15:E$1048576, 'Retail Media Investment Case'!H9, 'Retail Media Investment Case'!AD$15:AD$1048576) ) -> -1422.9657
B19: Cost of Platform | D19: =IF(LEN('Retail Media Investment Case'!H9)=0, "", SUMIF('Retail Media Investment Case'!E$15:E$1048576, 'Retail Media Investment Case'!H9, 'Retail Media Investment Case'!AE$15:AE$1048576) ) -> -7114.8283
B20: Total Operating Cost | D20: =SUM(D16:E19) -> -13834.388
B21: Software Setup & Integrations | D21: =IF(LEN('Retail Media Investment Case'!H9)=0, "", SUMIF('Retail Media Investment Case'!E$15:E$1048576, 'Retail Media Investment Case'!H9, 'Retail Media Investment Case'!AI$15:AI$1048576) ) -> -20000
B22: Cloud & Processing Costs | D22: =IF(LEN('Retail Media Investment Case'!H9)=0, "", SUMIF('Retail Media Investment Case'!E$15:E$1048576, 'Retail Media Investment Case'!H9, 'Retail Media Investment Case'!AJ$15:AJ$1048576) ) -> -36504.904
B23: FTE Consumption: Commercial | D23: =IF(LEN('Retail Media Investment Case'!H9)=0, "", SUMIF('Retail Media Investment Case'!E$15:E$1048576, 'Retail Media Investment Case'!H9, 'Retail Media Investment Case'!AK$15:AK$1048576) ) -> 0
B24: FTE Consumption: Marketing | D24: =IF(LEN('Retail Media Investment Case'!H9)=0, "", SUMIF('Retail Media Investment Case'!E$15:E$1048576, 'Retail Media Investment Case'!H9, 'Retail Media Investment Case'!AL$15:AL$1048576) ) -> 0
B25: FTE Consumptions: IT & Digital | D25: =IF(LEN('Retail Media Investment Case'!H9)=0, "", SUMIF('Retail Media Investment Case'!E$15:E$1048576, 'Retail Media Investment Case'!H9, 'Retail Media Investment Case'!AM$15:AM$1048576) ) -> 0
B26: CAPEX Investments | D26: =IF(LEN('Retail Media Investment Case'!H9)=0, "", SUMIF('Retail Media Investment Case'!E$15:E$1048576, 'Retail Media Investment Case'!H9, 'Retail Media Investment Case'!AN$15:AN$1048576) ) -> 0
B27: Total Cost Including Setup & Cloud | D27: =SUM(D21:E26) -> -56504.904
B29: Operating Profit - 2026 | D29: =D13+D20 -> 17787.071

Sheet 2027 – Forecast store_name
B1: ="Retail Media Forecast " & Variables!B2 & " - 2027" -> Retail Media Forecast {store_name} - 2027
B4: Total Retail Media Impressions
B5: In-Store | C5: Digital Screens & Radio | E5: =IF(LEN('Retail Media Investment Case'!I9)=0, "", SUMIF('Retail Media Investment Case'!E$15:E$1048576, 'Retail Media Investment Case'!I9, 'Retail Media Investment Case'!I$15:I$1048576) ) -> 10340755
B6: On-Site | C6: Website & Mobile App | E6: =IF(LEN('Retail Media Investment Case'!I9)=0, "", SUMIF('Retail Media Investment Case'!E$15:E$1048576, 'Retail Media Investment Case'!I9, 'Retail Media Investment Case'!J$15:J$1048576) ) -> 88714.965
B7: Off-Site | C7: Social Media & Direct Comms | E7: =IF(LEN('Retail Media Investment Case'!I9)=0, "", SUMIF('Retail Media Investment Case'!E$15:E$1048576, 'Retail Media Investment Case'!I9, 'Retail Media Investment Case'!K$15:K$1048576) ) -> 18926907
B9: Forecasted Retail Media Sales
B10: In-Store | C10: =IF(LEN('Retail Media Investment Case'!I9)=0, "", SUMIF('Retail Media Investment Case'!E$15:E$1048576, 'Retail Media Investment Case'!I9, 'Retail Media Investment Case'!V$15:V$1048576) ) -> 37325.047
B11: On-Site | C11: =IF(LEN('Retail Media Investment Case'!I9)=0, "", SUMIF('Retail Media Investment Case'!E$15:E$1048576, 'Retail Media Investment Case'!I9, 'Retail Media Investment Case'!W$15:W$1048576) ) -> 240.1631
B12: Off-Site | C12: =IF(LEN('Retail Media Investment Case'!I9)=0, "", SUMIF('Retail Media Investment Case'!E$15:E$1048576, 'Retail Media Investment Case'!I9, 'Retail Media Investment Case'!X$15:X$1048576) ) -> 34158.421
B13: Total Forecasted Media Sales | D13: =SUM(C10:E12) -> 71723.631
B15: Costs (€)
B16: Commisions to Media Agencies | D16: =IF(LEN('Retail Media Investment Case'!I9)=0, "", SUMIF('Retail Media Investment Case'!E$15:E$1048576, 'Retail Media Investment Case'!I9, 'Retail Media Investment Case'!AB$15:AB$1048576) ) -> -7172.3631
B17: Cost of Sales | D17: =IF(LEN('Retail Media Investment Case'!I9)=0, "", SUMIF('Retail Media Investment Case'!E$15:E$1048576, 'Retail Media Investment Case'!I9, 'Retail Media Investment Case'!AC$15:AC$1048576) ) -> -4841.3451
B18: Cost of Campaign Management | D18: =IF(LEN('Retail Media Investment Case'!I9)=0, "", SUMIF('Retail Media Investment Case'!E$15:E$1048576, 'Retail Media Investment Case'!I9, 'Retail Media Investment Case'!AD$15:AD$1048576) ) -> -3227.5634
B19: Cost of Platform | D19: =IF(LEN('Retail Media Investment Case'!I9)=0, "", SUMIF('Retail Media Investment Case'!E$15:E$1048576, 'Retail Media Investment Case'!I9, 'Retail Media Investment Case'!AE$15:AE$1048576) ) -> -16137.817
B20: Total Operating Cost | D20: =SUM(D16:E19) -> -31379.088
B21: Software Setup & Integrations | D21: =IF(LEN('Retail Media Investment Case'!I9)=0, "", SUMIF('Retail Media Investment Case'!E$15:E$1048576, 'Retail Media Investment Case'!I9, 'Retail Media Investment Case'!AI$15:AI$1048576) ) -> 0
B22: Cloud & Processing Costs | D22: =IF(LEN('Retail Media Investment Case'!I9)=0, "", SUMIF('Retail Media Investment Case'!E$15:E$1048576, 'Retail Media Investment Case'!I9, 'Retail Media Investment Case'!AJ$15:AJ$1048576) ) -> -55161.416
B23: FTE Consumption: Commercial | D23: =IF(LEN('Retail Media Investment Case'!I9)=0, "", SUMIF('Retail Media Investment Case'!E$15:E$1048576, 'Retail Media Investment Case'!I9, 'Retail Media Investment Case'!AK$15:AK$1048576) ) -> 0
B24: FTE Consumption: Marketing | D24: =IF(LEN('Retail Media Investment Case'!I9)=0, "", SUMIF('Retail Media Investment Case'!E$15:E$1048576, 'Retail Media Investment Case'!I9, 'Retail Media Investment Case'!AL$15:AL$1048576) ) -> 0
B25: FTE Consumptions: IT & Digital | D25: =IF(LEN('Retail Media Investment Case'!I9)=0, "", SUMIF('Retail Media Investment Case'!E$15:E$1048576, 'Retail Media Investment Case'!I9, 'Retail Media Investment Case'!AM$15:AM$1048576) ) -> 0
B26: CAPEX Investments | D26: =IF(LEN('Retail Media Investment Case'!I9)=0, "", SUMIF('Retail Media Investment Case'!E$15:E$1048576, 'Retail Media Investment Case'!I9, 'Retail Media Investment Case'!AN$15:AN$1048576) ) -> 0
B27: Total Cost Including Setup & Cloud | D27: =SUM(D21:E26) -> -55161.416
B29: Operating Profit - 2026 | D29: =D13+D20 -> 40344.542

Sheet 2028 – Forecast store_name
B1: ="Retail Media Forecast " & Variables!B2 & " - 2028" -> Retail Media Forecast {store_name} - 2028
B4: Total Retail Media Impressions
B5: In-Store | C5: Digital Screens & Radio | E5: =IF(LEN('Retail Media Investment Case'!J9)=0, "", SUMIF('Retail Media Investment Case'!E$15:E$1048576, 'Retail Media Investment Case'!J9, 'Retail Media Investment Case'!I$15:I$1048576) ) -> 10978550
B6: On-Site | C6: Website & Mobile App | E6: =IF(LEN('Retail Media Investment Case'!J9)=0, "", SUMIF('Retail Media Investment Case'!E$15:E$1048576, 'Retail Media Investment Case'!J9, 'Retail Media Investment Case'!J$15:J$1048576) ) -> 94186.71
B7: Off-Site | C7: Social Media & Direct Comms | E7: =IF(LEN('Retail Media Investment Case'!J9)=0, "", SUMIF('Retail Media Investment Case'!E$15:E$1048576, 'Retail Media Investment Case'!J9, 'Retail Media Investment Case'!K$15:K$1048576) ) -> 20094277
B9: Forecasted Retail Media Sales
B10: In-Store | C10: =IF(LEN('Retail Media Investment Case'!J9)=0, "", SUMIF('Retail Media Investment Case'!E$15:E$1048576, 'Retail Media Investment Case'!J9, 'Retail Media Investment Case'!V$15:V$1048576) ) -> 60705.99
B11: On-Site | C11: =IF(LEN('Retail Media Investment Case'!J9)=0, "", SUMIF('Retail Media Investment Case'!E$15:E$1048576, 'Retail Media Investment Case'!J9, 'Retail Media Investment Case'!W$15:W$1048576) ) -> 390.6047
B12: Off-Site | C12: =IF(LEN('Retail Media Investment Case'!J9)=0, "", SUMIF('Retail Media Investment Case'!E$15:E$1048576, 'Retail Media Investment Case'!J9, 'Retail Media Investment Case'!X$15:X$1048576) ) -> 55555.743
B13: Total Forecasted Media Sales | D13: =SUM(C10:E12) -> 116652.34
B15: Costs (€)
B16: Commisions to Media Agencies | D16: =IF(LEN('Retail Media Investment Case'!J9)=0, "", SUMIF('Retail Media Investment Case'!E$15:E$1048576, 'Retail Media Investment Case'!J9, 'Retail Media Investment Case'!AB$15:AB$1048576) ) -> -11665.234
B17: Cost of Sales | D17: =IF(LEN('Retail Media Investment Case'!J9)=0, "", SUMIF('Retail Media Investment Case'!E$15:E$1048576, 'Retail Media Investment Case'!J9, 'Retail Media Investment Case'!AC$15:AC$1048576) ) -> -7874.0328
B18: Cost of Campaign Management | D18: =IF(LEN('Retail Media Investment Case'!J9)=0, "", SUMIF('Retail Media Investment Case'!E$15:E$1048576, 'Retail Media Investment Case'!J9, 'Retail Media Investment Case'!AD$15:AD$1048576) ) -> -5249.3552
B19: Cost of Platform | D19: =IF(LEN('Retail Media Investment Case'!J9)=0, "", SUMIF('Retail Media Investment Case'!E$15:E$1048576, 'Retail Media Investment Case'!J9, 'Retail Media Investment Case'!AE$15:AE$1048576) ) -> -26246.776
B20: Total Operating Cost | D20: =SUM(D16:E19) -> -51035.398
B21: Software Setup & Integrations | D21: =IF(LEN('Retail Media Investment Case'!J9)=0, "", SUMIF('Retail Media Investment Case'!E$15:E$1048576, 'Retail Media Investment Case'!J9, 'Retail Media Investment Case'!AI$15:AI$1048576) ) -> 0
B22: Cloud & Processing Costs | D22: =IF(LEN('Retail Media Investment Case'!J9)=0, "", SUMIF('Retail Media Investment Case'!E$15:E$1048576, 'Retail Media Investment Case'!J9, 'Retail Media Investment Case'!AJ$15:AJ$1048576) ) -> -83352.687
B23: FTE Consumption: Commercial | D23: =IF(LEN('Retail Media Investment Case'!J9)=0, "", SUMIF('Retail Media Investment Case'!E$15:E$1048576, 'Retail Media Investment Case'!J9, 'Retail Media Investment Case'!AK$15:AK$1048576) ) -> 0
B24: FTE Consumption: Marketing | D24: =IF(LEN('Retail Media Investment Case'!J9)=0, "", SUMIF('Retail Media Investment Case'!E$15:E$1048576, 'Retail Media Investment Case'!J9, 'Retail Media Investment Case'!AL$15:AL$1048576) ) -> 0
B25: FTE Consumptions: IT & Digital | D25: =IF(LEN('Retail Media Investment Case'!J9)=0, "", SUMIF('Retail Media Investment Case'!E$15:E$1048576, 'Retail Media Investment Case'!J9, 'Retail Media Investment Case'!AM$15:AM$1048576) ) -> 0
B26: CAPEX Investments | D26: =IF(LEN('Retail Media Investment Case'!J9)=0, "", SUMIF('Retail Media Investment Case'!E$15:E$1048576, 'Retail Media Investment Case'!J9, 'Retail Media Investment Case'!AN$15:AN$1048576) ) -> 0
B27: Total Cost Including Setup & Cloud | D27: =SUM(D21:E26) -> -83352.687
B29: Operating Profit - 2026 | D29: =D13+D20 -> 65616.94

Sheet 2029 – Forecast store_name
B1: ="Retail Media Forecast " & Variables!B2 & " - 2029" -> Retail Media Forecast {store_name} - 2029
B4: Total Retail Media Impressions
B5: In-Store | C5: Digital Screens & Radio | E5: =IF(LEN('Retail Media Investment Case'!K9)=0, "", SUMIF('Retail Media Investment Case'!E$15:E$1048576, 'Retail Media Investment Case'!K9, 'Retail Media Investment Case'!I$15:I$1048576) )
B6: On-Site | C6: Website & Mobile App | E6: =IF(LEN('Retail Media Investment Case'!K9)=0, "", SUMIF('Retail Media Investment Case'!E$15:E$1048576, 'Retail Media Investment Case'!K9, 'Retail Media Investment Case'!J$15:J$1048576) )
B7: Off-Site | C7: Social Media & Direct Comms | E7: =IF(LEN('Retail Media Investment Case'!K9)=0, "", SUMIF('Retail Media Investment Case'!E$15:E$1048576, 'Retail Media Investment Case'!K9, 'Retail Media Investment Case'!K$15:K$1048576) )
B9: Forecasted Retail Media Sales
B10: In-Store | C10: =IF(LEN('Retail Media Investment Case'!K9)=0, "", SUMIF('Retail Media Investment Case'!E$15:E$1048576, 'Retail Media Investment Case'!K9, 'Retail Media Investment Case'!V$15:V$1048576) )
B11: On-Site | C11: =IF(LEN('Retail Media Investment Case'!K9)=0, "", SUMIF('Retail Media Investment Case'!E$15:E$1048576, 'Retail Media Investment Case'!K9, 'Retail Media Investment Case'!W$15:W$1048576) )
B12: Off-Site | C12: =IF(LEN('Retail Media Investment Case'!K9)=0, "", SUMIF('Retail Media Investment Case'!E$15:E$1048576, 'Retail Media Investment Case'!K9, 'Retail Media Investment Case'!X$15:X$1048576) )
B13: Total Forecasted Media Sales | D13: =SUM(C10:E12) -> 0
B15: Costs (€)
B16: Commisions to Media Agencies | D16: =IF(LEN('Retail Media Investment Case'!K9)=0, "", SUMIF('Retail Media Investment Case'!E$15:E$1048576, 'Retail Media Investment Case'!K9, 'Retail Media Investment Case'!AB$15:AB$1048576) )
B17: Cost of Sales | D17: =IF(LEN('Retail Media Investment Case'!K9)=0, "", SUMIF('Retail Media Investment Case'!E$15:E$1048576, 'Retail Media Investment Case'!K9, 'Retail Media Investment Case'!AC$15:AC$1048576) )
B18: Cost of Campaign Management | D18: =IF(LEN('Retail Media Investment Case'!K9)=0, "", SUMIF('Retail Media Investment Case'!E$15:E$1048576, 'Retail Media Investment Case'!K9, 'Retail Media Investment Case'!AD$15:AD$1048576) )
B19: Cost of Platform | D19: =IF(LEN('Retail Media Investment Case'!K9)=0, "", SUMIF('Retail Media Investment Case'!E$15:E$1048576, 'Retail Media Investment Case'!K9, 'Retail Media Investment Case'!AE$15:AE$1048576) )
B20: Total Operating Cost | D20: =SUM(D16:E19) -> 0
B21: Software Setup & Integrations | D21: =IF(LEN('Retail Media Investment Case'!K9)=0, "", SUMIF('Retail Media Investment Case'!E$15:E$1048576, 'Retail Media Investment Case'!K9, 'Retail Media Investment Case'!AI$15:AI$1048576) )
B22: Cloud & Processing Costs | D22: =IF(LEN('Retail Media Investment Case'!K9)=0, "", SUMIF('Retail Media Investment Case'!E$15:E$1048576, 'Retail Media Investment Case'!K9, 'Retail Media Investment Case'!AJ$15:AJ$1048576) )
B23: FTE Consumption: Commercial | D23: =IF(LEN('Retail Media Investment Case'!K9)=0, "", SUMIF('Retail Media Investment Case'!E$15:E$1048576, 'Retail Media Investment Case'!K9, 'Retail Media Investment Case'!AK$15:AK$1048576) )
B24: FTE Consumption: Marketing | D24: =IF(LEN('Retail Media Investment Case'!K9)=0, "", SUMIF('Retail Media Investment Case'!E$15:E$1048576, 'Retail Media Investment Case'!K9, 'Retail Media Investment Case'!AL$15:AL$1048576) )
B25: FTE Consumptions: IT & Digital | D25: =IF(LEN('Retail Media Investment Case'!K9)=0, "", SUMIF('Retail Media Investment Case'!E$15:E$1048576, 'Retail Media Investment Case'!K9, 'Retail Media Investment Case'!AM$15:AM$1048576) )
B26: CAPEX Investments | D26: =IF(LEN('Retail Media Investment Case'!K9)=0, "", SUMIF('Retail Media Investment Case'!E$15:E$1048576, 'Retail Media Investment Case'!K9, 'Retail Media Investment Case'!AN$15:AN$1048576) )
B27: Total Cost Including Setup & Cloud | D27: =SUM(D21:E26) -> 0
B29: Operating Profit - 2026 | D29: =D13+D20 -> 0

Sheet Graphics
B2: Share of Media Impressions over 3 years | H2: =IF(LEN('Retail Media Investment Case'!G9)=0, "",'Retail Media Investment Case'!G9) | N2: =IF(LEN('Retail Media Investment Case'!H9)=0, "",'Retail Media Investment Case'!H9) -> 2026 | T2: =IF(LEN('Retail Media Investment Case'!I9)=0, "",'Retail Media Investment Case'!I9) -> 2027 | Z2: =IF(LEN('Retail Media Investment Case'!J9)=0,"",'Retail Media Investment Case'!J9) -> 2028 | AF2: =IF(LEN('Retail Media Investment Case'!K9)=0,"",'Retail Media Investment Case'!K9)
B4: In-Store | C4: =SUM(IF(LEN('Retail Media Investment Case'!G9)=0,0,'2025 – Forecast store_name'!E5)+IF(LEN('Retail Media Investment Case'!H9)=0,0,'2026 – Forecast store_name'!E5)+IF(LEN('Retail Media Investment Case'!I9)=0,0,'2027 – Forecast store_name'!E5)+IF(LEN('Retail Media Investment Case'!J9)=0,0,'2028 – Forecast store_name'!E5)+IF(LEN('Retail Media Investment Case'!K9)=0,0,'2029 – Forecast store_name'!E5)) -> 31059316 | G4: =IF(ISNUMBER(H2),"In-Store","") | H4: =IF(ISNUMBER(H2),'2025 – Forecast store_name'!E5,"") | N4: In-Store | O4: ='2026 – Forecast store_name'!E5 -> 9740012 | T4: In-Store | U4: ='2027 – Forecast store_name'!E5 -> 10340755 | Z4: In-Store | AA4: ='2028 – Forecast store_name'!E5 -> 10978550 | AF4: In-Store | AG4: ='2029 – Forecast store_name'!$E$5
B5: On-Site | C5: =SUM( IF(LEN('Retail Media Investment Case'!G9)=0,0,'2025 – Forecast store_name'!E6) + IF(LEN('Retail Media Investment Case'!H9)=0,0,'2026 – Forecast store_name'!E6) + IF(LEN('Retail Media Investment Case'!I9)=0,0,'2027 – Forecast store_name'!E6) + IF(LEN('Retail Media Investment Case'!J9)=0,0,'2028 – Forecast store_name'!E6) + IF(LEN('Retail Media Investment Case'!K9)=0,0,'2029 – Forecast store_name'!E6) ) -> 266462.78 | G5: =IF(ISNUMBER(H2),"On-Site","") | H5: =IF(ISNUMBER(H2),'2025 – Forecast store_name'!E6,"") | N5: On-Site | O5: ='2026 – Forecast store_name'!E6 -> 83561.1 | T5: On-Site | U5: ='2027 – Forecast store_name'!E6 -> 88714.965 | Z5: On-Site | AA5: ='2028 – Forecast store_name'!E6 -> 94186.71 | AF5: On-Site | AG5: ='2029 – Forecast store_name'!E6
B6: Off-Site | C6: =SUM( IF(LEN('Retail Media Investment Case'!G9)=0,0,'2025 – Forecast store_name'!E7) + IF(LEN('Retail Media Investment Case'!H9)=0,0,'2026 – Forecast store_name'!E7) + IF(LEN('Retail Media Investment Case'!I9)=0,0,'2027 – Forecast store_name'!E7) + IF(LEN('Retail Media Investment Case'!J9)=0,0,'2028 – Forecast store_name'!E7) + IF(LEN('Retail Media Investment Case'!K9)=0,0,'2029 – Forecast store_name'!E7) ) -> 56848539 | G6: =IF(ISNUMBER(H2),"Off-Site","") | H6: =IF(ISNUMBER(H2),'2025 – Forecast store_name'!E7,"") | N6: Off-Site | O6: ='2026 – Forecast store_name'!E7 -> 17827355 | T6: Off-Site | U6: ='2027 – Forecast store_name'!E7 -> 18926907 | Z6: Off-Site | AA6: ='2028 – Forecast store_name'!E7 -> 20094277 | AF6: Off-Site | AG6: ='2029 – Forecast store_name'!E7
T7: =ISTEXT(U4) -> FALSE | Z7: =ISTEXT(AA4) -> FALSE
B23: Share of Media Revenue Total Period | G23: =IF(LEN('Retail Media Investment Case'!G9)=0, "",'Retail Media Investment Case'!G9) | N23: =IF(LEN('Retail Media Investment Case'!H9)=0, "",'Retail Media Investment Case'!H9) -> 2026 | T23: =IF(LEN('Retail Media Investment Case'!I9)=0, "",'Retail Media Investment Case'!I9) -> 2027 | Z23: =IF(LEN('Retail Media Investment Case'!J9)=0, "",'Retail Media Investment Case'!J9) -> 2028 | AF23: =IF(LEN('Retail Media Investment Case'!K9)=0,"",'Retail Media Investment Case'!K9)
B25: In-Store | C25: =SUM( IF(LEN('Retail Media Investment Case'!G9)=0,0,SUM('2025 – Forecast store_name'!C10:E10)) + IF(LEN('Retail Media Investment Case'!H9)=0,0,SUM('2026 – Forecast store_name'!C10:E10)) + IF(LEN('Retail Media Investment Case'!I9)=0,0,SUM('2027 – Forecast store_name'!C10:E10)) + IF(LEN('Retail Media Investment Case'!J9)=0,0,SUM('2028 – Forecast store_name'!C10:E10)) + IF(LEN('Retail Media Investment Case'!K9)=0,0,SUM('2029 – Forecast store_name'!C10:E10)) ) -> 114486.87 | G25: In-Store | H25: {='2025 – Forecast store_name'!C10:E10} | I25: 0 | J25: 0 | N25: In-Store | O25: {='2026 – Forecast store_name'!C10:E10} -> 16455.838 | P25: 0 | Q25: 0 | T25: In-Store | U25: {='2027 – Forecast store_name'!C10:E10} -> 37325.047 | V25: 0 | W25: 0 | Z25: In-Store | AA25: {='2028 – Forecast store_name'!C10:E10} -> 60705.99 | AB25: 0 | AC25: 0 | AF25: In-Store | AG25: {='2029 – Forecast store_name'!C10:E10} | AH25: 0 | AI25: 0
B26: On-Site | C26: =SUM( IF(LEN('Retail Media Investment Case'!G9)=0,0,SUM('2025 – Forecast store_name'!C11:E11)) + IF(LEN('Retail Media Investment Case'!H9)=0,0,SUM('2026 – Forecast store_name'!C11:E11)) + IF(LEN('Retail Media Investment Case'!I9)=0,0,SUM('2027 – Forecast store_name'!C11:E11)) + IF(LEN('Retail Media Investment Case'!J9)=0,0,SUM('2028 – Forecast store_name'!C11:E11)) + IF(LEN('Retail Media Investment Case'!K9)=0,0,SUM('2029 – Forecast store_name'!C11:E11)) ) -> 736.65072 | G26: On-Site | H26: {='2025 – Forecast store_name'!C11:E11} | I26: 0 | J26: 0 | N26: On-Site | O26: {='2026 – Forecast store_name'!C11:E11} -> 105.88292 | P26: 0 | Q26: 0 | T26: On-Site | U26: {='2027 – Forecast store_name'!C11:E11} -> 240.1631 | V26: 0 | W26: 0 | Z26: On-Site | AA26: {='2028 – Forecast store_name'!C11:E11} -> 390.6047 | AB26: 0 | AC26: 0 | AF26: On-Site | AG26: {='2029 – Forecast store_name'!C11:E11} | AH26: 0 | AI26: 0
B27: Off-Site | C27: =SUM( IF(LEN('Retail Media Investment Case'!G9)=0,0,SUM('2025 – Forecast store_name'!C12:E12)) + IF(LEN('Retail Media Investment Case'!H9)=0,0,SUM('2026 – Forecast store_name'!C12:E12)) + IF(LEN('Retail Media Investment Case'!I9)=0,0,SUM('2027 – Forecast store_name'!C12:E12)) + IF(LEN('Retail Media Investment Case'!J9)=0,0,SUM('2028 – Forecast store_name'!C12:E12)) + IF(LEN('Retail Media Investment Case'!K9)=0,0,SUM('2029 – Forecast store_name'!C12:E12)) ) -> 104773.9 | G27: Off-Site | H27: {='2025 – Forecast store_name'!C12:E12} | I27: 0 | J27: 0 | N27: Off-Site | O27: {='2026 – Forecast store_name'!C12:E12} -> 15059.738 | P27: 0 | Q27: 0 | T27: Off-Site | U27: {='2027 – Forecast store_name'!C12:E12} -> 34158.421 | V27: 0 | W27: 0 | Z27: Off-Site | AA27: {='2028 – Forecast store_name'!C12:E12} -> 55555.743 | AB27: 0 | AC27: 0 | AF27: Off-Site | AG27: {='2029 – Forecast store_name'!C12:E12} | AH27: 0 | AI27: 0
C45: =IF('Retail Media Investment Case'!C15,'Retail Media Investment Case'!C15,"") -> 46023 | D45: =IF(C45<EDATE(Variables!$B$31,Variables!$B$32-1),EDATE(C45,1),"") -> 46054 | E45: =IF(D45<EDATE(Variables!$B$31,Variables!$B$32-1),EDATE(D45,1),"") -> 46082 | F45: =IF(E45<EDATE(Variables!$B$31,Variables!$B$32-1),EDATE(E45,1),"") -> 46113 | G45: =IF(F45<EDATE(Variables!$B$31,Variables!$B$32-1),EDATE(F45,1),"") -> 46143 | H45: =IF(G45<EDATE(Variables!$B$31,Variables!$B$32-1),EDATE(G45,1),"") -> 46174 | I45: =IF(H45<EDATE(Variables!$B$31,Variables!$B$32-1),EDATE(H45,1),"") -> 46204 | J45: =IF(I45<EDATE(Variables!$B$31,Variables!$B$32-1),EDATE(I45,1),"") -> 46235 | K45: =IF(J45<EDATE(Variables!$B$31,Variables!$B$32-1),EDATE(J45,1),"") -> 46266 | ... BK45: =IF(BJ45<EDATE(Variables!$B$31,Variables!$B$32-1),EDATE(BJ45,1),"") | BL45: =IF(BK45<EDATE(Variables!$B$31,Variables!$B$32),EDATE(BK45,1),"") | BM45: =IF(BL45<EDATE(Variables!$B$31,Variables!$B$32),EDATE(BL45,1),"") | BN45: =IF(BM45<EDATE(Variables!$B$31,Variables!$B$32),EDATE(BM45,1),"") | BO45: =IF(BN45<EDATE(Variables!$B$31,Variables!$B$32),EDATE(BN45,1),"") | BP45: =IF(BO45<EDATE(Variables!$B$31,Variables!$B$32),EDATE(BO45,1),"") | BQ45: =IF(BP45<EDATE(Variables!$B$31,Variables!$B$32),EDATE(BP45,1),"") | BR45: =IF(BQ45<EDATE(Variables!$B$31,Variables!$B$32),EDATE(BQ45,1),"") | BS45: =IF(BR45<EDATE(Variables!$B$31,Variables!$B$32),EDATE(BR45,1),"") | ... CJ45: =IF(CI45<EDATE(Variables!$B$31,Variables!$B$32),EDATE(CI45,1),"")
B46: Impressions Potential | C46: {=_xlfn.LET(_xlpm.v, INDEX('Retail Media Investment Case'!$L:$L, 15 + COLUMNS($I:I)-1), IF(OR(_xlpm.v="", _xlpm.v=0), "", _xlpm.v))} -> 2241562 | D46: {=_xlfn.LET(_xlpm.v, INDEX('Retail Media Investment Case'!$L:$L, 15 + COLUMNS($I:J)-1), IF(OR(_xlpm.v="", _xlpm.v=0), "", _xlpm.v))} -> 2252769.8 | E46: {=_xlfn.LET(_xlpm.v, INDEX('Retail Media Investment Case'!$L:$L, 15 + COLUMNS($I:K)-1), IF(OR(_xlpm.v="", _xlpm.v=0), "", _xlpm.v))} -> 2264033.7 | F46: {=_xlfn.LET(_xlpm.v, INDEX('Retail Media Investment Case'!$L:$L, 15 + COLUMNS($I:L)-1), IF(OR(_xlpm.v="", _xlpm.v=0), "", _xlpm.v))} -> 2275353.8 | G46: {=_xlfn.LET(_xlpm.v, INDEX('Retail Media Investment Case'!$L:$L, 15 + COLUMNS($I:M)-1), IF(OR(_xlpm.v="", _xlpm.v=0), "", _xlpm.v))} -> 2286730.6 | H46: {=_xlfn.LET(_xlpm.v, INDEX('Retail Media Investment Case'!$L:$L, 15 + COLUMNS($I:N)-1), IF(OR(_xlpm.v="", _xlpm.v=0), "", _xlpm.v))} -> 2298164.2 | I46: {=_xlfn.LET(_xlpm.v, INDEX('Retail Media Investment Case'!$L:$L, 15 + COLUMNS($I:O)-1), IF(OR(_xlpm.v="", _xlpm.v=0), "", _xlpm.v))} -> 2309655.1 | J46: {=_xlfn.LET(_xlpm.v, INDEX('Retail Media Investment Case'!$L:$L, 15 + COLUMNS($I:P)-1), IF(OR(_xlpm.v="", _xlpm.v=0), "", _xlpm.v))} -> 2321203.3 | K46: {=_xlfn.LET(_xlpm.v, INDEX('Retail Media Investment Case'!$L:$L, 15 + COLUMNS($I:Q)-1), IF(OR(_xlpm.v="", _xlpm.v=0), "", _xlpm.v))} -> 2332809.4 | L46: {=_xlfn.LET(_xlpm.v, INDEX('Retail Media Investment Case'!$L:$L, 15 + COLUMNS($I:R)-1), IF(OR(_xlpm.v="", _xlpm.v=0), "", _xlpm.v))} -> 2344473.4 | M46: {=_xlfn.LET(_xlpm.v, INDEX('Retail Media Investment Case'!$L:$L, 15 + COLUMNS($I:S)-1), IF(OR(_xlpm.v="", _xlpm.v=0), "", _xlpm.v))} -> 2356195.8 | N46: {=_xlfn.LET(_xlpm.v, INDEX('Retail Media Investment Case'!$L:$L, 15 + COLUMNS($I:T)-1), IF(OR(_xlpm.v="", _xlpm.v=0), "", _xlpm.v))} -> 2367976.8 | O46: {=_xlfn.LET(_xlpm.v, INDEX('Retail Media Investment Case'!$L:$L, 15 + COLUMNS($I:U)-1), IF(OR(_xlpm.v="", _xlpm.v=0), "", _xlpm.v))} -> 2379816.6 | P46: {=_xlfn.LET(_xlpm.v, INDEX('Retail Media Investment Case'!$L:$L, 15 + COLUMNS($I:V)-1), IF(OR(_xlpm.v="", _xlpm.v=0), "", _xlpm.v))} -> 2391715.7 | Q46: {=_xlfn.LET(_xlpm.v, INDEX('Retail Media Investment Case'!$L:$L, 15 + COLUMNS($I:W)-1), IF(OR(_xlpm.v="", _xlpm.v=0), "", _xlpm.v))} -> 2403674.3 | R46: {=_xlfn.LET(_xlpm.v, INDEX('Retail Media Investment Case'!$L:$L, 15 + COLUMNS($I:X)-1), IF(OR(_xlpm.v="", _xlpm.v=0), "", _xlpm.v))} -> 2415692.7 | S46: {=_xlfn.LET(_xlpm.v, INDEX('Retail Media Investment Case'!$L:$L, 15 + COLUMNS($I:Y)-1), IF(OR(_xlpm.v="", _xlpm.v=0), "", _xlpm.v))} -> 2427771.1 | T46: {=_xlfn.LET(_xlpm.v, INDEX('Retail Media Investment Case'!$L:$L, 15 + COLUMNS($I:Z)-1), IF(OR(_xlpm.v="", _xlpm.v=0), "", _xlpm.v))} -> 2439910 | U46: {=_xlfn.LET(_xlpm.v, INDEX('Retail Media Investment Case'!$L:$L, 15 + COLUMNS($I:AA)-1), IF(OR(_xlpm.v="", _xlpm.v=0), "", _xlpm.v))} -> 2452109.5 | V46: {=_xlfn.LET(_xlpm.v, INDEX('Retail Media Investment Case'!$L:$L, 15 + COLUMNS($I:AB)-1), IF(OR(_xlpm.v="", _xlpm.v=0), "", _xlpm.v))} -> 2464370.1 | W46: {=_xlfn.LET(_xlpm.v, INDEX('Retail Media Investment Case'!$L:$L, 15 + COLUMNS($I:AC)-1), IF(OR(_xlpm.v="", _xlpm.v=0), "", _xlpm.v))} -> 2476691.9 | X46: {=_xlfn.LET(_xlpm.v, INDEX('Retail Media Investment Case'!$L:$L, 15 + COLUMNS($I:AD)-1), IF(OR(_xlpm.v="", _xlpm.v=0), "", _xlpm.v))} -> 2489075.4 | Y46: {=_xlfn.LET(_xlpm.v, INDEX('Retail Media Investment Case'!$L:$L, 15 + COLUMNS($I:AE)-1), IF(OR(_xlpm.v="", _xlpm.v=0), "", _xlpm.v))} -> 2501520.8 | Z46: {=_xlfn.LET(_xlpm.v, INDEX('Retail Media Investment Case'!$L:$L, 15 + COLUMNS($I:AF)-1), IF(OR(_xlpm.v="", _xlpm.v=0), "", _xlpm.v))} -> 2514028.4 | AA46: {=_xlfn.LET(_xlpm.v, INDEX('Retail Media Investment Case'!$L:$L, 15 + COLUMNS($I:AG)-1), IF(OR(_xlpm.v="", _xlpm.v=0), "", _xlpm.v))} -> 2526598.5 | AB46: {=_xlfn.LET(_xlpm.v, INDEX('Retail Media Investment Case'!$L:$L, 15 + COLUMNS($I:AH)-1), IF(OR(_xlpm.v="", _xlpm.v=0), "", _xlpm.v))} -> 2539231.5 | AC46: {=_xlfn.LET(_xlpm.v, INDEX('Retail Media Investment Case'!$L:$L, 15 + COLUMNS($I:AI)-1), IF(OR(_xlpm.v="", _xlpm.v=0), "", _xlpm.v))} -> 2551927.7 | AD46: {=_xlfn.LET(_xlpm.v, INDEX('Retail Media Investment Case'!$L:$L, 15 + COLUMNS($I:AJ)-1), IF(OR(_xlpm.v="", _xlpm.v=0), "", _xlpm.v))} -> 2564687.3 | AE46: {=_xlfn.LET(_xlpm.v, INDEX('Retail Media Investment Case'!$L:$L, 15 + COLUMNS($I:AK)-1), IF(OR(_xlpm.v="", _xlpm.v=0), "", _xlpm.v))} -> 2577510.7 | AF46: {=_xlfn.LET(_xlpm.v, INDEX('Retail Media Investment Case'!$L:$L, 15 + COLUMNS($I:AL)-1), IF(OR(_xlpm.v="", _xlpm.v=0), "", _xlpm.v))} -> 2590398.3 | AG46: {=_xlfn.LET(_xlpm.v, INDEX('Retail Media Investment Case'!$L:$L, 15 + COLUMNS($I:AM)-1), IF(OR(_xlpm.v="", _xlpm.v=0), "", _xlpm.v))} -> 2603350.3 | AH46: {=_xlfn.LET(_xlpm.v, INDEX('Retail Media Investment Case'!$L:$L, 15 + COLUMNS($I:AN)-1), IF(OR(_xlpm.v="", _xlpm.v=0), "", _xlpm.v))} -> 2616367 | AI46: {=_xlfn.LET(_xlpm.v, INDEX('Retail Media Investment Case'!$L:$L, 15 + COLUMNS($I:AO)-1), IF(OR(_xlpm.v="", _xlpm.v=0), "", _xlpm.v))} -> 2629448.9 | AJ46: {=_xlfn.LET(_xlpm.v, INDEX('Retail Media Investment Case'!$L:$L, 15 + COLUMNS($I:AP)-1), IF(OR(_xlpm.v="", _xlpm.v=0), "", _xlpm.v))} -> 2642596.1 | AK46: {=_xlfn.LET(_xlpm.v, INDEX('Retail Media Investment Case'!$L:$L, 15 + COLUMNS($I:AQ)-1), IF(OR(_xlpm.v="", _xlpm.v=0), "", _xlpm.v))} -> 2655809.1 | AL46: {=_xlfn.LET(_xlpm.v, INDEX('Retail Media Investment Case'!$L:$L, 15 + COLUMNS($I:AR)-1), IF(OR(_xlpm.v="", _xlpm.v=0), "", _xlpm.v))} -> 2669088.1 | AM46: {=_xlfn.LET(_xlpm.v, INDEX('Retail Media Investment Case'!$L:$L, 15 + COLUMNS($I:AS)-1), IF(OR(_xlpm.v="", _xlpm.v=0), "", _xlpm.v))} | AN46: {=_xlfn.LET(_xlpm.v, INDEX('Retail Media Investment Case'!$L:$L, 15 + COLUMNS($I:AT)-1), IF(OR(_xlpm.v="", _xlpm.v=0), "", _xlpm.v))} | AO46: {=_xlfn.LET(_xlpm.v, INDEX('Retail Media Investment Case'!$L:$L, 15 + COLUMNS($I:AU)-1), IF(OR(_xlpm.v="", _xlpm.v=0), "", _xlpm.v))} | AP46: {=_xlfn.LET(_xlpm.v, INDEX('Retail Media Investment Case'!$L:$L, 15 + COLUMNS($I:AV)-1), IF(OR(_xlpm.v="", _xlpm.v=0), "", _xlpm.v))} | AQ46: {=_xlfn.LET(_xlpm.v, INDEX('Retail Media Investment Case'!$L:$L, 15 + COLUMNS($I:AW)-1), IF(OR(_xlpm.v="", _xlpm.v=0), "", _xlpm.v))} | AR46: {=_xlfn.LET(_xlpm.v, INDEX('Retail Media Investment Case'!$L:$L, 15 + COLUMNS($I:AX)-1), IF(OR(_xlpm.v="", _xlpm.v=0), "", _xlpm.v))} | AS46: {=_xlfn.LET(_xlpm.v, INDEX('Retail Media Investment Case'!$L:$L, 15 + COLUMNS($I:AY)-1), IF(OR(_xlpm.v="", _xlpm.v=0), "", _xlpm.v))} | AT46: {=_xlfn.LET(_xlpm.v, INDEX('Retail Media Investment Case'!$L:$L, 15 + COLUMNS($I:AZ)-1), IF(OR(_xlpm.v="", _xlpm.v=0), "", _xlpm.v))} | AU46: {=_xlfn.LET(_xlpm.v, INDEX('Retail Media Investment Case'!$L:$L, 15 + COLUMNS($I:BA)-1), IF(OR(_xlpm.v="", _xlpm.v=0), "", _xlpm.v))} | AV46: {=_xlfn.LET(_xlpm.v, INDEX('Retail Media Investment Case'!$L:$L, 15 + COLUMNS($I:BB)-1), IF(OR(_xlpm.v="", _xlpm.v=0), "", _xlpm.v))} | AW46: {=_xlfn.LET(_xlpm.v, INDEX('Retail Media Investment Case'!$L:$L, 15 + COLUMNS($I:BC)-1), IF(OR(_xlpm.v="", _xlpm.v=0), "", _xlpm.v))} | AX46: {=_xlfn.LET(_xlpm.v, INDEX('Retail Media Investment Case'!$L:$L, 15 + COLUMNS($I:BD)-1), IF(OR(_xlpm.v="", _xlpm.v=0), "", _xlpm.v))} | AY46: {=_xlfn.LET(_xlpm.v, INDEX('Retail Media Investment Case'!$L:$L, 15 + COLUMNS($I:BE)-1), IF(OR(_xlpm.v="", _xlpm.v=0), "", _xlpm.v))} | AZ46: {=_xlfn.LET(_xlpm.v, INDEX('Retail Media Investment Case'!$L:$L, 15 + COLUMNS($I:BF)-1), IF(OR(_xlpm.v="", _xlpm.v=0), "", _xlpm.v))} | BA46: {=_xlfn.LET(_xlpm.v, INDEX('Retail Media Investment Case'!$L:$L, 15 + COLUMNS($I:BG)-1), IF(OR(_xlpm.v="", _xlpm.v=0), "", _xlpm.v))} | BB46: {=_xlfn.LET(_xlpm.v, INDEX('Retail Media Investment Case'!$L:$L, 15 + COLUMNS($I:BH)-1), IF(OR(_xlpm.v="", _xlpm.v=0), "", _xlpm.v))} | BC46: {=_xlfn.LET(_xlpm.v, INDEX('Retail Media Investment Case'!$L:$L, 15 + COLUMNS($I:BI)-1), IF(OR(_xlpm.v="", _xlpm.v=0), "", _xlpm.v))} | BD46: {=_xlfn.LET(_xlpm.v, INDEX('Retail Media Investment Case'!$L:$L, 15 + COLUMNS($I:BJ)-1), IF(OR(_xlpm.v="", _xlpm.v=0), "", _xlpm.v))} | BE46: {=_xlfn.LET(_xlpm.v, INDEX('Retail Media Investment Case'!$L:$L, 15 + COLUMNS($I:BK)-1), IF(OR(_xlpm.v="", _xlpm.v=0), "", _xlpm.v))} | BF46: {=_xlfn.LET(_xlpm.v, INDEX('Retail Media Investment Case'!$L:$L, 15 + COLUMNS($I:BL)-1), IF(OR(_xlpm.v="", _xlpm.v=0), "", _xlpm.v))} | BG46: {=_xlfn.LET(_xlpm.v, INDEX('Retail Media Investment Case'!$L:$L, 15 + COLUMNS($I:BM)-1), IF(OR(_xlpm.v="", _xlpm.v=0), "", _xlpm.v))} | BH46: {=_xlfn.LET(_xlpm.v, INDEX('Retail Media Investment Case'!$L:$L, 15 + COLUMNS($I:BN)-1), IF(OR(_xlpm.v="", _xlpm.v=0), "", _xlpm.v))} | BI46: {=_xlfn.LET(_xlpm.v, INDEX('Retail Media Investment Case'!$L:$L, 15 + COLUMNS($I:BO)-1), IF(OR(_xlpm.v="", _xlpm.v=0), "", _xlpm.v))} | BJ46: {=_xlfn.LET(_xlpm.v, INDEX('Retail Media Investment Case'!$L:$L, 15 + COLUMNS($I:BP)-1), IF(OR(_xlpm.v="", _xlpm.v=0), "", _xlpm.v))} | BK46: {=_xlfn.LET(_xlpm.v, INDEX('Retail Media Investment Case'!$L:$L, 15 + COLUMNS($I:BQ)-1), IF(OR(_xlpm.v="", _xlpm.v=0), "", _xlpm.v))} | BL46: {=_xlfn.LET(_xlpm.v, INDEX('Retail Media Investment Case'!$L:$L, 15 + COLUMNS($I:BR)-1), IF(OR(_xlpm.v="", _xlpm.v=0), "", _xlpm.v))} | BM46: {=_xlfn.LET(_xlpm.v, INDEX('Retail Media Investment Case'!$L:$L, 15 + COLUMNS($I:BS)-1), IF(OR(_xlpm.v="", _xlpm.v=0), "", _xlpm.v))} | BN46: {=_xlfn.LET(_xlpm.v, INDEX('Retail Media Investment Case'!$L:$L, 15 + COLUMNS($I:BT)-1), IF(OR(_xlpm.v="", _xlpm.v=0), "", _xlpm.v))} | BO46: {=_xlfn.LET(_xlpm.v, INDEX('Retail Media Investment Case'!$L:$L, 15 + COLUMNS($I:BU)-1), IF(OR(_xlpm.v="", _xlpm.v=0), "", _xlpm.v))} | BP46: {=_xlfn.LET(_xlpm.v, INDEX('Retail Media Investment Case'!$L:$L, 15 + COLUMNS($I:BV)-1), IF(OR(_xlpm.v="", _xlpm.v=0), "", _xlpm.v))} | BQ46: {=_xlfn.LET(_xlpm.v, INDEX('Retail Media Investment Case'!$L:$L, 15 + COLUMNS($I:BW)-1), IF(OR(_xlpm.v="", _xlpm.v=0), "", _xlpm.v))} | BR46: {=_xlfn.LET(_xlpm.v, INDEX('Retail Media Investment Case'!$L:$L, 15 + COLUMNS($I:BX)-1), IF(OR(_xlpm.v="", _xlpm.v=0), "", _xlpm.v))} | BS46: {=_xlfn.LET(_xlpm.v, INDEX('Retail Media Investment Case'!$L:$L, 15 + COLUMNS($I:BY)-1), IF(OR(_xlpm.v="", _xlpm.v=0), "", _xlpm.v))} | BT46: {=_xlfn.LET(_xlpm.v, INDEX('Retail Media Investment Case'!$L:$L, 15 + COLUMNS($I:BZ)-1), IF(OR(_xlpm.v="", _xlpm.v=0), "", _xlpm.v))} | BU46: {=_xlfn.LET(_xlpm.v, INDEX('Retail Media Investment Case'!$L:$L, 15 + COLUMNS($I:CA)-1), IF(OR(_xlpm.v="", _xlpm.v=0), "", _xlpm.v))} | BV46: {=_xlfn.LET(_xlpm.v, INDEX('Retail Media Investment Case'!$L:$L, 15 + COLUMNS($I:CB)-1), IF(OR(_xlpm.v="", _xlpm.v=0), "", _xlpm.v))}
B47: Revenue Potential | C47: {=_xlfn.LET(_xlpm.v, INDEX('Retail Media Investment Case'!$R:$R, 15 + COLUMNS($I:I)-1), IF(OR(_xlpm.v="", _xlpm.v=0), "", _xlpm.v))} -> 24276.296 | D47: {=_xlfn.LET(_xlpm.v, INDEX('Retail Media Investment Case'!$R:$R, 15 + COLUMNS($I:J)-1), IF(OR(_xlpm.v="", _xlpm.v=0), "", _xlpm.v))} -> 24397.677 | E47: {=_xlfn.LET(_xlpm.v, INDEX('Retail Media Investment Case'!$R:$R, 15 + COLUMNS($I:K)-1), IF(OR(_xlpm.v="", _xlpm.v=0), "", _xlpm.v))} -> 24519.666 | F47: {=_xlfn.LET(_xlpm.v, INDEX('Retail Media Investment Case'!$R:$R, 15 + COLUMNS($I:L)-1), IF(OR(_xlpm.v="", _xlpm.v=0), "", _xlpm.v))} -> 24642.264 | G47: {=_xlfn.LET(_xlpm.v, INDEX('Retail Media Investment Case'!$R:$R, 15 + COLUMNS($I:M)-1), IF(OR(_xlpm.v="", _xlpm.v=0), "", _xlpm.v))} -> 24765.476 | H47: {=_xlfn.LET(_xlpm.v, INDEX('Retail Media Investment Case'!$R:$R, 15 + COLUMNS($I:N)-1), IF(OR(_xlpm.v="", _xlpm.v=0), "", _xlpm.v))} -> 24889.303 | I47: {=_xlfn.LET(_xlpm.v, INDEX('Retail Media Investment Case'!$R:$R, 15 + COLUMNS($I:O)-1), IF(OR(_xlpm.v="", _xlpm.v=0), "", _xlpm.v))} -> 25013.749 | J47: {=_xlfn.LET(_xlpm.v, INDEX('Retail Media Investment Case'!$R:$R, 15 + COLUMNS($I:P)-1), IF(OR(_xlpm.v="", _xlpm.v=0), "", _xlpm.v))} -> 25138.818 | K47: {=_xlfn.LET(_xlpm.v, INDEX('Retail Media Investment Case'!$R:$R, 15 + COLUMNS($I:Q)-1), IF(OR(_xlpm.v="", _xlpm.v=0), "", _xlpm.v))} -> 25264.512 | L47: {=_xlfn.LET(_xlpm.v, INDEX('Retail Media Investment Case'!$R:$R, 15 + COLUMNS($I:R)-1), IF(OR(_xlpm.v="", _xlpm.v=0), "", _xlpm.v))} -> 25390.835 | M47: {=_xlfn.LET(_xlpm.v, INDEX('Retail Media Investment Case'!$R:$R, 15 + COLUMNS($I:S)-1), IF(OR(_xlpm.v="", _xlpm.v=0), "", _xlpm.v))} -> 25517.789 | N47: {=_xlfn.LET(_xlpm.v, INDEX('Retail Media Investment Case'!$R:$R, 15 + COLUMNS($I:T)-1), IF(OR(_xlpm.v="", _xlpm.v=0), "", _xlpm.v))} -> 25645.378 | O47: {=_xlfn.LET(_xlpm.v, INDEX('Retail Media Investment Case'!$R:$R, 15 + COLUMNS($I:U)-1), IF(OR(_xlpm.v="", _xlpm.v=0), "", _xlpm.v))} -> 25773.605 | P47: {=_xlfn.LET(_xlpm.v, INDEX('Retail Media Investment Case'!$R:$R, 15 + COLUMNS($I:V)-1), IF(OR(_xlpm.v="", _xlpm.v=0), "", _xlpm.v))} -> 25902.473 | Q47: {=_xlfn.LET(_xlpm.v, INDEX('Retail Media Investment Case'!$R:$R, 15 + COLUMNS($I:W)-1), IF(OR(_xlpm.v="", _xlpm.v=0), "", _xlpm.v))} -> 26031.985 | R47: {=_xlfn.LET(_xlpm.v, INDEX('Retail Media Investment Case'!$R:$R, 15 + COLUMNS($I:X)-1), IF(OR(_xlpm.v="", _xlpm.v=0), "", _xlpm.v))} -> 26162.145 | S47: {=_xlfn.LET(_xlpm.v, INDEX('Retail Media Investment Case'!$R:$R, 15 + COLUMNS($I:Y)-1), IF(OR(_xlpm.v="", _xlpm.v=0), "", _xlpm.v))} -> 26292.956 | T47: {=_xlfn.LET(_xlpm.v, INDEX('Retail Media Investment Case'!$R:$R, 15 + COLUMNS($I:Z)-1), IF(OR(_xlpm.v="", _xlpm.v=0), "", _xlpm.v))} -> 26424.421 | U47: {=_xlfn.LET(_xlpm.v, INDEX('Retail Media Investment Case'!$R:$R, 15 + COLUMNS($I:AA)-1), IF(OR(_xlpm.v="", _xlpm.v=0), "", _xlpm.v))} -> 26556.543 | V47: {=_xlfn.LET(_xlpm.v, INDEX('Retail Media Investment Case'!$R:$R, 15 + COLUMNS($I:AB)-1), IF(OR(_xlpm.v="", _xlpm.v=0), "", _xlpm.v))} -> 26689.325 | W47: {=_xlfn.LET(_xlpm.v, INDEX('Retail Media Investment Case'!$R:$R, 15 + COLUMNS($I:AC)-1), IF(OR(_xlpm.v="", _xlpm.v=0), "", _xlpm.v))} -> 26822.772 | X47: {=_xlfn.LET(_xlpm.v, INDEX('Retail Media Investment Case'!$R:$R, 15 + COLUMNS($I:AD)-1), IF(OR(_xlpm.v="", _xlpm.v=0), "", _xlpm.v))} -> 26956.886 | Y47: {=_xlfn.LET(_xlpm.v, INDEX('Retail Media Investment Case'!$R:$R, 15 + COLUMNS($I:AE)-1), IF(OR(_xlpm.v="", _xlpm.v=0), "", _xlpm.v))} -> 27091.67 | Z47: {=_xlfn.LET(_xlpm.v, INDEX('Retail Media Investment Case'!$R:$R, 15 + COLUMNS($I:AF)-1), IF(OR(_xlpm.v="", _xlpm.v=0), "", _xlpm.v))} -> 27227.129 | AA47: {=_xlfn.LET(_xlpm.v, INDEX('Retail Media Investment Case'!$R:$R, 15 + COLUMNS($I:AG)-1), IF(OR(_xlpm.v="", _xlpm.v=0), "", _xlpm.v))} -> 27363.264 | AB47: {=_xlfn.LET(_xlpm.v, INDEX('Retail Media Investment Case'!$R:$R, 15 + COLUMNS($I:AH)-1), IF(OR(_xlpm.v="", _xlpm.v=0), "", _xlpm.v))} -> 27500.081 | AC47: {=_xlfn.LET(_xlpm.v, INDEX('Retail Media Investment Case'!$R:$R, 15 + COLUMNS($I:AI)-1), IF(OR(_xlpm.v="", _xlpm.v=0), "", _xlpm.v))} -> 27637.581 | AD47: {=_xlfn.LET(_xlpm.v, INDEX('Retail Media Investment Case'!$R:$R, 15 + COLUMNS($I:AJ)-1), IF(OR(_xlpm.v="", _xlpm.v=0), "", _xlpm.v))} -> 27775.769 | AE47: {=_xlfn.LET(_xlpm.v, INDEX('Retail Media Investment Case'!$R:$R, 15 + COLUMNS($I:AK)-1), IF(OR(_xlpm.v="", _xlpm.v=0), "", _xlpm.v))} -> 27914.648 | AF47: {=_xlfn.LET(_xlpm.v, INDEX('Retail Media Investment Case'!$R:$R, 15 + COLUMNS($I:AL)-1), IF(OR(_xlpm.v="", _xlpm.v=0), "", _xlpm.v))} -> 28054.221 | AG47: {=_xlfn.LET(_xlpm.v, INDEX('Retail Media Investment Case'!$R:$R, 15 + COLUMNS($I:AM)-1), IF(OR(_xlpm.v="", _xlpm.v=0), "", _xlpm.v))} -> 28194.492 | AH47: {=_xlfn.LET(_xlpm.v, INDEX('Retail Media Investment Case'!$R:$R, 15 + COLUMNS($I:AN)-1), IF(OR(_xlpm.v="", _xlpm.v=0), "", _xlpm.v))} -> 28335.465 | AI47: {=_xlfn.LET(_xlpm.v, INDEX('Retail Media Investment Case'!$R:$R, 15 + COLUMNS($I:AO)-1), IF(OR(_xlpm.v="", _xlpm.v=0), "", _xlpm.v))} -> 28477.142 | AJ47: {=_xlfn.LET(_xlpm.v, INDEX('Retail Media Investment Case'!$R:$R, 15 + COLUMNS($I:AP)-1), IF(OR(_xlpm.v="", _xlpm.v=0), "", _xlpm.v))} -> 28619.528 | AK47: {=_xlfn.LET(_xlpm.v, INDEX('Retail Media Investment Case'!$R:$R, 15 + COLUMNS($I:AQ)-1), IF(OR(_xlpm.v="", _xlpm.v=0), "", _xlpm.v))} -> 28762.625 | AL47: {=_xlfn.LET(_xlpm.v, INDEX('Retail Media Investment Case'!$R:$R, 15 + COLUMNS($I:AR)-1), IF(OR(_xlpm.v="", _xlpm.v=0), "", _xlpm.v))} -> 28906.438 | AM47: {=_xlfn.LET(_xlpm.v, INDEX('Retail Media Investment Case'!$R:$R, 15 + COLUMNS($I:AS)-1), IF(OR(_xlpm.v="", _xlpm.v=0), "", _xlpm.v))} | AN47: {=_xlfn.LET(_xlpm.v, INDEX('Retail Media Investment Case'!$R:$R, 15 + COLUMNS($I:AT)-1), IF(OR(_xlpm.v="", _xlpm.v=0), "", _xlpm.v))} | AO47: {=_xlfn.LET(_xlpm.v, INDEX('Retail Media Investment Case'!$R:$R, 15 + COLUMNS($I:AU)-1), IF(OR(_xlpm.v="", _xlpm.v=0), "", _xlpm.v))} | AP47: {=_xlfn.LET(_xlpm.v, INDEX('Retail Media Investment Case'!$R:$R, 15 + COLUMNS($I:AV)-1), IF(OR(_xlpm.v="", _xlpm.v=0), "", _xlpm.v))} | AQ47: {=_xlfn.LET(_xlpm.v, INDEX('Retail Media Investment Case'!$R:$R, 15 + COLUMNS($I:AW)-1), IF(OR(_xlpm.v="", _xlpm.v=0), "", _xlpm.v))} | AR47: {=_xlfn.LET(_xlpm.v, INDEX('Retail Media Investment Case'!$R:$R, 15 + COLUMNS($I:AX)-1), IF(OR(_xlpm.v="", _xlpm.v=0), "", _xlpm.v))} | AS47: {=_xlfn.LET(_xlpm.v, INDEX('Retail Media Investment Case'!$R:$R, 15 + COLUMNS($I:AY)-1), IF(OR(_xlpm.v="", _xlpm.v=0), "", _xlpm.v))} | AT47: {=_xlfn.LET(_xlpm.v, INDEX('Retail Media Investment Case'!$R:$R, 15 + COLUMNS($I:AZ)-1), IF(OR(_xlpm.v="", _xlpm.v=0), "", _xlpm.v))} | AU47: {=_xlfn.LET(_xlpm.v, INDEX('Retail Media Investment Case'!$R:$R, 15 + COLUMNS($I:BA)-1), IF(OR(_xlpm.v="", _xlpm.v=0), "", _xlpm.v))} | AV47: {=_xlfn.LET(_xlpm.v, INDEX('Retail Media Investment Case'!$R:$R, 15 + COLUMNS($I:BB)-1), IF(OR(_xlpm.v="", _xlpm.v=0), "", _xlpm.v))} | AW47: {=_xlfn.LET(_xlpm.v, INDEX('Retail Media Investment Case'!$R:$R, 15 + COLUMNS($I:BC)-1), IF(OR(_xlpm.v="", _xlpm.v=0), "", _xlpm.v))} | AX47: {=_xlfn.LET(_xlpm.v, INDEX('Retail Media Investment Case'!$R:$R, 15 + COLUMNS($I:BD)-1), IF(OR(_xlpm.v="", _xlpm.v=0), "", _xlpm.v))} | AY47: {=_xlfn.LET(_xlpm.v, INDEX('Retail Media Investment Case'!$R:$R, 15 + COLUMNS($I:BE)-1), IF(OR(_xlpm.v="", _xlpm.v=0), "", _xlpm.v))} | AZ47: {=_xlfn.LET(_xlpm.v, INDEX('Retail Media Investment Case'!$R:$R, 15 + COLUMNS($I:BF)-1), IF(OR(_xlpm.v="", _xlpm.v=0), "", _xlpm.v))} | BA47: {=_xlfn.LET(_xlpm.v, INDEX('Retail Media Investment Case'!$R:$R, 15 + COLUMNS($I:BG)-1), IF(OR(_xlpm.v="", _xlpm.v=0), "", _xlpm.v))} | BB47: {=_xlfn.LET(_xlpm.v, INDEX('Retail Media Investment Case'!$R:$R, 15 + COLUMNS($I:BH)-1), IF(OR(_xlpm.v="", _xlpm.v=0), "", _xlpm.v))} | BC47: {=_xlfn.LET(_xlpm.v, INDEX('Retail Media Investment Case'!$R:$R, 15 + COLUMNS($I:BI)-1), IF(OR(_xlpm.v="", _xlpm.v=0), "", _xlpm.v))} | BD47: {=_xlfn.LET(_xlpm.v, INDEX('Retail Media Investment Case'!$R:$R, 15 + COLUMNS($I:BJ)-1), IF(OR(_xlpm.v="", _xlpm.v=0), "", _xlpm.v))} | BE47: {=_xlfn.LET(_xlpm.v, INDEX('Retail Media Investment Case'!$R:$R, 15 + COLUMNS($I:BK)-1), IF(OR(_xlpm.v="", _xlpm.v=0), "", _xlpm.v))} | BF47: {=_xlfn.LET(_xlpm.v, INDEX('Retail Media Investment Case'!$R:$R, 15 + COLUMNS($I:BL)-1), IF(OR(_xlpm.v="", _xlpm.v=0), "", _xlpm.v))} | BG47: {=_xlfn.LET(_xlpm.v, INDEX('Retail Media Investment Case'!$R:$R, 15 + COLUMNS($I:BM)-1), IF(OR(_xlpm.v="", _xlpm.v=0), "", _xlpm.v))} | BH47: {=_xlfn.LET(_xlpm.v, INDEX('Retail Media Investment Case'!$R:$R, 15 + COLUMNS($I:BN)-1), IF(OR(_xlpm.v="", _xlpm.v=0), "", _xlpm.v))} | BI47: {=_xlfn.LET(_xlpm.v, INDEX('Retail Media Investment Case'!$R:$R, 15 + COLUMNS($I:BO)-1), IF(OR(_xlpm.v="", _xlpm.v=0), "", _xlpm.v))} | BJ47: {=_xlfn.LET(_xlpm.v, INDEX('Retail Media Investment Case'!$R:$R, 15 + COLUMNS($I:BP)-1), IF(OR(_xlpm.v="", _xlpm.v=0), "", _xlpm.v))} | BK47: {=_xlfn.LET(_xlpm.v, INDEX('Retail Media Investment Case'!$R:$R, 15 + COLUMNS($I:BQ)-1), IF(OR(_xlpm.v="", _xlpm.v=0), "", _xlpm.v))} | BL47: {=_xlfn.LET(_xlpm.v, INDEX('Retail Media Investment Case'!$R:$R, 15 + COLUMNS($I:BR)-1), IF(OR(_xlpm.v="", _xlpm.v=0), "", _xlpm.v))} | BM47: {=_xlfn.LET(_xlpm.v, INDEX('Retail Media Investment Case'!$R:$R, 15 + COLUMNS($I:BS)-1), IF(OR(_xlpm.v="", _xlpm.v=0), "", _xlpm.v))} | BN47: {=_xlfn.LET(_xlpm.v, INDEX('Retail Media Investment Case'!$R:$R, 15 + COLUMNS($I:BT)-1), IF(OR(_xlpm.v="", _xlpm.v=0), "", _xlpm.v))} | BO47: {=_xlfn.LET(_xlpm.v, INDEX('Retail Media Investment Case'!$R:$R, 15 + COLUMNS($I:BU)-1), IF(OR(_xlpm.v="", _xlpm.v=0), "", _xlpm.v))} | BP47: {=_xlfn.LET(_xlpm.v, INDEX('Retail Media Investment Case'!$R:$R, 15 + COLUMNS($I:BV)-1), IF(OR(_xlpm.v="", _xlpm.v=0), "", _xlpm.v))} | BQ47: {=_xlfn.LET(_xlpm.v, INDEX('Retail Media Investment Case'!$R:$R, 15 + COLUMNS($I:BW)-1), IF(OR(_xlpm.v="", _xlpm.v=0), "", _xlpm.v))} | BR47: {=_xlfn.LET(_xlpm.v, INDEX('Retail Media Investment Case'!$R:$R, 15 + COLUMNS($I:BX)-1), IF(OR(_xlpm.v="", _xlpm.v=0), "", _xlpm.v))} | BS47: {=_xlfn.LET(_xlpm.v, INDEX('Retail Media Investment Case'!$R:$R, 15 + COLUMNS($I:BY)-1), IF(OR(_xlpm.v="", _xlpm.v=0), "", _xlpm.v))} | BT47: {=_xlfn.LET(_xlpm.v, INDEX('Retail Media Investment Case'!$R:$R, 15 + COLUMNS($I:BZ)-1), IF(OR(_xlpm.v="", _xlpm.v=0), "", _xlpm.v))} | BU47: {=_xlfn.LET(_xlpm.v, INDEX('Retail Media Investment Case'!$R:$R, 15 + COLUMNS($I:CA)-1), IF(OR(_xlpm.v="", _xlpm.v=0), "", _xlpm.v))} | BV47: {=_xlfn.LET(_xlpm.v, INDEX('Retail Media Investment Case'!$R:$R, 15 + COLUMNS($I:CB)-1), IF(OR(_xlpm.v="", _xlpm.v=0), "", _xlpm.v))} | BW47: {=_xlfn.LET(_xlpm.v, INDEX('Retail Media Investment Case'!$R:$R, 15 + COLUMNS($I:CC)-1), IF(OR(_xlpm.v="", _xlpm.v=0), "", _xlpm.v))} | BX47: {=_xlfn.LET(_xlpm.v, INDEX('Retail Media Investment Case'!$R:$R, 15 + COLUMNS($I:CD)-1), IF(OR(_xlpm.v="", _xlpm.v=0), "", _xlpm.v))} | BY47: {=_xlfn.LET(_xlpm.v, INDEX('Retail Media Investment Case'!$R:$R, 15 + COLUMNS($I:CE)-1), IF(OR(_xlpm.v="", _xlpm.v=0), "", _xlpm.v))} | BZ47: {=_xlfn.LET(_xlpm.v, INDEX('Retail Media Investment Case'!$R:$R, 15 + COLUMNS($I:CF)-1), IF(OR(_xlpm.v="", _xlpm.v=0), "", _xlpm.v))} | CA47: {=_xlfn.LET(_xlpm.v, INDEX('Retail Media Investment Case'!$R:$R, 15 + COLUMNS($I:CG)-1), IF(OR(_xlpm.v="", _xlpm.v=0), "", _xlpm.v))} | CB47: {=_xlfn.LET(_xlpm.v, INDEX('Retail Media Investment Case'!$R:$R, 15 + COLUMNS($I:CH)-1), IF(OR(_xlpm.v="", _xlpm.v=0), "", _xlpm.v))} | CC47: {=_xlfn.LET(_xlpm.v, INDEX('Retail Media Investment Case'!$R:$R, 15 + COLUMNS($I:CI)-1), IF(OR(_xlpm.v="", _xlpm.v=0), "", _xlpm.v))} | CD47: {=_xlfn.LET(_xlpm.v, INDEX('Retail Media Investment Case'!$R:$R, 15 + COLUMNS($I:CJ)-1), IF(OR(_xlpm.v="", _xlpm.v=0), "", _xlpm.v))} | CE47: {=_xlfn.LET(_xlpm.v, INDEX('Retail Media Investment Case'!$R:$R, 15 + COLUMNS($I:CK)-1), IF(OR(_xlpm.v="", _xlpm.v=0), "", _xlpm.v))} | CF47: {=_xlfn.LET(_xlpm.v, INDEX('Retail Media Investment Case'!$R:$R, 15 + COLUMNS($I:CL)-1), IF(OR(_xlpm.v="", _xlpm.v=0), "", _xlpm.v))} | CG47: {=_xlfn.LET(_xlpm.v, INDEX('Retail Media Investment Case'!$R:$R, 15 + COLUMNS($I:CM)-1), IF(OR(_xlpm.v="", _xlpm.v=0), "", _xlpm.v))} | CH47: {=_xlfn.LET(_xlpm.v, INDEX('Retail Media Investment Case'!$R:$R, 15 + COLUMNS($I:CN)-1), IF(OR(_xlpm.v="", _xlpm.v=0), "", _xlpm.v))}
B48: Sales Velocity | C48: =IF(LEN(C47)=0, "", OFFSET('Retail Media Investment Case'!$U$15, COLUMNS($I:I)-1, 0)) -> 0.05 | D48: =IF(LEN(D47)=0, "", OFFSET('Retail Media Investment Case'!$U$15, COLUMNS($I:J)-1, 0)) -> 0.06 | E48: =IF(LEN(E47)=0, "", OFFSET('Retail Media Investment Case'!$U$15, COLUMNS($I:K)-1, 0)) -> 0.07 | F48: =IF(LEN(F47)=0, "", OFFSET('Retail Media Investment Case'!$U$15, COLUMNS($I:L)-1, 0)) -> 0.08 | G48: =IF(LEN(G47)=0, "", OFFSET('Retail Media Investment Case'!$U$15, COLUMNS($I:M)-1, 0)) -> 0.09 | H48: =IF(LEN(H47)=0, "", OFFSET('Retail Media Investment Case'!$U$15, COLUMNS($I:N)-1, 0)) -> 0.1 | I48: =IF(LEN(I47)=0, "", OFFSET('Retail Media Investment Case'!$U$15, COLUMNS($I:O)-1, 0)) -> 0.11 | J48: =IF(LEN(J47)=0, "", OFFSET('Retail Media Investment Case'!$U$15, COLUMNS($I:P)-1, 0)) -> 0.12 | K48: =IF(LEN(K47)=0, "", OFFSET('Retail Media Investment Case'!$U$15, COLUMNS($I:Q)-1, 0)) -> 0.13 | L48: =IF(LEN(L47)=0, "", OFFSET('Retail Media Investment Case'!$U$15, COLUMNS($I:R)-1, 0)) -> 0.14 | M48: =IF(LEN(M47)=0, "", OFFSET('Retail Media Investment Case'!$U$15, COLUMNS($I:S)-1, 0)) -> 0.15 | N48: =IF(LEN(N47)=0, "", OFFSET('Retail Media Investment Case'!$U$15, COLUMNS($I:T)-1, 0)) -> 0.16 | O48: =IF(LEN(O47)=0, "", OFFSET('Retail Media Investment Case'!$U$15, COLUMNS($I:U)-1, 0)) -> 0.17 | P48: =IF(LEN(P47)=0, "", OFFSET('Retail Media Investment Case'!$U$15, COLUMNS($I:V)-1, 0)) -> 0.18 | Q48: =IF(LEN(Q47)=0, "", OFFSET('Retail Media Investment Case'!$U$15, COLUMNS($I:W)-1, 0)) -> 0.19 | R48: =IF(LEN(R47)=0, "", OFFSET('Retail Media Investment Case'!$U$15, COLUMNS($I:X)-1, 0)) -> 0.2 | S48: =IF(LEN(S47)=0, "", OFFSET('Retail Media Investment Case'!$U$15, COLUMNS($I:Y)-1, 0)) -> 0.21 | T48: =IF(LEN(T47)=0, "", OFFSET('Retail Media Investment Case'!$U$15, COLUMNS($I:Z)-1, 0)) -> 0.22 | U48: =IF(LEN(U47)=0, "", OFFSET('Retail Media Investment Case'!$U$15, COLUMNS($I:AA)-1, 0)) -> 0.23 | V48: =IF(LEN(V47)=0, "", OFFSET('Retail Media Investment Case'!$U$15, COLUMNS($I:AB)-1, 0)) -> 0.24 | W48: =IF(LEN(W47)=0, "", OFFSET('Retail Media Investment Case'!$U$15, COLUMNS($I:AC)-1, 0)) -> 0.25 | X48: =IF(LEN(X47)=0, "", OFFSET('Retail Media Investment Case'!$U$15, COLUMNS($I:AD)-1, 0)) -> 0.26 | Y48: =IF(LEN(Y47)=0, "", OFFSET('Retail Media Investment Case'!$U$15, COLUMNS($I:AE)-1, 0)) -> 0.27 | Z48: =IF(LEN(Z47)=0, "", OFFSET('Retail Media Investment Case'!$U$15, COLUMNS($I:AF)-1, 0)) -> 0.28 | AA48: =IF(LEN(AA47)=0, "", OFFSET('Retail Media Investment Case'!$U$15, COLUMNS($I:AG)-1, 0)) -> 0.29 | AB48: =IF(LEN(AB47)=0, "", OFFSET('Retail Media Investment Case'!$U$15, COLUMNS($I:AH)-1, 0)) -> 0.3 | AC48: =IF(LEN(AC47)=0, "", OFFSET('Retail Media Investment Case'!$U$15, COLUMNS($I:AI)-1, 0)) -> 0.31 | AD48: =IF(LEN(AD47)=0, "", OFFSET('Retail Media Investment Case'!$U$15, COLUMNS($I:AJ)-1, 0)) -> 0.32 | AE48: =IF(LEN(AE47)=0, "", OFFSET('Retail Media Investment Case'!$U$15, COLUMNS($I:AK)-1, 0)) -> 0.33 | AF48: =IF(LEN(AF47)=0, "", OFFSET('Retail Media Investment Case'!$U$15, COLUMNS($I:AL)-1, 0)) -> 0.34 | AG48: =IF(LEN(AG47)=0, "", OFFSET('Retail Media Investment Case'!$U$15, COLUMNS($I:AM)-1, 0)) -> 0.35 | AH48: =IF(LEN(AH47)=0, "", OFFSET('Retail Media Investment Case'!$U$15, COLUMNS($I:AN)-1, 0)) -> 0.36 | AI48: =IF(LEN(AI47)=0, "", OFFSET('Retail Media Investment Case'!$U$15, COLUMNS($I:AO)-1, 0)) -> 0.37 | AJ48: =IF(LEN(AJ47)=0, "", OFFSET('Retail Media Investment Case'!$U$15, COLUMNS($I:AP)-1, 0)) -> 0.38 | AK48: =IF(LEN(AK47)=0, "", OFFSET('Retail Media Investment Case'!$U$15, COLUMNS($I:AQ)-1, 0)) -> 0.39 | AL48: =IF(LEN(AL47)=0, "", OFFSET('Retail Media Investment Case'!$U$15, COLUMNS($I:AR)-1, 0)) -> 0.4 | AM48: =IF(LEN(AM47)=0, "", OFFSET('Retail Media Investment Case'!$U$15, COLUMNS($I:AS)-1, 0)) | AN48: =IF(LEN(AN47)=0, "", OFFSET('Retail Media Investment Case'!$U$15, COLUMNS($I:AT)-1, 0)) | AO48: =IF(LEN(AO47)=0, "", OFFSET('Retail Media Investment Case'!$U$15, COLUMNS($I:AU)-1, 0)) | AP48: =IF(LEN(AP47)=0, "", OFFSET('Retail Media Investment Case'!$U$15, COLUMNS($I:AV)-1, 0)) | AQ48: =IF(LEN(AQ47)=0, "", OFFSET('Retail Media Investment Case'!$U$15, COLUMNS($I:AW)-1, 0)) | AR48: =IF(LEN(AR47)=0, "", OFFSET('Retail Media Investment Case'!$U$15, COLUMNS($I:AX)-1, 0)) | AS48: =IF(LEN(AS47)=0, "", OFFSET('Retail Media Investment Case'!$U$15, COLUMNS($I:AY)-1, 0)) | AT48: =IF(LEN(AT47)=0, "", OFFSET('Retail Media Investment Case'!$U$15, COLUMNS($I:AZ)-1, 0)) | AU48: =IF(LEN(AU47)=0, "", OFFSET('Retail Media Investment Case'!$U$15, COLUMNS($I:BA)-1, 0)) | AV48: =IF(LEN(AV47)=0, "", OFFSET('Retail Media Investment Case'!$U$15, COLUMNS($I:BB)-1, 0)) | AW48: =IF(LEN(AW47)=0, "", OFFSET('Retail Media Investment Case'!$U$15, COLUMNS($I:BC)-1, 0)) | AX48: =IF(LEN(AX47)=0, "", OFFSET('Retail Media Investment Case'!$U$15, COLUMNS($I:BD)-1, 0)) | AY48: =IF(LEN(AY47)=0, "", OFFSET('Retail Media Investment Case'!$U$15, COLUMNS($I:BE)-1, 0)) | AZ48: =IF(LEN(AZ47)=0, "", OFFSET('Retail Media Investment Case'!$U$15, COLUMNS($I:BF)-1, 0)) | BA48: =IF(LEN(BA47)=0, "", OFFSET('Retail Media Investment Case'!$U$15, COLUMNS($I:BG)-1, 0)) | BB48: =IF(LEN(BB47)=0, "", OFFSET('Retail Media Investment Case'!$U$15, COLUMNS($I:BH)-1, 0)) | BC48: =IF(LEN(BC47)=0, "", OFFSET('Retail Media Investment Case'!$U$15, COLUMNS($I:BI)-1, 0)) | BD48: =IF(LEN(BD47)=0, "", OFFSET('Retail Media Investment Case'!$U$15, COLUMNS($I:BJ)-1, 0)) | BE48: =IF(LEN(BE47)=0, "", OFFSET('Retail Media Investment Case'!$U$15, COLUMNS($I:BK)-1, 0)) | BF48: =IF(LEN(BF47)=0, "", OFFSET('Retail Media Investment Case'!$U$15, COLUMNS($I:BL)-1, 0)) | BG48: =IF(LEN(BG47)=0, "", OFFSET('Retail Media Investment Case'!$U$15, COLUMNS($I:BM)-1, 0)) | BH48: =IF(LEN(BH47)=0, "", OFFSET('Retail Media Investment Case'!$U$15, COLUMNS($I:BN)-1, 0)) | BI48: =IF(LEN(BI47)=0, "", OFFSET('Retail Media Investment Case'!$U$15, COLUMNS($I:BO)-1, 0)) | BJ48: =IF(LEN(BJ47)=0, "", OFFSET('Retail Media Investment Case'!$U$15, COLUMNS($I:BP)-1, 0)) | BK48: =IF(LEN(BK47)=0, "", OFFSET('Retail Media Investment Case'!$U$15, COLUMNS($I:BQ)-1, 0)) | BL48: =IF(LEN(BL47)=0, "", OFFSET('Retail Media Investment Case'!$U$15, COLUMNS($I:BR)-1, 0)) | BM48: =IF(LEN(BM47)=0, "", OFFSET('Retail Media Investment Case'!$U$15, COLUMNS($I:BS)-1, 0)) | BN48: =IF(LEN(BN47)=0, "", OFFSET('Retail Media Investment Case'!$U$15, COLUMNS($I:BT)-1, 0)) | BO48: =IF(LEN(BO47)=0, "", OFFSET('Retail Media Investment Case'!$U$15, COLUMNS($I:BU)-1, 0)) | BP48: =IF(LEN(BP47)=0, "", OFFSET('Retail Media Investment Case'!$U$15, COLUMNS($I:BV)-1, 0)) | BQ48: =IF(LEN(BQ47)=0, "", OFFSET('Retail Media Investment Case'!$U$15, COLUMNS($I:BW)-1, 0)) | BR48: =IF(LEN(BR47)=0, "", OFFSET('Retail Media Investment Case'!$U$15, COLUMNS($I:BX)-1, 0)) | BS48: =IF(LEN(BS47)=0, "", OFFSET('Retail Media Investment Case'!$U$15, COLUMNS($I:BY)-1, 0)) | BT48: =IF(LEN(BT47)=0, "", OFFSET('Retail Media Investment Case'!$U$15, COLUMNS($I:BZ)-1, 0)) | BU48: =IF(LEN(BU47)=0, "", OFFSET('Retail Media Investment Case'!$U$15, COLUMNS($I:CA)-1, 0)) | BV48: =IF(LEN(BV47)=0, "", OFFSET('Retail Media Investment Case'!$U$15, COLUMNS($I:CB)-1, 0)) | BW48: =IF(LEN(BW47)=0, "", OFFSET('Retail Media Investment Case'!$U$15, COLUMNS($I:CC)-1, 0)) | BX48: =IF(LEN(BX47)=0, "", OFFSET('Retail Media Investment Case'!$U$15, COLUMNS($I:CD)-1, 0)) | BY48: =IF(LEN(BY47)=0, "", OFFSET('Retail Media Investment Case'!$U$15, COLUMNS($I:CE)-1, 0)) | BZ48: =IF(LEN(BZ47)=0, "", OFFSET('Retail Media Investment Case'!$U$15, COLUMNS($I:CF)-1, 0)) | CA48: =IF(LEN(CA47)=0, "", OFFSET('Retail Media Investment Case'!$U$15, COLUMNS($I:CG)-1, 0)) | CB48: =IF(LEN(CB47)=0, "", OFFSET('Retail Media Investment Case'!$U$15, COLUMNS($I:CH)-1, 0)) | CC48: =IF(LEN(CC47)=0, "", OFFSET('Retail Media Investment Case'!$U$15, COLUMNS($I:CI)-1, 0)) | CD48: =IF(LEN(CD47)=0, "", OFFSET('Retail Media Investment Case'!$U$15, COLUMNS($I:CJ)-1, 0)) | CE48: =IF(LEN(CE47)=0, "", OFFSET('Retail Media Investment Case'!$U$15, COLUMNS($I:CK)-1, 0)) | CF48: =IF(LEN(CF47)=0, "", OFFSET('Retail Media Investment Case'!$U$15, COLUMNS($I:CL)-1, 0)) | CG48: =IF(LEN(CG47)=0, "", OFFSET('Retail Media Investment Case'!$U$15, COLUMNS($I:CM)-1, 0)) | CH48: =IF(LEN(CH47)=0, "", OFFSET('Retail Media Investment Case'!$U$15, COLUMNS($I:CN)-1, 0)) | CI48: =IF(LEN(CI47)=0, "", OFFSET('Retail Media Investment Case'!$U$15, COLUMNS($I:CO)-1, 0)) | CJ48: =IF(LEN(CJ47)=0, "", OFFSET('Retail Media Investment Case'!$U$15, COLUMNS($I:CP)-1, 0)) | CK48: =IF(LEN(CK47)=0, "", OFFSET('Retail Media Investment Case'!$U$15, COLUMNS($I:CQ)-1, 0)) | CL48: =IF(LEN(CL47)=0, "", OFFSET('Retail Media Investment Case'!$U$15, COLUMNS($I:CR)-1, 0)) | CM48: =IF(LEN(CM47)=0, "", OFFSET('Retail Media Investment Case'!$U$15, COLUMNS($I:CS)-1, 0)) | CN48: =IF(LEN(CN47)=0, "", OFFSET('Retail Media Investment Case'!$U$15, COLUMNS($I:CT)-1, 0)) | CO48: =IF(LEN(CO47)=0, "", OFFSET('Retail Media Investment Case'!$U$15, COLUMNS($I:CU)-1, 0)) | CP48: =IF(LEN(CP47)=0, "", OFFSET('Retail Media Investment Case'!$U$15, COLUMNS($I:CV)-1, 0))
B49: Actual Sales | C49: {=_xlfn.LET(_xlpm.v, INDEX('Retail Media Investment Case'!$Y:$Y, 15 + COLUMNS($I:I)-1), IF(OR(_xlpm.v="", _xlpm.v=0), "", _xlpm.v))} -> 1213.8148 | D49: {=_xlfn.LET(_xlpm.v, INDEX('Retail Media Investment Case'!$Y:$Y, 15 + COLUMNS($I:J)-1), IF(OR(_xlpm.v="", _xlpm.v=0), "", _xlpm.v))} -> 1463.8606 | E49: {=_xlfn.LET(_xlpm.v, INDEX('Retail Media Investment Case'!$Y:$Y, 15 + COLUMNS($I:K)-1), IF(OR(_xlpm.v="", _xlpm.v=0), "", _xlpm.v))} -> 1716.3766 | F49: {=_xlfn.LET(_xlpm.v, INDEX('Retail Media Investment Case'!$Y:$Y, 15 + COLUMNS($I:L)-1), IF(OR(_xlpm.v="", _xlpm.v=0), "", _xlpm.v))} -> 1971.3811 | G49: {=_xlfn.LET(_xlpm.v, INDEX('Retail Media Investment Case'!$Y:$Y, 15 + COLUMNS($I:M)-1), IF(OR(_xlpm.v="", _xlpm.v=0), "", _xlpm.v))} -> 2228.8928 | H49: {=_xlfn.LET(_xlpm.v, INDEX('Retail Media Investment Case'!$Y:$Y, 15 + COLUMNS($I:N)-1), IF(OR(_xlpm.v="", _xlpm.v=0), "", _xlpm.v))} -> 2488.9303 | I49: {=_xlfn.LET(_xlpm.v, INDEX('Retail Media Investment Case'!$Y:$Y, 15 + COLUMNS($I:O)-1), IF(OR(_xlpm.v="", _xlpm.v=0), "", _xlpm.v))} -> 2751.5124 | J49: {=_xlfn.LET(_xlpm.v, INDEX('Retail Media Investment Case'!$Y:$Y, 15 + COLUMNS($I:P)-1), IF(OR(_xlpm.v="", _xlpm.v=0), "", _xlpm.v))} -> 3016.6582 | K49: {=_xlfn.LET(_xlpm.v, INDEX('Retail Media Investment Case'!$Y:$Y, 15 + COLUMNS($I:Q)-1), IF(OR(_xlpm.v="", _xlpm.v=0), "", _xlpm.v))} -> 3284.3866 | L49: {=_xlfn.LET(_xlpm.v, INDEX('Retail Media Investment Case'!$Y:$Y, 15 + COLUMNS($I:R)-1), IF(OR(_xlpm.v="", _xlpm.v=0), "", _xlpm.v))} -> 3554.7169 | M49: {=_xlfn.LET(_xlpm.v, INDEX('Retail Media Investment Case'!$Y:$Y, 15 + COLUMNS($I:S)-1), IF(OR(_xlpm.v="", _xlpm.v=0), "", _xlpm.v))} -> 3827.6683 | N49: {=_xlfn.LET(_xlpm.v, INDEX('Retail Media Investment Case'!$Y:$Y, 15 + COLUMNS($I:T)-1), IF(OR(_xlpm.v="", _xlpm.v=0), "", _xlpm.v))} -> 4103.2605 | O49: {=_xlfn.LET(_xlpm.v, INDEX('Retail Media Investment Case'!$Y:$Y, 15 + COLUMNS($I:U)-1), IF(OR(_xlpm.v="", _xlpm.v=0), "", _xlpm.v))} -> 4381.5128 | P49: {=_xlfn.LET(_xlpm.v, INDEX('Retail Media Investment Case'!$Y:$Y, 15 + COLUMNS($I:V)-1), IF(OR(_xlpm.v="", _xlpm.v=0), "", _xlpm.v))} -> 4662.4451 | Q49: {=_xlfn.LET(_xlpm.v, INDEX('Retail Media Investment Case'!$Y:$Y, 15 + COLUMNS($I:W)-1), IF(OR(_xlpm.v="", _xlpm.v=0), "", _xlpm.v))} -> 4946.0772 | R49: {=_xlfn.LET(_xlpm.v, INDEX('Retail Media Investment Case'!$Y:$Y, 15 + COLUMNS($I:X)-1), IF(OR(_xlpm.v="", _xlpm.v=0), "", _xlpm.v))} -> 5232.429 | S49: {=_xlfn.LET(_xlpm.v, INDEX('Retail Media Investment Case'!$Y:$Y, 15 + COLUMNS($I:Y)-1), IF(OR(_xlpm.v="", _xlpm.v=0), "", _xlpm.v))} -> 5521.5207 | T49: {=_xlfn.LET(_xlpm.v, INDEX('Retail Media Investment Case'!$Y:$Y, 15 + COLUMNS($I:Z)-1), IF(OR(_xlpm.v="", _xlpm.v=0), "", _xlpm.v))} -> 5813.3725 | U49: {=_xlfn.LET(_xlpm.v, INDEX('Retail Media Investment Case'!$Y:$Y, 15 + COLUMNS($I:AA)-1), IF(OR(_xlpm.v="", _xlpm.v=0), "", _xlpm.v))} -> 6108.0048 | V49: {=_xlfn.LET(_xlpm.v, INDEX('Retail Media Investment Case'!$Y:$Y, 15 + COLUMNS($I:AB)-1), IF(OR(_xlpm.v="", _xlpm.v=0), "", _xlpm.v))} -> 6405.4381 | W49: {=_xlfn.LET(_xlpm.v, INDEX('Retail Media Investment Case'!$Y:$Y, 15 + COLUMNS($I:AC)-1), IF(OR(_xlpm.v="", _xlpm.v=0), "", _xlpm.v))} -> 6705.693 | X49: {=_xlfn.LET(_xlpm.v, INDEX('Retail Media Investment Case'!$Y:$Y, 15 + COLUMNS($I:AD)-1), IF(OR(_xlpm.v="", _xlpm.v=0), "", _xlpm.v))} -> 7008.7903 | Y49: {=_xlfn.LET(_xlpm.v, INDEX('Retail Media Investment Case'!$Y:$Y, 15 + COLUMNS($I:AE)-1), IF(OR(_xlpm.v="", _xlpm.v=0), "", _xlpm.v))} -> 7314.751 | Z49: {=_xlfn.LET(_xlpm.v, INDEX('Retail Media Investment Case'!$Y:$Y, 15 + COLUMNS($I:AF)-1), IF(OR(_xlpm.v="", _xlpm.v=0), "", _xlpm.v))} -> 7623.596 | AA49: {=_xlfn.LET(_xlpm.v, INDEX('Retail Media Investment Case'!$Y:$Y, 15 + COLUMNS($I:AG)-1), IF(OR(_xlpm.v="", _xlpm.v=0), "", _xlpm.v))} -> 7935.3467 | AB49: {=_xlfn.LET(_xlpm.v, INDEX('Retail Media Investment Case'!$Y:$Y, 15 + COLUMNS($I:AH)-1), IF(OR(_xlpm.v="", _xlpm.v=0), "", _xlpm.v))} -> 8250.0242 | AC49: {=_xlfn.LET(_xlpm.v, INDEX('Retail Media Investment Case'!$Y:$Y, 15 + COLUMNS($I:AI)-1), IF(OR(_xlpm.v="", _xlpm.v=0), "", _xlpm.v))} -> 8567.6501 | AD49: {=_xlfn.LET(_xlpm.v, INDEX('Retail Media Investment Case'!$Y:$Y, 15 + COLUMNS($I:AJ)-1), IF(OR(_xlpm.v="", _xlpm.v=0), "", _xlpm.v))} -> 8888.2461 | AE49: {=_xlfn.LET(_xlpm.v, INDEX('Retail Media Investment Case'!$Y:$Y, 15 + COLUMNS($I:AK)-1), IF(OR(_xlpm.v="", _xlpm.v=0), "", _xlpm.v))} -> 9211.8338 | AF49: {=_xlfn.LET(_xlpm.v, INDEX('Retail Media Investment Case'!$Y:$Y, 15 + COLUMNS($I:AL)-1), IF(OR(_xlpm.v="", _xlpm.v=0), "", _xlpm.v))} -> 9538.4352 | AG49: {=_xlfn.LET(_xlpm.v, INDEX('Retail Media Investment Case'!$Y:$Y, 15 + COLUMNS($I:AM)-1), IF(OR(_xlpm.v="", _xlpm.v=0), "", _xlpm.v))} -> 9868.0723 | AH49: {=_xlfn.LET(_xlpm.v, INDEX('Retail Media Investment Case'!$Y:$Y, 15 + COLUMNS($I:AN)-1), IF(OR(_xlpm.v="", _xlpm.v=0), "", _xlpm.v))} -> 10200.767 | AI49: {=_xlfn.LET(_xlpm.v, INDEX('Retail Media Investment Case'!$Y:$Y, 15 + COLUMNS($I:AO)-1), IF(OR(_xlpm.v="", _xlpm.v=0), "", _xlpm.v))} -> 10536.543 | AJ49: {=_xlfn.LET(_xlpm.v, INDEX('Retail Media Investment Case'!$Y:$Y, 15 + COLUMNS($I:AP)-1), IF(OR(_xlpm.v="", _xlpm.v=0), "", _xlpm.v))} -> 10875.421 | AK49: {=_xlfn.LET(_xlpm.v, INDEX('Retail Media Investment Case'!$Y:$Y, 15 + COLUMNS($I:AQ)-1), IF(OR(_xlpm.v="", _xlpm.v=0), "", _xlpm.v))} -> 11217.424 | AL49: {=_xlfn.LET(_xlpm.v, INDEX('Retail Media Investment Case'!$Y:$Y, 15 + COLUMNS($I:AR)-1), IF(OR(_xlpm.v="", _xlpm.v=0), "", _xlpm.v))} -> 11562.575 | AM49: {=_xlfn.LET(_xlpm.v, INDEX('Retail Media Investment Case'!$Y:$Y, 15 + COLUMNS($I:AS)-1), IF(OR(_xlpm.v="", _xlpm.v=0), "", _xlpm.v))} | AN49: {=_xlfn.LET(_xlpm.v, INDEX('Retail Media Investment Case'!$Y:$Y, 15 + COLUMNS($I:AT)-1), IF(OR(_xlpm.v="", _xlpm.v=0), "", _xlpm.v))} | AO49: {=_xlfn.LET(_xlpm.v, INDEX('Retail Media Investment Case'!$Y:$Y, 15 + COLUMNS($I:AU)-1), IF(OR(_xlpm.v="", _xlpm.v=0), "", _xlpm.v))} | AP49: {=_xlfn.LET(_xlpm.v, INDEX('Retail Media Investment Case'!$Y:$Y, 15 + COLUMNS($I:AV)-1), IF(OR(_xlpm.v="", _xlpm.v=0), "", _xlpm.v))} | AQ49: {=_xlfn.LET(_xlpm.v, INDEX('Retail Media Investment Case'!$Y:$Y, 15 + COLUMNS($I:AW)-1), IF(OR(_xlpm.v="", _xlpm.v=0), "", _xlpm.v))} | AR49: {=_xlfn.LET(_xlpm.v, INDEX('Retail Media Investment Case'!$Y:$Y, 15 + COLUMNS($I:AX)-1), IF(OR(_xlpm.v="", _xlpm.v=0), "", _xlpm.v))} | AS49: {=_xlfn.LET(_xlpm.v, INDEX('Retail Media Investment Case'!$Y:$Y, 15 + COLUMNS($I:AY)-1), IF(OR(_xlpm.v="", _xlpm.v=0), "", _xlpm.v))} | AT49: {=_xlfn.LET(_xlpm.v, INDEX('Retail Media Investment Case'!$Y:$Y, 15 + COLUMNS($I:AZ)-1), IF(OR(_xlpm.v="", _xlpm.v=0), "", _xlpm.v))} | AU49: {=_xlfn.LET(_xlpm.v, INDEX('Retail Media Investment Case'!$Y:$Y, 15 + COLUMNS($I:BA)-1), IF(OR(_xlpm.v="", _xlpm.v=0), "", _xlpm.v))} | AV49: {=_xlfn.LET(_xlpm.v, INDEX('Retail Media Investment Case'!$Y:$Y, 15 + COLUMNS($I:BB)-1), IF(OR(_xlpm.v="", _xlpm.v=0), "", _xlpm.v))} | AW49: {=_xlfn.LET(_xlpm.v, INDEX('Retail Media Investment Case'!$Y:$Y, 15 + COLUMNS($I:BC)-1), IF(OR(_xlpm.v="", _xlpm.v=0), "", _xlpm.v))} | AX49: {=_xlfn.LET(_xlpm.v, INDEX('Retail Media Investment Case'!$Y:$Y, 15 + COLUMNS($I:BD)-1), IF(OR(_xlpm.v="", _xlpm.v=0), "", _xlpm.v))} | AY49: {=_xlfn.LET(_xlpm.v, INDEX('Retail Media Investment Case'!$Y:$Y, 15 + COLUMNS($I:BE)-1), IF(OR(_xlpm.v="", _xlpm.v=0), "", _xlpm.v))} | AZ49: {=_xlfn.LET(_xlpm.v, INDEX('Retail Media Investment Case'!$Y:$Y, 15 + COLUMNS($I:BF)-1), IF(OR(_xlpm.v="", _xlpm.v=0), "", _xlpm.v))} | BA49: {=_xlfn.LET(_xlpm.v, INDEX('Retail Media Investment Case'!$Y:$Y, 15 + COLUMNS($I:BG)-1), IF(OR(_xlpm.v="", _xlpm.v=0), "", _xlpm.v))} | BB49: {=_xlfn.LET(_xlpm.v, INDEX('Retail Media Investment Case'!$Y:$Y, 15 + COLUMNS($I:BH)-1), IF(OR(_xlpm.v="", _xlpm.v=0), "", _xlpm.v))} | BC49: {=_xlfn.LET(_xlpm.v, INDEX('Retail Media Investment Case'!$Y:$Y, 15 + COLUMNS($I:BI)-1), IF(OR(_xlpm.v="", _xlpm.v=0), "", _xlpm.v))} | BD49: {=_xlfn.LET(_xlpm.v, INDEX('Retail Media Investment Case'!$Y:$Y, 15 + COLUMNS($I:BJ)-1), IF(OR(_xlpm.v="", _xlpm.v=0), "", _xlpm.v))} | BE49: {=_xlfn.LET(_xlpm.v, INDEX('Retail Media Investment Case'!$Y:$Y, 15 + COLUMNS($I:BK)-1), IF(OR(_xlpm.v="", _xlpm.v=0), "", _xlpm.v))} | BF49: {=_xlfn.LET(_xlpm.v, INDEX('Retail Media Investment Case'!$Y:$Y, 15 + COLUMNS($I:BL)-1), IF(OR(_xlpm.v="", _xlpm.v=0), "", _xlpm.v))} | BG49: {=_xlfn.LET(_xlpm.v, INDEX('Retail Media Investment Case'!$Y:$Y, 15 + COLUMNS($I:BM)-1), IF(OR(_xlpm.v="", _xlpm.v=0), "", _xlpm.v))} | BH49: {=_xlfn.LET(_xlpm.v, INDEX('Retail Media Investment Case'!$Y:$Y, 15 + COLUMNS($I:BN)-1), IF(OR(_xlpm.v="", _xlpm.v=0), "", _xlpm.v))} | BI49: {=_xlfn.LET(_xlpm.v, INDEX('Retail Media Investment Case'!$Y:$Y, 15 + COLUMNS($I:BO)-1), IF(OR(_xlpm.v="", _xlpm.v=0), "", _xlpm.v))} | BJ49: {=_xlfn.LET(_xlpm.v, INDEX('Retail Media Investment Case'!$Y:$Y, 15 + COLUMNS($I:BP)-1), IF(OR(_xlpm.v="", _xlpm.v=0), "", _xlpm.v))} | BK49: {=_xlfn.LET(_xlpm.v, INDEX('Retail Media Investment Case'!$Y:$Y, 15 + COLUMNS($I:BQ)-1), IF(OR(_xlpm.v="", _xlpm.v=0), "", _xlpm.v))} | BL49: {=_xlfn.LET(_xlpm.v, INDEX('Retail Media Investment Case'!$Y:$Y, 15 + COLUMNS($I:BR)-1), IF(OR(_xlpm.v="", _xlpm.v=0), "", _xlpm.v))} | BM49: {=_xlfn.LET(_xlpm.v, INDEX('Retail Media Investment Case'!$Y:$Y, 15 + COLUMNS($I:BS)-1), IF(OR(_xlpm.v="", _xlpm.v=0), "", _xlpm.v))} | BN49: {=_xlfn.LET(_xlpm.v, INDEX('Retail Media Investment Case'!$Y:$Y, 15 + COLUMNS($I:BT)-1), IF(OR(_xlpm.v="", _xlpm.v=0), "", _xlpm.v))} | BO49: {=_xlfn.LET(_xlpm.v, INDEX('Retail Media Investment Case'!$Y:$Y, 15 + COLUMNS($I:BU)-1), IF(OR(_xlpm.v="", _xlpm.v=0), "", _xlpm.v))} | BP49: {=_xlfn.LET(_xlpm.v, INDEX('Retail Media Investment Case'!$Y:$Y, 15 + COLUMNS($I:BV)-1), IF(OR(_xlpm.v="", _xlpm.v=0), "", _xlpm.v))} | BQ49: {=_xlfn.LET(_xlpm.v, INDEX('Retail Media Investment Case'!$Y:$Y, 15 + COLUMNS($I:BW)-1), IF(OR(_xlpm.v="", _xlpm.v=0), "", _xlpm.v))} | BR49: {=_xlfn.LET(_xlpm.v, INDEX('Retail Media Investment Case'!$Y:$Y, 15 + COLUMNS($I:BX)-1), IF(OR(_xlpm.v="", _xlpm.v=0), "", _xlpm.v))} | BS49: {=_xlfn.LET(_xlpm.v, INDEX('Retail Media Investment Case'!$Y:$Y, 15 + COLUMNS($I:BY)-1), IF(OR(_xlpm.v="", _xlpm.v=0), "", _xlpm.v))} | BT49: {=_xlfn.LET(_xlpm.v, INDEX('Retail Media Investment Case'!$Y:$Y, 15 + COLUMNS($I:BZ)-1), IF(OR(_xlpm.v="", _xlpm.v=0), "", _xlpm.v))} | BU49: {=_xlfn.LET(_xlpm.v, INDEX('Retail Media Investment Case'!$Y:$Y, 15 + COLUMNS($I:CA)-1), IF(OR(_xlpm.v="", _xlpm.v=0), "", _xlpm.v))} | BV49: {=_xlfn.LET(_xlpm.v, INDEX('Retail Media Investment Case'!$Y:$Y, 15 + COLUMNS($I:CB)-1), IF(OR(_xlpm.v="", _xlpm.v=0), "", _xlpm.v))} | BW49: {=_xlfn.LET(_xlpm.v, INDEX('Retail Media Investment Case'!$Y:$Y, 15 + COLUMNS($I:CC)-1), IF(OR(_xlpm.v="", _xlpm.v=0), "", _xlpm.v))} | BX49: {=_xlfn.LET(_xlpm.v, INDEX('Retail Media Investment Case'!$Y:$Y, 15 + COLUMNS($I:CD)-1), IF(OR(_xlpm.v="", _xlpm.v=0), "", _xlpm.v))} | BY49: {=_xlfn.LET(_xlpm.v, INDEX('Retail Media Investment Case'!$Y:$Y, 15 + COLUMNS($I:CE)-1), IF(OR(_xlpm.v="", _xlpm.v=0), "", _xlpm.v))} | BZ49: {=_xlfn.LET(_xlpm.v, INDEX('Retail Media Investment Case'!$Y:$Y, 15 + COLUMNS($I:CF)-1), IF(OR(_xlpm.v="", _xlpm.v=0), "", _xlpm.v))} | CA49: {=_xlfn.LET(_xlpm.v, INDEX('Retail Media Investment Case'!$Y:$Y, 15 + COLUMNS($I:CG)-1), IF(OR(_xlpm.v="", _xlpm.v=0), "", _xlpm.v))} | CB49: {=_xlfn.LET(_xlpm.v, INDEX('Retail Media Investment Case'!$Y:$Y, 15 + COLUMNS($I:CH)-1), IF(OR(_xlpm.v="", _xlpm.v=0), "", _xlpm.v))} | CC49: {=_xlfn.LET(_xlpm.v, INDEX('Retail Media Investment Case'!$Y:$Y, 15 + COLUMNS($I:CI)-1), IF(OR(_xlpm.v="", _xlpm.v=0), "", _xlpm.v))} | CD49: {=_xlfn.LET(_xlpm.v, INDEX('Retail Media Investment Case'!$Y:$Y, 15 + COLUMNS($I:CJ)-1), IF(OR(_xlpm.v="", _xlpm.v=0), "", _xlpm.v))} | CE49: {=_xlfn.LET(_xlpm.v, INDEX('Retail Media Investment Case'!$Y:$Y, 15 + COLUMNS($I:CK)-1), IF(OR(_xlpm.v="", _xlpm.v=0), "", _xlpm.v))} | CF49: {=_xlfn.LET(_xlpm.v, INDEX('Retail Media Investment Case'!$Y:$Y, 15 + COLUMNS($I:CL)-1), IF(OR(_xlpm.v="", _xlpm.v=0), "", _xlpm.v))} | CG49: {=_xlfn.LET(_xlpm.v, INDEX('Retail Media Investment Case'!$Y:$Y, 15 + COLUMNS($I:CM)-1), IF(OR(_xlpm.v="", _xlpm.v=0), "", _xlpm.v))} | CH49: {=_xlfn.LET(_xlpm.v, INDEX('Retail Media Investment Case'!$Y:$Y, 15 + COLUMNS($I:CN)-1), IF(OR(_xlpm.v="", _xlpm.v=0), "", _xlpm.v))} | CI49: {=_xlfn.LET(_xlpm.v, INDEX('Retail Media Investment Case'!$Y:$Y, 15 + COLUMNS($I:CO)-1), IF(OR(_xlpm.v="", _xlpm.v=0), "", _xlpm.v))} | CJ49: {=_xlfn.LET(_xlpm.v, INDEX('Retail Media Investment Case'!$Y:$Y, 15 + COLUMNS($I:CP)-1), IF(OR(_xlpm.v="", _xlpm.v=0), "", _xlpm.v))} | CK49: {=_xlfn.LET(_xlpm.v, INDEX('Retail Media Investment Case'!$Y:$Y, 15 + COLUMNS($I:CQ)-1), IF(OR(_xlpm.v="", _xlpm.v=0), "", _xlpm.v))} | CL49: {=_xlfn.LET(_xlpm.v, INDEX('Retail Media Investment Case'!$Y:$Y, 15 + COLUMNS($I:CR)-1), IF(OR(_xlpm.v="", _xlpm.v=0), "", _xlpm.v))} | CM49: {=_xlfn.LET(_xlpm.v, INDEX('Retail Media Investment Case'!$Y:$Y, 15 + COLUMNS($I:CS)-1), IF(OR(_xlpm.v="", _xlpm.v=0), "", _xlpm.v))} | CN49: {=_xlfn.LET(_xlpm.v, INDEX('Retail Media Investment Case'!$Y:$Y, 15 + COLUMNS($I:CT)-1), IF(OR(_xlpm.v="", _xlpm.v=0), "", _xlpm.v))} | CO49: {=_xlfn.LET(_xlpm.v, INDEX('Retail Media Investment Case'!$Y:$Y, 15 + COLUMNS($I:CU)-1), IF(OR(_xlpm.v="", _xlpm.v=0), "", _xlpm.v))} | CP49: {=_xlfn.LET(_xlpm.v, INDEX('Retail Media Investment Case'!$Y:$Y, 15 + COLUMNS($I:CV)-1), IF(OR(_xlpm.v="", _xlpm.v=0), "", _xlpm.v))} | CQ49: {=_xlfn.LET(_xlpm.v, INDEX('Retail Media Investment Case'!$Y:$Y, 15 + COLUMNS($I:CW)-1), IF(OR(_xlpm.v="", _xlpm.v=0), "", _xlpm.v))} | CR49: {=_xlfn.LET(_xlpm.v, INDEX('Retail Media Investment Case'!$Y:$Y, 15 + COLUMNS($I:CX)-1), IF(OR(_xlpm.v="", _xlpm.v=0), "", _xlpm.v))} | CS49: {=_xlfn.LET(_xlpm.v, INDEX('Retail Media Investment Case'!$Y:$Y, 15 + COLUMNS($I:CY)-1), IF(OR(_xlpm.v="", _xlpm.v=0), "", _xlpm.v))} | CT49: {=_xlfn.LET(_xlpm.v, INDEX('Retail Media Investment Case'!$Y:$Y, 15 + COLUMNS($I:CZ)-1), IF(OR(_xlpm.v="", _xlpm.v=0), "", _xlpm.v))} | CU49: {=_xlfn.LET(_xlpm.v, INDEX('Retail Media Investment Case'!$Y:$Y, 15 + COLUMNS($I:DA)-1), IF(OR(_xlpm.v="", _xlpm.v=0), "", _xlpm.v))} | CV49: {=_xlfn.LET(_xlpm.v, INDEX('Retail Media Investment Case'!$Y:$Y, 15 + COLUMNS($I:DB)-1), IF(OR(_xlpm.v="", _xlpm.v=0), "", _xlpm.v))} | CW49: {=_xlfn.LET(_xlpm.v, INDEX('Retail Media Investment Case'!$Y:$Y, 15 + COLUMNS($I:DC)-1), IF(OR(_xlpm.v="", _xlpm.v=0), "", _xlpm.v))} | CX49: {=_xlfn.LET(_xlpm.v, INDEX('Retail Media Investment Case'!$Y:$Y, 15 + COLUMNS($I:DD)-1), IF(OR(_xlpm.v="", _xlpm.v=0), "", _xlpm.v))} | CY49: {=_xlfn.LET(_xlpm.v, INDEX('Retail Media Investment Case'!$Y:$Y, 15 + COLUMNS($I:DE)-1), IF(OR(_xlpm.v="", _xlpm.v=0), "", _xlpm.v))} | CZ49: {=_xlfn.LET(_xlpm.v, INDEX('Retail Media Investment Case'!$Y:$Y, 15 + COLUMNS($I:DF)-1), IF(OR(_xlpm.v="", _xlpm.v=0), "", _xlpm.v))} | DA49: {=_xlfn.LET(_xlpm.v, INDEX('Retail Media Investment Case'!$Y:$Y, 15 + COLUMNS($I:DG)-1), IF(OR(_xlpm.v="", _xlpm.v=0), "", _xlpm.v))} | DB49: {=_xlfn.LET(_xlpm.v, INDEX('Retail Media Investment Case'!$Y:$Y, 15 + COLUMNS($I:DH)-1), IF(OR(_xlpm.v="", _xlpm.v=0), "", _xlpm.v))} | DC49: {=_xlfn.LET(_xlpm.v, INDEX('Retail Media Investment Case'!$Y:$Y, 15 + COLUMNS($I:DI)-1), IF(OR(_xlpm.v="", _xlpm.v=0), "", _xlpm.v))} | DD49: {=_xlfn.LET(_xlpm.v, INDEX('Retail Media Investment Case'!$Y:$Y, 15 + COLUMNS($I:DJ)-1), IF(OR(_xlpm.v="", _xlpm.v=0), "", _xlpm.v))} | DE49: {=_xlfn.LET(_xlpm.v, INDEX('Retail Media Investment Case'!$Y:$Y, 15 + COLUMNS($I:DK)-1), IF(OR(_xlpm.v="", _xlpm.v=0), "", _xlpm.v))}

Sheet Variables
A1: Variable | B1: Value
A2: Name | B2: {store_name}
A3: Data asset valuation coefficient | B3: 10.5
A4: Potential Reach In-Store M1 | B4: =W41 -> 263196
A5: Potential Reach On-Site M1 | B5: =E46 -> 3387
A6: Potential Reach Off-Site M1 | B6: =E55 -> 144520
A7: Media Reach Coefficient | B7: 1.005
A8: Unique Impressions In-Store | B8: =V41 -> 3
A9: Unique Impressions On-Site | B9: =G46 -> 2
A10: Unique Impressions Off-Site | B10: =G55 -> 10
A11: Potential Media Value In-Store | B11: 16
A12: Potential Media Value On-Site | B12: 12
A13: Potential Media Value Off-Site | B13: 8
A14: Velocity M1 | B14: 0.05
A15: Velocity Coefficient | B15: 0.01
A16: Commisions to Media Agency ( Rebates ) | B16: 0.1
A17: Cost of Sales | B17: 0.075
A18: Cost of Campaign Management | B18: 0.05
A19: Cost of Platform | B19: 0.1
A20: Software Setup | B20: 20000
A21: Cloud and Processing | B21: 2500
A22: Cloud and Processing Coefficient | B22: 1.035
... A32: End date | B32: 36
A36: In-store | B36: Currency | C36: Monthly Transactions | D36: Monthly Foot Trafic | E36: Dwell time | F36: Add duration | G36: Monthly Frequency | H36: Stores Number | I36: If screens/no of screens | J36: Number of screens | K36: Stores with screens | L36: Capture rate screen | M36: Paid vs self screen | N36: Stores with radio | O36: If radio(1/0) | P36: Capture rate radio | Q36: Paid vs self radio | R36: Visitor vs customer coefficient | S36: Monthly Screen payd impressions per unique reach | T36: Monthly Radio impressions per unique reach | U36: Monthly total impressions per unique reach | V36: Total impressions / unique reach / visit | W36: Monthly Potential Reach | X36: Channel
A37: Convenience | C37: 4323 | E37: 5 | F37: 15 | G37: 8 | H37: 234 | I37: 1 | J37: 2 | L37: 0.1 | M37: 0.4 | O37: 1 | P37: =Variables!$O37/5 -> 0.2 | Q37: 0.12 | R37: 1.2 | S37: =ROUNDUP(((Variables!$E37*(60/Variables!$F37)*Variables!$G37*Variables!$L37*Variables!$M37))*Variables!$I37*Variables!$J37,0) -> 13 | T37: =ROUNDUP(((Variables!$E37*(60/Variables!$F37)*Variables!$G37*Variables!$P37*Variables!$Q37)),0) -> 4 | U37: =ROUNDUP(Variables!$S37+Variables!$T37,0) -> 17 | V37: =ROUNDUP(Variables!$U37/Variables!$G37*Variables!$X37,0) -> 3 | W37: =ROUNDUP((Variables!$C37/Variables!$G37)*Variables!$R37, 0) -> 649 | X37: =IF(Variables!$H37=0,0,1) -> 1
A38: Minimarket | C38: 4323 | E38: 5 | F38: 15 | G38: 8 | H38: 234 | I38: 1 | J38: 2 | L38: 0.1 | M38: 0.4 | O38: 1 | P38: =Variables!$O38/5 -> 0.2 | Q38: 0.12 | R38: 1.2 | S38: =ROUNDUP(((Variables!$E38*(60/Variables!$F38)*Variables!$G38*Variables!$L38*Variables!$M38))*Variables!$I38*Variables!$J38,0) -> 13 | T38: =ROUNDUP(((Variables!$E38*(60/Variables!$F38)*Variables!$G38*Variables!$P38*Variables!$Q38)),0) -> 4 | U38: =ROUNDUP(Variables!$S38+Variables!$T38,0) -> 17 | V38: =ROUNDUP(Variables!$U38/Variables!$G38*Variables!$X38,0) -> 3 | W38: =ROUNDUP((Variables!$C38/Variables!$G38)*Variables!$R38, 0) -> 649 | X38: =IF(Variables!$H38=0,0,1) -> 1
A39: Supermarket | C39: 4342 | E39: 15 | F39: 15 | G39: 4 | H39: 0 | I39: 1 | J39: 2 | L39: 0.1 | M39: 0.4 | O39: 1 | P39: =Variables!$O39/5 -> 0.2 | Q39: 0.12 | R39: 1.2 | S39: =ROUNDUP(((Variables!$E39*(60/Variables!$F39)*Variables!$G39*Variables!$L39*Variables!$M39))*Variables!$I39*Variables!$J39,0) -> 20 | T39: =ROUNDUP(((Variables!$E39*(60/Variables!$F39)*Variables!$G39*Variables!$P39*Variables!$Q39)),0) -> 6 | U39: =ROUNDUP(Variables!$S39+Variables!$T39,0) -> 26 | V39: =ROUNDUP(Variables!$U39/Variables!$G39*Variables!$X39,0) -> 0 | W39: =ROUNDUP((Variables!$C39/Variables!$G39)*Variables!$R39, 0) -> 1303 | X39: =IF(Variables!$H39=0,0,1) -> 0
A40: Hipermarket | C40: 434324 | E40: 30 | F40: 15 | G40: 2 | H40: 32 | I40: 1 | J40: 3 | L40: 0.1 | M40: 0.4 | O40: 1 | P40: =Variables!$O40/5 -> 0.2 | Q40: 0.12 | R40: 1.2 | S40: =ROUNDUP(((Variables!$E40*(60/Variables!$F40)*Variables!$G40*Variables!$L40*Variables!$M40))*Variables!$I40*Variables!$J40,0) -> 29 | T40: =ROUNDUP(((Variables!$E40*(60/Variables!$F40)*Variables!$G40*Variables!$P40*Variables!$Q40)),0) -> 6 | U40: =ROUNDUP(Variables!$S40+Variables!$T40,0) -> 35 | V40: =ROUNDUP(Variables!$U40/Variables!$G40*Variables!$X40,0) -> 18 | W40: =ROUNDUP((Variables!$C40/Variables!$G40)*Variables!$R40, 0) -> 260595 | X40: =IF(Variables!$H40=0,0,1) -> 1
A41: Total | H41: =SUM(H37:H40) -> 500 | V41: =ROUNDUP(V37*H37/Variables!$H41+V39*H39/Variables!$H41+V40*H40/Variables!$H41,0) -> 3 | W41: =SUM(W37:W40) -> 263196
A42: On-site | B42: Monthly Visits | C42: Monthly Frequency | D42: Bounce Rate | E42: Monthly Potential Reach = Unique Users | F42: Average impressions / channel / visit | G42: Monthly Impressions per Unique Reach | H42: Channel
A43: Website | B43: 12313 | C43: 2 | D43: 0.45 | E43: =ROUNDUP(Variables!$B43*(1-Variables!$D43)/Variables!$C43,0) -> 3387 | F43: 1 | G43: =Variables!$F43*Variables!$C43*Variables!$H43 -> 2 | H43: =IF(Variables!$B43=0,0,1) -> 1
A44: Mobile App | B44: 0 | C44: 4 | D44: 0.5 | E44: =ROUNDUP(Variables!$B44*(1-Variables!$D44),0) -> 0 | F44: 3 | G44: =Variables!$F44*Variables!$C44*Variables!$H44 -> 0 | H44: =IF(Variables!$B44=0,0,1) -> 0
A45: Loyalty Program | B45: 0 | C45: 4 | D45: 0.35 | E45: =ROUNDUP(Variables!$B45*(1-Variables!$D45),0) -> 0 | F45: 2 | G45: =Variables!$F45*Variables!$C45*Variables!$H45 -> 0 | H45: =IF(Variables!$B45=0,0,1) -> 0
A46: Total | E46: =SUM(E43:E45) -> 3387 | G46: =SUM(G43:G45) -> 2
A48: Off-site | B48: Monthly followers / customer data base | C48: Monthly Frequency | D48: Bounce Rate | E48: Monthly Potential Reach = Unique Users | F48: Average impressions / channel / visit | G48: Monthly Impressions per Unique Reach | H48: Channel
A49: Facebook Business Page | B49: 543543 | C49: 2 | D49: 0.75 | E49: =ROUNDUP(Variables!$B49*(1-Variables!$D49),0) -> 135886 | F49: 3 | G49: =Variables!$C49*Variables!$F49*Variables!$H49 -> 6 | H49: =IF(Variables!$B49=0,0,1) -> 1
A50: Instagram Bussines Page | B50: 34534 | C50: 2 | D50: 0.75 | E50: =ROUNDUP(Variables!$B50*(1-Variables!$D50),0) -> 8634 | F50: 2 | G50: =Variables!$C50*Variables!$F50*Variables!$H50 -> 4 | H50: =IF(Variables!$B50=0,0,1) -> 1
A51: Google Bussines Profile | B51: 0 | C51: 2 | D51: 0.75 | E51: =ROUNDUP(Variables!$B51*(1-Variables!$D51),0) -> 0 | F51: 1 | G51: =Variables!$C51*Variables!$F51*Variables!$H51 -> 0 | H51: =IF(Variables!$B51=0,0,1) -> 0
A52: Email | B52: 0 | C52: 2 | D52: 0.75 | E52: =ROUNDUP(Variables!$B52*(1-Variables!$D52),0) -> 0 | F52: 1 | G52: =Variables!$C52*Variables!$F52*Variables!$H52 -> 0 | H52: =IF(Variables!$B52=0,0,1) -> 0
A53: SMS | B53: 0 | C53: 2 | D53: 0.75 | E53: =ROUNDUP(Variables!$B53*(1-Variables!$D53),0) -> 0 | F53: 1 | G53: =Variables!$C53*Variables!$F53*Variables!$H53 -> 0 | H53: =IF(Variables!$B53=0,0,1) -> 0
A54: WhatsApp | B54: 0 | C54: 4 | D54: 0.75 | E54: =ROUNDUP(Variables!$B54*(1-Variables!$D54),0) -> 0 | F54: 4 | G54: =Variables!$C54*Variables!$F54*Variables!$H54 -> 0 | H54: =IF(Variables!$B54=0,0,1) -> 0
A55: Total | B55: =SUM(B49:B54) -> 578077 | E55: =ROUNDUP(SUM(E49:E54),0) -> 144520 | G55: =SUM(G49:G54) -> 10
